Workbook
Name Adjusted_regulated_tax_liability: 'R8 - Tax'!$E$36:$I$36
Name Adjusted_regulated_tax_liability__Reporting_Year: 'R8 - Tax'!$E$36:$I$36
Name ARCMt: '[4]R4 Licence Condition Values'!$G$32:$N$32
Name ARtDR5: '[4]R5 Input Page'!$E$48:$F$48
Name AUM: '[4]R5 Input Page'!$G$133:$N$133
Name BMt_2: '[4]R5 Input Page'!$E$65:$F$65
Name BPC: '[4]R5 Input Page'!$G$123:$N$123
Name Business_Plan_Incentive: 'R1 - RoRE'!$D$71:$H$71
Name calendar_year: Data!$F$33:$L$33
Name CAS: '[4]R5 Input Page'!$G$70:$N$70
Name CGSPM: '[4]R5 Input Page'!$G$136:$N$136
Name CGSRA: '[4]R11 Connections Performance'!$G$18:$N$18
Name CIA: '[4]R5 Input Page'!$G$82:$N$82
Name CIB: '[4]R5 Input Page'!$G$83:$N$83
Name CIBt_2: '[4]R5 Input Page'!$G$87:$N$87
Name CIBt_3: '[4]R5 Input Page'!$G$88:$N$88
Name CIBt_4: '[4]R5 Input Page'!$G$89:$N$89
Name CIC: '[4]R5 Input Page'!$G$84:$N$84
Name CID: '[4]R5 Input Page'!$G$85:$N$85
Name CIE: '[4]R5 Input Page'!$G$86:$N$86
Name CIM: '[4]R5 Input Page'!$G$71:$N$71
Name CMLA: '[4]R5 Input Page'!$G$90:$N$90
Name CMLB: '[4]R5 Input Page'!$G$91:$N$91
Name CMLBt_2: '[4]R5 Input Page'!$G$95:$N$95
Name CMLBt_3: '[4]R5 Input Page'!$G$96:$N$96
Name CMLBt_4: '[4]R5 Input Page'!$G$97:$N$97
Name CMLC: '[4]R5 Input Page'!$G$92:$N$92
Name CMLD: '[4]R5 Input Page'!$G$93:$N$93
Name CMLE: '[4]R5 Input Page'!$G$94:$N$94
Name Combined_real_to_nominal_prices_conversion_factor__financial_year_end: Data!$F$36:$L$36
Name Corporate_Tax: Data!$C$13:$N$13
Name Cost_of_Equity: Data!$C$6
Name CPIRt: '[4]R4 Licence Condition Values'!$G$29:$N$29
Name CRC5B: '[4]R5 Input Page'!$G$139:$N$139
Name CRC5C: '[4]R5 Input Page'!$G$140:$N$140
Name CRC5E: '[4]R5 Input Page'!$G$141:$N$141
Name CRIRt: '[4]R4 Licence Condition Values'!$G$22:$N$22
Name CSADt: '[4]R4 Licence Condition Values'!$G$25:$N$25
Name CSAUt: '[4]R4 Licence Condition Values'!$G$19:$N$19
Name CSBDt: '[4]R4 Licence Condition Values'!$G$28:$N$28
Name CSBUt: '[4]R4 Licence Condition Values'!$G$21:$N$21
Name CSCDt: '[4]R4 Licence Condition Values'!$G$30:$N$30
Name CSCUt: '[4]R4 Licence Condition Values'!$G$23:$N$23
Name CT: '[4]R5 Input Page'!$G$35:$N$35
Name Debt_performance___at_notional_gearing: 'R1 - RoRE'!$D$90:$H$90
Name Debt_performance___impact_of_actual_gearing: 'R1 - RoRE'!$D$91:$H$91
Name DecimalPlaces: '[7]Check Sheet'!$K$9
Name DLGT: '[4]R12 DPCR4 Losses and Growth'!$G$9:$N$9
Name DNOName: '[7]Cover Sheet'!$D$20:$D$33
Name DR5Q: '[4]R5 Input Page'!$E$81:$F$81
Name ENIA: '[4]R5 Input Page'!$G$122:$N$122
Name Equity_RAV_based_on_actual_gearing: 'R1 - RoRE'!$D$97:$H$97
Name Equity_Return_on_the_RAV: 'R1 - RoRE'!$D$69:$H$69
Name ESTR: '[4]R4 Licence Condition Values'!$G$7:$N$7
Name FPPR: '[4]R5 Input Page'!$G$100:$N$100
Name GAS: '[4]R5 Input Page'!$G$72:$N$72
Name GIM: '[4]R5 Input Page'!$G$73:$N$73
Name GPIRt: '[4]R4 Licence Condition Values'!$G$31:$N$31
Name GRIRt: '[4]R4 Licence Condition Values'!$G$24:$N$24
Name GTA: '[4]R12 DPCR4 Losses and Growth'!$G$15:$N$15

Sheet RFPR cover
A2: Regulatory Financial Performance Report
A3: =Licensee -> NGED-SWALES
B6: RIIO-2 start date (enter 2022 for 2021-22) | C6: {=INDEX(Data!$E$63:'Data'!$E$91,MATCH(Licensee,Data!$B$63:$B$91,0),0)} -> 2024
B7: Licensee | C7: NGED-SWALES | G7: Input cells
B8: Sector | C8: =INDEX(Data!$A$63:$A$91,MATCH($C$7,Data!$B$63:$B$91,0),0)&"2" -> ED2 | G8: Totals cells (of formula within worksheet)
B9: Reporting Year: (e.g. enter 2022 for 2021-22) | C9: 2026 | G9: Linked cells
B10: Version (Number) | C10: 1 | G10: Referencing to other workbooks (Eg. PCFM/ RRP)
B11: Submitted Date: | C11: 46295 | G11: Check cells
G12: No Input
G13: Descriptions and pack data

Sheet Data
A1: Network Operator Data
A2: =Licensee -> NGED-SWALES
A3: =Reporting_Year -> 2026
B6: Cost of Equity | C6: =INDEX(O63:U91,MATCH(Licensee,Data!B63:B91,0),MATCH(Reporting_Year,Data!O62:U62,0)) -> 0.054475396 | F6: check £m | H6: ED | I6: £m 20/21
B7: Sharing Factor | C7: =SUMIF(Data!$B$62:$B$91,'RFPR cover'!C7,Data!$C$62:$C$91) -> 0.5 | F7: 0.1 | H7: ET | I7: £m 18/19
B8: Notional Gearing | C8: =SUMIF(Data!$B$62:$B$91,'RFPR cover'!C7,Data!$D$62:$D$91) -> 0.6 | H8: GD | I8: £m 18/19
B9: Price basis | C9: =INDEX(Data!$F$63:$F$91,MATCH('RFPR cover'!$C$7,Data!$B$63:$B$91,0),0) -> £m 20/21 | H9: GT | I9: £m 18/19
B10: Deadband threshold for materiality checks for use in R8a (Rows 31-93) | C10: =INDEX(Data!$M$315:$S$343,MATCH('RFPR cover'!$C$7,Data!$L$315:$L$343,0),MATCH(#REF!,Data!$M$314:$S$314,0)) -> #REF! | H10: ESO | I10: £m 18/19
B11: Deadband threshold for use in R8a (Row 95) | C11: =INDEX(Data!$M$350:$S$378,MATCH('RFPR cover'!$C$7,Data!$L$350:$L$378,0),MATCH(#REF!,Data!$M$349:$S$349,0)) -> #REF!
B13: Corporate Tax | C13: 0.19 | D13: 0.19 | E13: 0.19 | F13: 0.19 | G13: 0.19 | H13: 0.25 | I13: 0.25 | J13: 0.25 | K13: 0.25 | L13: 0.25 | M13: 0.25 | N13: 0.25
A15: GD&T | B15: Price indices*
B16: Actual / Forecast index | C16: =IF(VALUE(C18)<=Reporting_Year,"Actual","Forecast") -> Actual | D16: =IF(VALUE(D18)<=Reporting_Year,"Actual","Forecast") -> Actual | E16: =IF(VALUE(E18)<=Reporting_Year,"Actual","Forecast") -> Actual | F16: =IF(VALUE(F18)<=Reporting_Year,"Actual","Forecast") -> Actual | G16: =IF(VALUE(G18)<=Reporting_Year,"Actual","Forecast") -> Actual | H16: =IF(VALUE(H18)<=Reporting_Year,"Actual","Forecast") -> Actual | I16: =IF(VALUE(I18)<=Reporting_Year,"Actual","Forecast") -> Actual | J16: =IF(VALUE(J18)<=Reporting_Year,"Actual","Forecast") -> Actual | ... N16: =IF(VALUE(N18)<=Reporting_Year,"Actual","Forecast") -> Forecast
B17: Year end | C17: 43555 | D17: 43921 | E17: 44286 | F17: 44651 | G17: 45016 | H17: 45382 | I17: 45747 | J17: 46112 | K17: 46477 | L17: 46843 | M17: 47208 | N17: 47573
B18: Reporting Year | C18: 2019 | D18: 2020 | E18: 2021 | F18: 2022 | G18: 2023 | H18: 2024 | I18: 2025 | J18: 2026 | K18: 2027 | L18: 2028 | M18: 2029 | N18: 2030
B19: Financial Year Average RPI - CPIH (PIt) | C19: 283.30833 | D19: 290.64167 | E19: 294.16667 | F19: 307.32821 | G19: 334.29358 | H19: 352.83652 | I19: 364.17963 | J19: 374.87823 | K19: =J19*(1+K$22) -> 382.3758 | L19: =K19*(1+L$22) -> 390.02332 | M19: =L19*(1+M$22) -> 397.82378 | N19: =M19*(1+N$22) -> 405.78026
B20: Combined RPI-CPIH price index (financial year end) | C20: 286.65 | D20: 292.6 | E20: 298.42363 | F20: 319.91658 | G20: 346.54233 | H20: 358.36091 | I20: 370.25983 | J20: 378.51933 | K20: =J20*(1+K$22) -> 386.08972 | L20: =K20*(1+L$22) -> 393.81152 | M20: =L20*(1+M$22) -> 401.68775 | N20: =M20*(1+N$22) -> 409.7215
B21: Consumer Prices Index incl. housing costs (financial year average) | C21: 106.43333 | D21: 108.24167 | E21: 109.10833 | F21: 113.11667 | G21: 123.04167 | H21: 129.86667 | I21: 134.04167 | J21: 137.97944 | K21: =J21*(1+K$22) -> 140.73903 | L21: =K21*(1+L$22) -> 143.55381 | M21: =L21*(1+M$22) -> 146.42489 | N21: =M21*(1+N$22) -> 149.35339
B22: Long term CPIH inflation forecast | K22: 0.02 | L22: 0.02 | M22: 0.02 | N22: 0.02 | O22: LTCPIHt
A24: ED2 | B24: Price Indices*
B25: Actual / Forecast index | C25: =IF(VALUE(C27)<=Reporting_Year,"Actual","Forecast") -> Actual | D25: =IF(VALUE(D27)<=Reporting_Year,"Actual","Forecast") -> Actual | E25: =IF(VALUE(E27)<=Reporting_Year,"Actual","Forecast") -> Actual | F25: =IF(VALUE(F27)<=Reporting_Year,"Actual","Forecast") -> Actual | G25: =IF(VALUE(G27)<=Reporting_Year,"Actual","Forecast") -> Actual | H25: =IF(VALUE(H27)<=Reporting_Year,"Actual","Forecast") -> Actual | I25: =IF(VALUE(I27)<=Reporting_Year,"Actual","Forecast") -> Actual | J25: =IF(VALUE(J27)<=Reporting_Year,"Actual","Forecast") -> Actual | ... N25: =IF(VALUE(N27)<=Reporting_Year,"Actual","Forecast") -> Forecast
B26: Year end | C26: 43555 | D26: 43921 | E26: 44286 | F26: 44651 | G26: 45016 | H26: 45382 | I26: 45747 | J26: 46112 | K26: 46477 | L26: 46843 | M26: 47208 | N26: 47573
B27: Reporting Year | C27: 2019 | D27: 2020 | E27: 2021 | F27: 2022 | G27: 2023 | H27: 2024 | I27: 2025 | J27: 2026 | K27: 2027 | L27: 2028 | M27: 2029 | N27: 2030
B28: Financial Year Average RPI - CPIH (PIt) | C28: 283.30833 | D28: 290.64167 | E28: 294.16667 | F28: 311.15833 | G28: 351.21667 | H28: 376.7165 | I28: 388.82732 | J28: 403.54885 | K28: 415.14146 | L28: 423.32586 | M28: =L28*(1+M$22) -> 431.79238 | N28: =M28*(1+N$22) -> 440.42823
B29: Combined RPI-CPIH price index (financial year end) | C29: 286.65 | D29: 292.6 | E29: 299 | F29: 329.05 | G29: 369.68596 | H29: 382.61478 | I29: 397.11876 | J29: 409.88225 | K29: 419.20303 | L29: 427.13292 | M29: =L29*(1+M$22) -> 435.67557 | N29: =M29*(1+N$22) -> 444.38909
B31: Price Conversion Factors*
E32: =IF(E33<='RFPR cover'!$C$9,"Actuals","Forecast") -> Actuals | F32: =IF(F33<='RFPR cover'!$C$9,"Actuals","Forecast") -> Actuals | G32: =IF(G33<='RFPR cover'!$C$9,"Actuals","Forecast") -> Actuals | H32: =IF(H33<='RFPR cover'!$C$9,"Actuals","Forecast") -> Actuals | I32: =IF(I33<='RFPR cover'!$C$9,"Actuals","Forecast") -> Actuals | J32: =IF(J33<='RFPR cover'!$C$9,"Actuals","Forecast") -> Actuals | K32: =IF(K33<='RFPR cover'!$C$9,"Actuals","Forecast") -> Forecast | L32: =IF(L33<='RFPR cover'!$C$9,"Actuals","Forecast") -> Forecast
E33: 2021 | F33: =E33+1 -> 2022 | G33: =F33+1 -> 2023 | H33: =G33+1 -> 2024 | I33: =H33+1 -> 2025 | J33: =I33+1 -> 2026 | K33: =J33+1 -> 2027 | L33: =K33+1 -> 2028
D34: RPI-CPIH real to nominal prices CF | E34: =IF(SectorCov="ED2",E28/INDEX($C$28:$N$28,MATCH($E$27,$C$27:$N$27,0)),E19/INDEX($C$19:$N$19,MATCH($C$18,$C$18:$N$18,0))) -> 1 | F34: =IF(SectorCov="ED2",F28/INDEX($C$28:$N$28,MATCH($E$27,$C$27:$N$27,0)),F19/INDEX($C$19:$N$19,MATCH($C$18,$C$18:$N$18,0))) -> 1.057762 | G34: =IF(SectorCov="ED2",G28/INDEX($C$28:$N$28,MATCH($E$27,$C$27:$N$27,0)),G19/INDEX($C$19:$N$19,MATCH($C$18,$C$18:$N$18,0))) -> 1.1939377 | H34: =IF(SectorCov="ED2",H28/INDEX($C$28:$N$28,MATCH($E$27,$C$27:$N$27,0)),H19/INDEX($C$19:$N$19,MATCH($C$18,$C$18:$N$18,0))) -> 1.2806227 | I34: =IF(SectorCov="ED2",I28/INDEX($C$28:$N$28,MATCH($E$27,$C$27:$N$27,0)),I19/INDEX($C$19:$N$19,MATCH($C$18,$C$18:$N$18,0))) -> 1.3217926 | J34: =IF(SectorCov="ED2",J28/INDEX($C$28:$N$28,MATCH($E$27,$C$27:$N$27,0)),J19/INDEX($C$19:$N$19,MATCH($C$18,$C$18:$N$18,0))) -> 1.3718375 | K34: =IF(SectorCov="ED2",K28/INDEX($C$28:$N$28,MATCH($E$27,$C$27:$N$27,0)),K19/INDEX($C$19:$N$19,MATCH($C$18,$C$18:$N$18,0))) -> 1.4112458 | L34: =IF(SectorCov="ED2",L28/INDEX($C$28:$N$28,MATCH($E$27,$C$27:$N$27,0)),L19/INDEX($C$19:$N$19,MATCH($C$18,$C$18:$N$18,0))) -> 1.4390681
D35: 1 year change in Fin Year Average RPI-CPIH | E35: =IF(Sector="ED2",INDEX(Data!$C$28:$N$28,MATCH(E$33,Data!$C$27:$N$27,0))/INDEX(Data!$C$28:$N$28,MATCH(E$33-1,Data!$C$27:$N$27,0)),INDEX(Data!$C$19:$N$19,MATCH(E$33,Data!$C$18:$N$18,0))/INDEX(Data!$C$19:$N$19,MATCH(E$33-1,Data!$C$18:$N$18,0))) -> 1.0121283 | F35: =IF(Sector="ED2",INDEX(Data!$C$28:$N$28,MATCH(F$33,Data!$C$27:$N$27,0))/INDEX(Data!$C$28:$N$28,MATCH(F$33-1,Data!$C$27:$N$27,0)),INDEX(Data!$C$19:$N$19,MATCH(F$33,Data!$C$18:$N$18,0))/INDEX(Data!$C$19:$N$19,MATCH(F$33-1,Data!$C$18:$N$18,0))) -> 1.057762 | G35: =IF(Sector="ED2",INDEX(Data!$C$28:$N$28,MATCH(G$33,Data!$C$27:$N$27,0))/INDEX(Data!$C$28:$N$28,MATCH(G$33-1,Data!$C$27:$N$27,0)),INDEX(Data!$C$19:$N$19,MATCH(G$33,Data!$C$18:$N$18,0))/INDEX(Data!$C$19:$N$19,MATCH(G$33-1,Data!$C$18:$N$18,0))) -> 1.1287394 | H35: =IF(Sector="ED2",INDEX(Data!$C$28:$N$28,MATCH(H$33,Data!$C$27:$N$27,0))/INDEX(Data!$C$28:$N$28,MATCH(H$33-1,Data!$C$27:$N$27,0)),INDEX(Data!$C$19:$N$19,MATCH(H$33,Data!$C$18:$N$18,0))/INDEX(Data!$C$19:$N$19,MATCH(H$33-1,Data!$C$18:$N$18,0))) -> 1.0726043 | I35: =IF(Sector="ED2",INDEX(Data!$C$28:$N$28,MATCH(I$33,Data!$C$27:$N$27,0))/INDEX(Data!$C$28:$N$28,MATCH(I$33-1,Data!$C$27:$N$27,0)),INDEX(Data!$C$19:$N$19,MATCH(I$33,Data!$C$18:$N$18,0))/INDEX(Data!$C$19:$N$19,MATCH(I$33-1,Data!$C$18:$N$18,0))) -> 1.0321484 | J35: =IF(Sector="ED2",INDEX(Data!$C$28:$N$28,MATCH(J$33,Data!$C$27:$N$27,0))/INDEX(Data!$C$28:$N$28,MATCH(J$33-1,Data!$C$27:$N$27,0)),INDEX(Data!$C$19:$N$19,MATCH(J$33,Data!$C$18:$N$18,0))/INDEX(Data!$C$19:$N$19,MATCH(J$33-1,Data!$C$18:$N$18,0))) -> 1.0378614 | K35: =IF(Sector="ED2",INDEX(Data!$C$28:$N$28,MATCH(K$33,Data!$C$27:$N$27,0))/INDEX(Data!$C$28:$N$28,MATCH(K$33-1,Data!$C$27:$N$27,0)),INDEX(Data!$C$19:$N$19,MATCH(K$33,Data!$C$18:$N$18,0))/INDEX(Data!$C$19:$N$19,MATCH(K$33-1,Data!$C$18:$N$18,0))) -> 1.0287267 | L35: =IF(Sector="ED2",INDEX(Data!$C$28:$N$28,MATCH(L$33,Data!$C$27:$N$27,0))/INDEX(Data!$C$28:$N$28,MATCH(L$33-1,Data!$C$27:$N$27,0)),INDEX(Data!$C$19:$N$19,MATCH(L$33,Data!$C$18:$N$18,0))/INDEX(Data!$C$19:$N$19,MATCH(L$33-1,Data!$C$18:$N$18,0))) -> 1.0197147
D36: Combined real to nominal prices conversion factor (financial year end) | E36: =IF(SectorCov="ED2",INDEX(Data!$C$29:$N$29,MATCH(E$33,Data!$C$27:$N$27,0))/Data!$E$28,INDEX(Data!$C$20:$N$20,MATCH(E$33,Data!$C$18:$N$18,0))/Data!$C$19) -> 1.0164306 | F36: =IF(SectorCov="ED2",INDEX(Data!$C$29:$N$29,MATCH(F$33,Data!$C$27:$N$27,0))/Data!$E$28,INDEX(Data!$C$20:$N$20,MATCH(F$33,Data!$C$18:$N$18,0))/Data!$C$19) -> 1.1185836 | G36: =IF(SectorCov="ED2",INDEX(Data!$C$29:$N$29,MATCH(G$33,Data!$C$27:$N$27,0))/Data!$E$28,INDEX(Data!$C$20:$N$20,MATCH(G$33,Data!$C$18:$N$18,0))/Data!$C$19) -> 1.2567228 | H36: =IF(SectorCov="ED2",INDEX(Data!$C$29:$N$29,MATCH(H$33,Data!$C$27:$N$27,0))/Data!$E$28,INDEX(Data!$C$20:$N$20,MATCH(H$33,Data!$C$18:$N$18,0))/Data!$C$19) -> 1.3006735 | I36: =IF(SectorCov="ED2",INDEX(Data!$C$29:$N$29,MATCH(I$33,Data!$C$27:$N$27,0))/Data!$E$28,INDEX(Data!$C$20:$N$20,MATCH(I$33,Data!$C$18:$N$18,0))/Data!$C$19) -> 1.3499788 | J36: =IF(SectorCov="ED2",INDEX(Data!$C$29:$N$29,MATCH(J$33,Data!$C$27:$N$27,0))/Data!$E$28,INDEX(Data!$C$20:$N$20,MATCH(J$33,Data!$C$18:$N$18,0))/Data!$C$19) -> 1.3933674 | K36: =IF(SectorCov="ED2",INDEX(Data!$C$29:$N$29,MATCH(K$33,Data!$C$27:$N$27,0))/Data!$E$28,INDEX(Data!$C$20:$N$20,MATCH(K$33,Data!$C$18:$N$18,0))/Data!$C$19) -> 1.4250528 | L36: =IF(SectorCov="ED2",INDEX(Data!$C$29:$N$29,MATCH(L$33,Data!$C$27:$N$27,0))/Data!$E$28,INDEX(Data!$C$20:$N$20,MATCH(L$33,Data!$C$18:$N$18,0))/Data!$C$19) -> 1.4520099
B37: *Note: The price conversion factors are derived from price indices in line with the inflation methodology in the PCFM to reflect actuals through June sourced from Office of National Statistics i.e. ONS (Historical data - https://www.ons.gov.uk/economy/inflationandpriceindices/timeseries/l522/mm23) and the forecast from the Office of Budget Responsibility i.e. OBR (https://obr.uk/data). Please refer to chapter 2 of the Price Control Financial Handbook for more information.
B40: Allowed cost of debt %
C41: 2022 | D41: =C41+1 -> 2023 | E41: =D41+1 -> 2024 | F41: =E41+1 -> 2025 | G41: =F41+1 -> 2026 | H41: =G41+1 -> 2027 | I41: =H41+1 -> 2028
B42: SSES | E42: 0.0304 | F42: 0.0311 | G42: 0.0313 | H42: 0.0314 | I42: 0.0314
B43: NGED-EMID | E43: 0.0304 | F43: 0.0311 | G43: 0.0313 | H43: 0.0314 | I43: 0.0314
B44: UKPN-EPN | E44: 0.0304 | F44: 0.0311 | G44: 0.0313 | H44: 0.0314 | I44: 0.0314
B45: ED - excluding SSES,NGED-EMID,UKPN-EPN | E45: 0.031 | F45: 0.0317 | G45: 0.0319 | H45: 0.032 | I45: 0.032
B46: SHET | C46: 0.018184708 | D46: 0.015816904 | E46: 0.018016 | F46: 0.023111514 | G46: 0.02662107
B47: ET - excluding SHET | C47: 0.0205 | D47: 0.019 | E47: 0.0192 | F47: 0.0211 | G47: 0.0226
B48: GD | C48: 0.0205 | D48: 0.019 | E48: 0.0192 | F48: 0.0211 | G48: 0.0226
B49: GD with Uplift | C49: 0.0211 | D49: 0.0196 | E49: 0.0198 | F49: 0.0217 | G49: 0.0232
B50: GT | C50: 0.0205 | D50: 0.019 | E50: 0.0192 | F50: 0.0211 | G50: 0.0226
B51: ESO | C51: -0.0006 | D51: 0.0212 | E51: 0.0501 | F51: 0.0473 | G51: 0.0419
B53: Allowed cost of equity %
A54: Sector | C54: 2022 | D54: =C54+1 -> 2023 | E54: =D54+1 -> 2024 | F54: =E54+1 -> 2025 | G54: =F54+1 -> 2026 | H54: =G54+1 -> 2027 | I54: =H54+1 -> 2028
A55: ED2 | B55: ED | E55: 0.052833944 | F55: 0.055875458 | G55: 0.054475396 | H55: 0.056672045 | I55: 0.055271983
A56: ET2 | B56: ET | C56: 0.04243945 | D56: 0.042616093 | E56: 0.049096839 | F56: 0.052011518 | G56: 0.050933685
A57: GD2 | B57: GD | C57: 0.045181881 | D57: 0.045568105 | E57: 0.052833944 | F57: 0.055875458 | G57: 0.054475396
A58: GT2 | B58: GT | C58: 0.045181881 | D58: 0.045568105 | E58: 0.052833944 | F58: 0.055875458 | G58: 0.054475396
A59: ESO2 | B59: ESO | C59: 0.075718976 | D59: 0.07551008 | E59: 0.071580224 | F59: 0.069935168 | G59: 0.070313792
C61: Funding Adjustment Rate (Sharing Factor) | D61: Gearing | E61: RIIO2 Start FY | F61: Price Basis | G61: CoD Category | H61: Allowed cost of debt | O61: Allowed cost of equity
A62: Sector | B62: Default | H62: 2022 | I62: =H62+1 -> 2023 | J62: =I62+1 -> 2024 | K62: =J62+1 -> 2025 | L62: =K62+1 -> 2026 | M62: =L62+1 -> 2027 | N62: =M62+1 -> 2028 | O62: 2022 | P62: =O62+1 -> 2023 | Q62: =P62+1 -> 2024 | R62: =Q62+1 -> 2025 | S62: =R62+1 -> 2026 | T62: =S62+1 -> 2027 | U62: =T62+1 -> 2028
A63: ED | B63: ENWL | C63: 0.506 | D63: 0.6 | E63: 2024 | F63: =VLOOKUP($A63,$H$6:$I$10,2,FALSE) -> £m 20/21 | G63: ED - excluding SSES,NGED-EMID,UKPN-EPN | J63: =INDEX($C$42:$I$51,MATCH($G63,$B$42:$B$51,0),MATCH(J$62,$C$41:$I$41)) -> 0.031 | K63: =INDEX($C$42:$I$51,MATCH($G63,$B$42:$B$51,0),MATCH(K$62,$C$41:$I$41)) -> 0.0317 | L63: =INDEX($C$42:$I$51,MATCH($G63,$B$42:$B$51,0),MATCH(L$62,$C$41:$I$41)) -> 0.0319 | M63: =INDEX($C$42:$I$51,MATCH($G63,$B$42:$B$51,0),MATCH(M$62,$C$41:$I$41)) -> 0.032 | N63: =INDEX($C$42:$I$51,MATCH($G63,$B$42:$B$51,0),MATCH(N$62,$C$41:$I$41)) -> 0.032 | Q63: =INDEX($C$55:$I$59,MATCH($A63,$B$55:$B$59,0),MATCH(Q$62,$C$54:$I$54)) -> 0.052833944 | R63: =INDEX($C$55:$I$59,MATCH($A63,$B$55:$B$59,0),MATCH(R$62,$C$54:$I$54)) -> 0.055875458 | S63: =INDEX($C$55:$I$59,MATCH($A63,$B$55:$B$59,0),MATCH(S$62,$C$54:$I$54)) -> 0.054475396 | T63: =INDEX($C$55:$I$59,MATCH($A63,$B$55:$B$59,0),MATCH(T$62,$C$54:$I$54)) -> 0.056672045 | U63: =INDEX($C$55:$I$59,MATCH($A63,$B$55:$B$59,0),MATCH(U$62,$C$54:$I$54)) -> 0.055271983
A64: ED | B64: NPgN | C64: 0.501 | D64: 0.6 | E64: 2024 | F64: =VLOOKUP($A64,$H$6:$I$10,2,FALSE) -> £m 20/21 | G64: ED - excluding SSES,NGED-EMID,UKPN-EPN | J64: =INDEX($C$42:$I$51,MATCH($G64,$B$42:$B$51,0),MATCH(J$62,$C$41:$I$41)) -> 0.031 | K64: =INDEX($C$42:$I$51,MATCH($G64,$B$42:$B$51,0),MATCH(K$62,$C$41:$I$41)) -> 0.0317 | L64: =INDEX($C$42:$I$51,MATCH($G64,$B$42:$B$51,0),MATCH(L$62,$C$41:$I$41)) -> 0.0319 | M64: =INDEX($C$42:$I$51,MATCH($G64,$B$42:$B$51,0),MATCH(M$62,$C$41:$I$41)) -> 0.032 | N64: =INDEX($C$42:$I$51,MATCH($G64,$B$42:$B$51,0),MATCH(N$62,$C$41:$I$41)) -> 0.032 | Q64: =INDEX($C$55:$I$59,MATCH($A64,$B$55:$B$59,0),MATCH(Q$62,$C$54:$I$54)) -> 0.052833944 | R64: =INDEX($C$55:$I$59,MATCH($A64,$B$55:$B$59,0),MATCH(R$62,$C$54:$I$54)) -> 0.055875458 | S64: =INDEX($C$55:$I$59,MATCH($A64,$B$55:$B$59,0),MATCH(S$62,$C$54:$I$54)) -> 0.054475396 | T64: =INDEX($C$55:$I$59,MATCH($A64,$B$55:$B$59,0),MATCH(T$62,$C$54:$I$54)) -> 0.056672045 | U64: =INDEX($C$55:$I$59,MATCH($A64,$B$55:$B$59,0),MATCH(U$62,$C$54:$I$54)) -> 0.055271983
A65: ED | B65: NPgY | C65: 0.501 | D65: 0.6 | E65: 2024 | F65: =VLOOKUP($A65,$H$6:$I$10,2,FALSE) -> £m 20/21 | G65: ED - excluding SSES,NGED-EMID,UKPN-EPN | J65: =INDEX($C$42:$I$51,MATCH($G65,$B$42:$B$51,0),MATCH(J$62,$C$41:$I$41)) -> 0.031 | K65: =INDEX($C$42:$I$51,MATCH($G65,$B$42:$B$51,0),MATCH(K$62,$C$41:$I$41)) -> 0.0317 | L65: =INDEX($C$42:$I$51,MATCH($G65,$B$42:$B$51,0),MATCH(L$62,$C$41:$I$41)) -> 0.0319 | M65: =INDEX($C$42:$I$51,MATCH($G65,$B$42:$B$51,0),MATCH(M$62,$C$41:$I$41)) -> 0.032 | N65: =INDEX($C$42:$I$51,MATCH($G65,$B$42:$B$51,0),MATCH(N$62,$C$41:$I$41)) -> 0.032 | Q65: =INDEX($C$55:$I$59,MATCH($A65,$B$55:$B$59,0),MATCH(Q$62,$C$54:$I$54)) -> 0.052833944 | R65: =INDEX($C$55:$I$59,MATCH($A65,$B$55:$B$59,0),MATCH(R$62,$C$54:$I$54)) -> 0.055875458 | S65: =INDEX($C$55:$I$59,MATCH($A65,$B$55:$B$59,0),MATCH(S$62,$C$54:$I$54)) -> 0.054475396 | T65: =INDEX($C$55:$I$59,MATCH($A65,$B$55:$B$59,0),MATCH(T$62,$C$54:$I$54)) -> 0.056672045 | U65: =INDEX($C$55:$I$59,MATCH($A65,$B$55:$B$59,0),MATCH(U$62,$C$54:$I$54)) -> 0.055271983
A66: ED | B66: UKPN-EPN | C66: 0.5 | D66: 0.6 | E66: 2024 | F66: =VLOOKUP($A66,$H$6:$I$10,2,FALSE) -> £m 20/21 | G66: UKPN-EPN | J66: =INDEX($C$42:$I$51,MATCH($G66,$B$42:$B$51,0),MATCH(J$62,$C$41:$I$41)) -> 0.0304 | K66: =INDEX($C$42:$I$51,MATCH($G66,$B$42:$B$51,0),MATCH(K$62,$C$41:$I$41)) -> 0.0311 | L66: =INDEX($C$42:$I$51,MATCH($G66,$B$42:$B$51,0),MATCH(L$62,$C$41:$I$41)) -> 0.0313 | M66: =INDEX($C$42:$I$51,MATCH($G66,$B$42:$B$51,0),MATCH(M$62,$C$41:$I$41)) -> 0.0314 | N66: =INDEX($C$42:$I$51,MATCH($G66,$B$42:$B$51,0),MATCH(N$62,$C$41:$I$41)) -> 0.0314 | Q66: =INDEX($C$55:$I$59,MATCH($A66,$B$55:$B$59,0),MATCH(Q$62,$C$54:$I$54)) -> 0.052833944 | R66: =INDEX($C$55:$I$59,MATCH($A66,$B$55:$B$59,0),MATCH(R$62,$C$54:$I$54)) -> 0.055875458 | S66: =INDEX($C$55:$I$59,MATCH($A66,$B$55:$B$59,0),MATCH(S$62,$C$54:$I$54)) -> 0.054475396 | T66: =INDEX($C$55:$I$59,MATCH($A66,$B$55:$B$59,0),MATCH(T$62,$C$54:$I$54)) -> 0.056672045 | U66: =INDEX($C$55:$I$59,MATCH($A66,$B$55:$B$59,0),MATCH(U$62,$C$54:$I$54)) -> 0.055271983
A67: ED | B67: UKPN-LPN | C67: 0.5 | D67: 0.6 | E67: 2024 | F67: =VLOOKUP($A67,$H$6:$I$10,2,FALSE) -> £m 20/21 | G67: ED - excluding SSES,NGED-EMID,UKPN-EPN | J67: =INDEX($C$42:$I$51,MATCH($G67,$B$42:$B$51,0),MATCH(J$62,$C$41:$I$41)) -> 0.031 | K67: =INDEX($C$42:$I$51,MATCH($G67,$B$42:$B$51,0),MATCH(K$62,$C$41:$I$41)) -> 0.0317 | L67: =INDEX($C$42:$I$51,MATCH($G67,$B$42:$B$51,0),MATCH(L$62,$C$41:$I$41)) -> 0.0319 | M67: =INDEX($C$42:$I$51,MATCH($G67,$B$42:$B$51,0),MATCH(M$62,$C$41:$I$41)) -> 0.032 | N67: =INDEX($C$42:$I$51,MATCH($G67,$B$42:$B$51,0),MATCH(N$62,$C$41:$I$41)) -> 0.032 | Q67: =INDEX($C$55:$I$59,MATCH($A67,$B$55:$B$59,0),MATCH(Q$62,$C$54:$I$54)) -> 0.052833944 | R67: =INDEX($C$55:$I$59,MATCH($A67,$B$55:$B$59,0),MATCH(R$62,$C$54:$I$54)) -> 0.055875458 | S67: =INDEX($C$55:$I$59,MATCH($A67,$B$55:$B$59,0),MATCH(S$62,$C$54:$I$54)) -> 0.054475396 | T67: =INDEX($C$55:$I$59,MATCH($A67,$B$55:$B$59,0),MATCH(T$62,$C$54:$I$54)) -> 0.056672045 | U67: =INDEX($C$55:$I$59,MATCH($A67,$B$55:$B$59,0),MATCH(U$62,$C$54:$I$54)) -> 0.055271983
A68: ED | B68: UKPN-SPN | C68: 0.5 | D68: 0.6 | E68: 2024 | F68: =VLOOKUP($A68,$H$6:$I$10,2,FALSE) -> £m 20/21 | G68: ED - excluding SSES,NGED-EMID,UKPN-EPN | J68: =INDEX($C$42:$I$51,MATCH($G68,$B$42:$B$51,0),MATCH(J$62,$C$41:$I$41)) -> 0.031 | K68: =INDEX($C$42:$I$51,MATCH($G68,$B$42:$B$51,0),MATCH(K$62,$C$41:$I$41)) -> 0.0317 | L68: =INDEX($C$42:$I$51,MATCH($G68,$B$42:$B$51,0),MATCH(L$62,$C$41:$I$41)) -> 0.0319 | M68: =INDEX($C$42:$I$51,MATCH($G68,$B$42:$B$51,0),MATCH(M$62,$C$41:$I$41)) -> 0.032 | N68: =INDEX($C$42:$I$51,MATCH($G68,$B$42:$B$51,0),MATCH(N$62,$C$41:$I$41)) -> 0.032 | Q68: =INDEX($C$55:$I$59,MATCH($A68,$B$55:$B$59,0),MATCH(Q$62,$C$54:$I$54)) -> 0.052833944 | R68: =INDEX($C$55:$I$59,MATCH($A68,$B$55:$B$59,0),MATCH(R$62,$C$54:$I$54)) -> 0.055875458 | S68: =INDEX($C$55:$I$59,MATCH($A68,$B$55:$B$59,0),MATCH(S$62,$C$54:$I$54)) -> 0.054475396 | T68: =INDEX($C$55:$I$59,MATCH($A68,$B$55:$B$59,0),MATCH(T$62,$C$54:$I$54)) -> 0.056672045 | U68: =INDEX($C$55:$I$59,MATCH($A68,$B$55:$B$59,0),MATCH(U$62,$C$54:$I$54)) -> 0.055271983
A69: ED | B69: SPD | C69: 0.5 | D69: 0.6 | E69: 2024 | F69: =VLOOKUP($A69,$H$6:$I$10,2,FALSE) -> £m 20/21 | G69: ED - excluding SSES,NGED-EMID,UKPN-EPN | J69: =INDEX($C$42:$I$51,MATCH($G69,$B$42:$B$51,0),MATCH(J$62,$C$41:$I$41)) -> 0.031 | K69: =INDEX($C$42:$I$51,MATCH($G69,$B$42:$B$51,0),MATCH(K$62,$C$41:$I$41)) -> 0.0317 | L69: =INDEX($C$42:$I$51,MATCH($G69,$B$42:$B$51,0),MATCH(L$62,$C$41:$I$41)) -> 0.0319 | M69: =INDEX($C$42:$I$51,MATCH($G69,$B$42:$B$51,0),MATCH(M$62,$C$41:$I$41)) -> 0.032 | N69: =INDEX($C$42:$I$51,MATCH($G69,$B$42:$B$51,0),MATCH(N$62,$C$41:$I$41)) -> 0.032 | Q69: =INDEX($C$55:$I$59,MATCH($A69,$B$55:$B$59,0),MATCH(Q$62,$C$54:$I$54)) -> 0.052833944 | R69: =INDEX($C$55:$I$59,MATCH($A69,$B$55:$B$59,0),MATCH(R$62,$C$54:$I$54)) -> 0.055875458 | S69: =INDEX($C$55:$I$59,MATCH($A69,$B$55:$B$59,0),MATCH(S$62,$C$54:$I$54)) -> 0.054475396 | T69: =INDEX($C$55:$I$59,MATCH($A69,$B$55:$B$59,0),MATCH(T$62,$C$54:$I$54)) -> 0.056672045 | U69: =INDEX($C$55:$I$59,MATCH($A69,$B$55:$B$59,0),MATCH(U$62,$C$54:$I$54)) -> 0.055271983
A70: ED | B70: SPMW | C70: 0.5 | D70: 0.6 | E70: 2024 | F70: =VLOOKUP($A70,$H$6:$I$10,2,FALSE) -> £m 20/21 | G70: ED - excluding SSES,NGED-EMID,UKPN-EPN | J70: =INDEX($C$42:$I$51,MATCH($G70,$B$42:$B$51,0),MATCH(J$62,$C$41:$I$41)) -> 0.031 | K70: =INDEX($C$42:$I$51,MATCH($G70,$B$42:$B$51,0),MATCH(K$62,$C$41:$I$41)) -> 0.0317 | L70: =INDEX($C$42:$I$51,MATCH($G70,$B$42:$B$51,0),MATCH(L$62,$C$41:$I$41)) -> 0.0319 | M70: =INDEX($C$42:$I$51,MATCH($G70,$B$42:$B$51,0),MATCH(M$62,$C$41:$I$41)) -> 0.032 | N70: =INDEX($C$42:$I$51,MATCH($G70,$B$42:$B$51,0),MATCH(N$62,$C$41:$I$41)) -> 0.032 | Q70: =INDEX($C$55:$I$59,MATCH($A70,$B$55:$B$59,0),MATCH(Q$62,$C$54:$I$54)) -> 0.052833944 | R70: =INDEX($C$55:$I$59,MATCH($A70,$B$55:$B$59,0),MATCH(R$62,$C$54:$I$54)) -> 0.055875458 | S70: =INDEX($C$55:$I$59,MATCH($A70,$B$55:$B$59,0),MATCH(S$62,$C$54:$I$54)) -> 0.054475396 | T70: =INDEX($C$55:$I$59,MATCH($A70,$B$55:$B$59,0),MATCH(T$62,$C$54:$I$54)) -> 0.056672045 | U70: =INDEX($C$55:$I$59,MATCH($A70,$B$55:$B$59,0),MATCH(U$62,$C$54:$I$54)) -> 0.055271983
A71: ED | B71: SSEH | C71: 0.507 | D71: 0.6 | E71: 2024 | F71: =VLOOKUP($A71,$H$6:$I$10,2,FALSE) -> £m 20/21 | G71: ED - excluding SSES,NGED-EMID,UKPN-EPN | J71: =INDEX($C$42:$I$51,MATCH($G71,$B$42:$B$51,0),MATCH(J$62,$C$41:$I$41)) -> 0.031 | K71: =INDEX($C$42:$I$51,MATCH($G71,$B$42:$B$51,0),MATCH(K$62,$C$41:$I$41)) -> 0.0317 | L71: =INDEX($C$42:$I$51,MATCH($G71,$B$42:$B$51,0),MATCH(L$62,$C$41:$I$41)) -> 0.0319 | M71: =INDEX($C$42:$I$51,MATCH($G71,$B$42:$B$51,0),MATCH(M$62,$C$41:$I$41)) -> 0.032 | N71: =INDEX($C$42:$I$51,MATCH($G71,$B$42:$B$51,0),MATCH(N$62,$C$41:$I$41)) -> 0.032 | Q71: =INDEX($C$55:$I$59,MATCH($A71,$B$55:$B$59,0),MATCH(Q$62,$C$54:$I$54)) -> 0.052833944 | R71: =INDEX($C$55:$I$59,MATCH($A71,$B$55:$B$59,0),MATCH(R$62,$C$54:$I$54)) -> 0.055875458 | S71: =INDEX($C$55:$I$59,MATCH($A71,$B$55:$B$59,0),MATCH(S$62,$C$54:$I$54)) -> 0.054475396 | T71: =INDEX($C$55:$I$59,MATCH($A71,$B$55:$B$59,0),MATCH(T$62,$C$54:$I$54)) -> 0.056672045 | U71: =INDEX($C$55:$I$59,MATCH($A71,$B$55:$B$59,0),MATCH(U$62,$C$54:$I$54)) -> 0.055271983
A72: ED | B72: SSES | C72: 0.507 | D72: 0.6 | E72: 2024 | F72: =VLOOKUP($A72,$H$6:$I$10,2,FALSE) -> £m 20/21 | G72: SSES | J72: =INDEX($C$42:$I$51,MATCH($G72,$B$42:$B$51,0),MATCH(J$62,$C$41:$I$41)) -> 0.0304 | K72: =INDEX($C$42:$I$51,MATCH($G72,$B$42:$B$51,0),MATCH(K$62,$C$41:$I$41)) -> 0.0311 | L72: =INDEX($C$42:$I$51,MATCH($G72,$B$42:$B$51,0),MATCH(L$62,$C$41:$I$41)) -> 0.0313 | M72: =INDEX($C$42:$I$51,MATCH($G72,$B$42:$B$51,0),MATCH(M$62,$C$41:$I$41)) -> 0.0314 | N72: =INDEX($C$42:$I$51,MATCH($G72,$B$42:$B$51,0),MATCH(N$62,$C$41:$I$41)) -> 0.0314 | Q72: =INDEX($C$55:$I$59,MATCH($A72,$B$55:$B$59,0),MATCH(Q$62,$C$54:$I$54)) -> 0.052833944 | R72: =INDEX($C$55:$I$59,MATCH($A72,$B$55:$B$59,0),MATCH(R$62,$C$54:$I$54)) -> 0.055875458 | S72: =INDEX($C$55:$I$59,MATCH($A72,$B$55:$B$59,0),MATCH(S$62,$C$54:$I$54)) -> 0.054475396 | T72: =INDEX($C$55:$I$59,MATCH($A72,$B$55:$B$59,0),MATCH(T$62,$C$54:$I$54)) -> 0.056672045 | U72: =INDEX($C$55:$I$59,MATCH($A72,$B$55:$B$59,0),MATCH(U$62,$C$54:$I$54)) -> 0.055271983
A73: ED | B73: NGED-EMID | C73: 0.5 | D73: 0.6 | E73: 2024 | F73: =VLOOKUP($A73,$H$6:$I$10,2,FALSE) -> £m 20/21 | G73: NGED-EMID | J73: =INDEX($C$42:$I$51,MATCH($G73,$B$42:$B$51,0),MATCH(J$62,$C$41:$I$41)) -> 0.0304 | K73: =INDEX($C$42:$I$51,MATCH($G73,$B$42:$B$51,0),MATCH(K$62,$C$41:$I$41)) -> 0.0311 | L73: =INDEX($C$42:$I$51,MATCH($G73,$B$42:$B$51,0),MATCH(L$62,$C$41:$I$41)) -> 0.0313 | M73: =INDEX($C$42:$I$51,MATCH($G73,$B$42:$B$51,0),MATCH(M$62,$C$41:$I$41)) -> 0.0314 | N73: =INDEX($C$42:$I$51,MATCH($G73,$B$42:$B$51,0),MATCH(N$62,$C$41:$I$41)) -> 0.0314 | Q73: =INDEX($C$55:$I$59,MATCH($A73,$B$55:$B$59,0),MATCH(Q$62,$C$54:$I$54)) -> 0.052833944 | R73: =INDEX($C$55:$I$59,MATCH($A73,$B$55:$B$59,0),MATCH(R$62,$C$54:$I$54)) -> 0.055875458 | S73: =INDEX($C$55:$I$59,MATCH($A73,$B$55:$B$59,0),MATCH(S$62,$C$54:$I$54)) -> 0.054475396 | T73: =INDEX($C$55:$I$59,MATCH($A73,$B$55:$B$59,0),MATCH(T$62,$C$54:$I$54)) -> 0.056672045 | U73: =INDEX($C$55:$I$59,MATCH($A73,$B$55:$B$59,0),MATCH(U$62,$C$54:$I$54)) -> 0.055271983
A74: ED | B74: NGED-WMID | C74: 0.5 | D74: 0.6 | E74: 2024 | F74: =VLOOKUP($A74,$H$6:$I$10,2,FALSE) -> £m 20/21 | G74: ED - excluding SSES,NGED-EMID,UKPN-EPN | J74: =INDEX($C$42:$I$51,MATCH($G74,$B$42:$B$51,0),MATCH(J$62,$C$41:$I$41)) -> 0.031 | K74: =INDEX($C$42:$I$51,MATCH($G74,$B$42:$B$51,0),MATCH(K$62,$C$41:$I$41)) -> 0.0317 | L74: =INDEX($C$42:$I$51,MATCH($G74,$B$42:$B$51,0),MATCH(L$62,$C$41:$I$41)) -> 0.0319 | M74: =INDEX($C$42:$I$51,MATCH($G74,$B$42:$B$51,0),MATCH(M$62,$C$41:$I$41)) -> 0.032 | N74: =INDEX($C$42:$I$51,MATCH($G74,$B$42:$B$51,0),MATCH(N$62,$C$41:$I$41)) -> 0.032 | Q74: =INDEX($C$55:$I$59,MATCH($A74,$B$55:$B$59,0),MATCH(Q$62,$C$54:$I$54)) -> 0.052833944 | R74: =INDEX($C$55:$I$59,MATCH($A74,$B$55:$B$59,0),MATCH(R$62,$C$54:$I$54)) -> 0.055875458 | S74: =INDEX($C$55:$I$59,MATCH($A74,$B$55:$B$59,0),MATCH(S$62,$C$54:$I$54)) -> 0.054475396 | T74: =INDEX($C$55:$I$59,MATCH($A74,$B$55:$B$59,0),MATCH(T$62,$C$54:$I$54)) -> 0.056672045 | U74: =INDEX($C$55:$I$59,MATCH($A74,$B$55:$B$59,0),MATCH(U$62,$C$54:$I$54)) -> 0.055271983
... A76: ED | B76: NGED-SWEST | C76: 0.5 | D76: 0.6 | E76: 2024 | F76: =VLOOKUP($A76,$H$6:$I$10,2,FALSE) -> £m 20/21 | G76: ED - excluding SSES,NGED-EMID,UKPN-EPN | J76: =INDEX($C$42:$I$51,MATCH($G76,$B$42:$B$51,0),MATCH(J$62,$C$41:$I$41)) -> 0.031 | K76: =INDEX($C$42:$I$51,MATCH($G76,$B$42:$B$51,0),MATCH(K$62,$C$41:$I$41)) -> 0.0317 | L76: =INDEX($C$42:$I$51,MATCH($G76,$B$42:$B$51,0),MATCH(L$62,$C$41:$I$41)) -> 0.0319 | M76: =INDEX($C$42:$I$51,MATCH($G76,$B$42:$B$51,0),MATCH(M$62,$C$41:$I$41)) -> 0.032 | N76: =INDEX($C$42:$I$51,MATCH($G76,$B$42:$B$51,0),MATCH(N$62,$C$41:$I$41)) -> 0.032 | Q76: =INDEX($C$55:$I$59,MATCH($A76,$B$55:$B$59,0),MATCH(Q$62,$C$54:$I$54)) -> 0.052833944 | R76: =INDEX($C$55:$I$59,MATCH($A76,$B$55:$B$59,0),MATCH(R$62,$C$54:$I$54)) -> 0.055875458 | S76: =INDEX($C$55:$I$59,MATCH($A76,$B$55:$B$59,0),MATCH(S$62,$C$54:$I$54)) -> 0.054475396 | T76: =INDEX($C$55:$I$59,MATCH($A76,$B$55:$B$59,0),MATCH(T$62,$C$54:$I$54)) -> 0.056672045 | U76: =INDEX($C$55:$I$59,MATCH($A76,$B$55:$B$59,0),MATCH(U$62,$C$54:$I$54)) -> 0.055271983
A77: GD | B77: Cadent-EOE | C77: 0.5 | D77: 0.6 | E77: 2022 | F77: =VLOOKUP($A77,$H$6:$I$10,2,FALSE) -> £m 18/19 | G77: GD | H77: =INDEX($C$42:$I$51,MATCH($G77,$B$42:$B$51,0),MATCH(H$62,$C$41:$I$41)) -> 0.0205 | I77: =INDEX($C$42:$I$51,MATCH($G77,$B$42:$B$51,0),MATCH(I$62,$C$41:$I$41)) -> 0.019 | J77: =INDEX($C$42:$I$51,MATCH($G77,$B$42:$B$51,0),MATCH(J$62,$C$41:$I$41)) -> 0.0192 | K77: =INDEX($C$42:$I$51,MATCH($G77,$B$42:$B$51,0),MATCH(K$62,$C$41:$I$41)) -> 0.0211 | L77: =INDEX($C$42:$I$51,MATCH($G77,$B$42:$B$51,0),MATCH(L$62,$C$41:$I$41)) -> 0.0226 | O77: =INDEX($C$55:$I$59,MATCH($A77,$B$55:$B$59,0),MATCH(O$62,$C$54:$I$54)) -> 0.045181881 | P77: =INDEX($C$55:$I$59,MATCH($A77,$B$55:$B$59,0),MATCH(P$62,$C$54:$I$54)) -> 0.045568105 | Q77: =INDEX($C$55:$I$59,MATCH($A77,$B$55:$B$59,0),MATCH(Q$62,$C$54:$I$54)) -> 0.052833944 | R77: =INDEX($C$55:$I$59,MATCH($A77,$B$55:$B$59,0),MATCH(R$62,$C$54:$I$54)) -> 0.055875458 | S77: =INDEX($C$55:$I$59,MATCH($A77,$B$55:$B$59,0),MATCH(S$62,$C$54:$I$54)) -> 0.054475396
A78: GD | B78: Cadent-London | C78: 0.5 | D78: 0.6 | E78: 2022 | F78: =VLOOKUP($A78,$H$6:$I$10,2,FALSE) -> £m 18/19 | G78: GD | H78: =INDEX($C$42:$I$51,MATCH($G78,$B$42:$B$51,0),MATCH(H$62,$C$41:$I$41)) -> 0.0205 | I78: =INDEX($C$42:$I$51,MATCH($G78,$B$42:$B$51,0),MATCH(I$62,$C$41:$I$41)) -> 0.019 | J78: =INDEX($C$42:$I$51,MATCH($G78,$B$42:$B$51,0),MATCH(J$62,$C$41:$I$41)) -> 0.0192 | K78: =INDEX($C$42:$I$51,MATCH($G78,$B$42:$B$51,0),MATCH(K$62,$C$41:$I$41)) -> 0.0211 | L78: =INDEX($C$42:$I$51,MATCH($G78,$B$42:$B$51,0),MATCH(L$62,$C$41:$I$41)) -> 0.0226 | O78: =INDEX($C$55:$I$59,MATCH($A78,$B$55:$B$59,0),MATCH(O$62,$C$54:$I$54)) -> 0.045181881 | P78: =INDEX($C$55:$I$59,MATCH($A78,$B$55:$B$59,0),MATCH(P$62,$C$54:$I$54)) -> 0.045568105 | Q78: =INDEX($C$55:$I$59,MATCH($A78,$B$55:$B$59,0),MATCH(Q$62,$C$54:$I$54)) -> 0.052833944 | R78: =INDEX($C$55:$I$59,MATCH($A78,$B$55:$B$59,0),MATCH(R$62,$C$54:$I$54)) -> 0.055875458 | S78: =INDEX($C$55:$I$59,MATCH($A78,$B$55:$B$59,0),MATCH(S$62,$C$54:$I$54)) -> 0.054475396
A79: GD | B79: Cadent-WM | C79: 0.5 | D79: 0.6 | E79: 2022 | F79: =VLOOKUP($A79,$H$6:$I$10,2,FALSE) -> £m 18/19 | G79: GD | H79: =INDEX($C$42:$I$51,MATCH($G79,$B$42:$B$51,0),MATCH(H$62,$C$41:$I$41)) -> 0.0205 | I79: =INDEX($C$42:$I$51,MATCH($G79,$B$42:$B$51,0),MATCH(I$62,$C$41:$I$41)) -> 0.019 | J79: =INDEX($C$42:$I$51,MATCH($G79,$B$42:$B$51,0),MATCH(J$62,$C$41:$I$41)) -> 0.0192 | K79: =INDEX($C$42:$I$51,MATCH($G79,$B$42:$B$51,0),MATCH(K$62,$C$41:$I$41)) -> 0.0211 | L79: =INDEX($C$42:$I$51,MATCH($G79,$B$42:$B$51,0),MATCH(L$62,$C$41:$I$41)) -> 0.0226 | O79: =INDEX($C$55:$I$59,MATCH($A79,$B$55:$B$59,0),MATCH(O$62,$C$54:$I$54)) -> 0.045181881 | P79: =INDEX($C$55:$I$59,MATCH($A79,$B$55:$B$59,0),MATCH(P$62,$C$54:$I$54)) -> 0.045568105 | Q79: =INDEX($C$55:$I$59,MATCH($A79,$B$55:$B$59,0),MATCH(Q$62,$C$54:$I$54)) -> 0.052833944 | R79: =INDEX($C$55:$I$59,MATCH($A79,$B$55:$B$59,0),MATCH(R$62,$C$54:$I$54)) -> 0.055875458 | S79: =INDEX($C$55:$I$59,MATCH($A79,$B$55:$B$59,0),MATCH(S$62,$C$54:$I$54)) -> 0.054475396
A80: GD | B80: Cadent-NW | C80: 0.5 | D80: 0.6 | E80: 2022 | F80: =VLOOKUP($A80,$H$6:$I$10,2,FALSE) -> £m 18/19 | G80: GD | H80: =INDEX($C$42:$I$51,MATCH($G80,$B$42:$B$51,0),MATCH(H$62,$C$41:$I$41)) -> 0.0205 | I80: =INDEX($C$42:$I$51,MATCH($G80,$B$42:$B$51,0),MATCH(I$62,$C$41:$I$41)) -> 0.019 | J80: =INDEX($C$42:$I$51,MATCH($G80,$B$42:$B$51,0),MATCH(J$62,$C$41:$I$41)) -> 0.0192 | K80: =INDEX($C$42:$I$51,MATCH($G80,$B$42:$B$51,0),MATCH(K$62,$C$41:$I$41)) -> 0.0211 | L80: =INDEX($C$42:$I$51,MATCH($G80,$B$42:$B$51,0),MATCH(L$62,$C$41:$I$41)) -> 0.0226 | O80: =INDEX($C$55:$I$59,MATCH($A80,$B$55:$B$59,0),MATCH(O$62,$C$54:$I$54)) -> 0.045181881 | P80: =INDEX($C$55:$I$59,MATCH($A80,$B$55:$B$59,0),MATCH(P$62,$C$54:$I$54)) -> 0.045568105 | Q80: =INDEX($C$55:$I$59,MATCH($A80,$B$55:$B$59,0),MATCH(Q$62,$C$54:$I$54)) -> 0.052833944 | R80: =INDEX($C$55:$I$59,MATCH($A80,$B$55:$B$59,0),MATCH(R$62,$C$54:$I$54)) -> 0.055875458 | S80: =INDEX($C$55:$I$59,MATCH($A80,$B$55:$B$59,0),MATCH(S$62,$C$54:$I$54)) -> 0.054475396
A81: GD | B81: NGN | C81: 0.51 | D81: 0.6 | E81: 2022 | F81: =VLOOKUP($A81,$H$6:$I$10,2,FALSE) -> £m 18/19 | G81: GD with Uplift | H81: =INDEX($C$42:$I$51,MATCH($G81,$B$42:$B$51,0),MATCH(H$62,$C$41:$I$41)) -> 0.0211 | I81: =INDEX($C$42:$I$51,MATCH($G81,$B$42:$B$51,0),MATCH(I$62,$C$41:$I$41)) -> 0.0196 | J81: =INDEX($C$42:$I$51,MATCH($G81,$B$42:$B$51,0),MATCH(J$62,$C$41:$I$41)) -> 0.0198 | K81: =INDEX($C$42:$I$51,MATCH($G81,$B$42:$B$51,0),MATCH(K$62,$C$41:$I$41)) -> 0.0217 | L81: =INDEX($C$42:$I$51,MATCH($G81,$B$42:$B$51,0),MATCH(L$62,$C$41:$I$41)) -> 0.0232 | O81: =INDEX($C$55:$I$59,MATCH($A81,$B$55:$B$59,0),MATCH(O$62,$C$54:$I$54)) -> 0.045181881 | P81: =INDEX($C$55:$I$59,MATCH($A81,$B$55:$B$59,0),MATCH(P$62,$C$54:$I$54)) -> 0.045568105 | Q81: =INDEX($C$55:$I$59,MATCH($A81,$B$55:$B$59,0),MATCH(Q$62,$C$54:$I$54)) -> 0.052833944 | R81: =INDEX($C$55:$I$59,MATCH($A81,$B$55:$B$59,0),MATCH(R$62,$C$54:$I$54)) -> 0.055875458 | S81: =INDEX($C$55:$I$59,MATCH($A81,$B$55:$B$59,0),MATCH(S$62,$C$54:$I$54)) -> 0.054475396
A82: GD | B82: SGN - Scotland | C82: 0.51 | D82: 0.6 | E82: 2022 | F82: =VLOOKUP($A82,$H$6:$I$10,2,FALSE) -> £m 18/19 | G82: GD with Uplift | H82: =INDEX($C$42:$I$51,MATCH($G82,$B$42:$B$51,0),MATCH(H$62,$C$41:$I$41)) -> 0.0211 | I82: =INDEX($C$42:$I$51,MATCH($G82,$B$42:$B$51,0),MATCH(I$62,$C$41:$I$41)) -> 0.0196 | J82: =INDEX($C$42:$I$51,MATCH($G82,$B$42:$B$51,0),MATCH(J$62,$C$41:$I$41)) -> 0.0198 | K82: =INDEX($C$42:$I$51,MATCH($G82,$B$42:$B$51,0),MATCH(K$62,$C$41:$I$41)) -> 0.0217 | L82: =INDEX($C$42:$I$51,MATCH($G82,$B$42:$B$51,0),MATCH(L$62,$C$41:$I$41)) -> 0.0232 | O82: =INDEX($C$55:$I$59,MATCH($A82,$B$55:$B$59,0),MATCH(O$62,$C$54:$I$54)) -> 0.045181881 | P82: =INDEX($C$55:$I$59,MATCH($A82,$B$55:$B$59,0),MATCH(P$62,$C$54:$I$54)) -> 0.045568105 | Q82: =INDEX($C$55:$I$59,MATCH($A82,$B$55:$B$59,0),MATCH(Q$62,$C$54:$I$54)) -> 0.052833944 | R82: =INDEX($C$55:$I$59,MATCH($A82,$B$55:$B$59,0),MATCH(R$62,$C$54:$I$54)) -> 0.055875458 | S82: =INDEX($C$55:$I$59,MATCH($A82,$B$55:$B$59,0),MATCH(S$62,$C$54:$I$54)) -> 0.054475396
A83: GD | B83: SGN - Southern | C83: 0.5 | D83: 0.6 | E83: 2022 | F83: =VLOOKUP($A83,$H$6:$I$10,2,FALSE) -> £m 18/19 | G83: GD | H83: =INDEX($C$42:$I$51,MATCH($G83,$B$42:$B$51,0),MATCH(H$62,$C$41:$I$41)) -> 0.0205 | I83: =INDEX($C$42:$I$51,MATCH($G83,$B$42:$B$51,0),MATCH(I$62,$C$41:$I$41)) -> 0.019 | J83: =INDEX($C$42:$I$51,MATCH($G83,$B$42:$B$51,0),MATCH(J$62,$C$41:$I$41)) -> 0.0192 | K83: =INDEX($C$42:$I$51,MATCH($G83,$B$42:$B$51,0),MATCH(K$62,$C$41:$I$41)) -> 0.0211 | L83: =INDEX($C$42:$I$51,MATCH($G83,$B$42:$B$51,0),MATCH(L$62,$C$41:$I$41)) -> 0.0226 | O83: =INDEX($C$55:$I$59,MATCH($A83,$B$55:$B$59,0),MATCH(O$62,$C$54:$I$54)) -> 0.045181881 | P83: =INDEX($C$55:$I$59,MATCH($A83,$B$55:$B$59,0),MATCH(P$62,$C$54:$I$54)) -> 0.045568105 | Q83: =INDEX($C$55:$I$59,MATCH($A83,$B$55:$B$59,0),MATCH(Q$62,$C$54:$I$54)) -> 0.052833944 | R83: =INDEX($C$55:$I$59,MATCH($A83,$B$55:$B$59,0),MATCH(R$62,$C$54:$I$54)) -> 0.055875458 | S83: =INDEX($C$55:$I$59,MATCH($A83,$B$55:$B$59,0),MATCH(S$62,$C$54:$I$54)) -> 0.054475396
A84: GD | B84: WWU | C84: 0.5 | D84: 0.6 | E84: 2022 | F84: =VLOOKUP($A84,$H$6:$I$10,2,FALSE) -> £m 18/19 | G84: GD with Uplift | H84: =INDEX($C$42:$I$51,MATCH($G84,$B$42:$B$51,0),MATCH(H$62,$C$41:$I$41)) -> 0.0211 | I84: =INDEX($C$42:$I$51,MATCH($G84,$B$42:$B$51,0),MATCH(I$62,$C$41:$I$41)) -> 0.0196 | J84: =INDEX($C$42:$I$51,MATCH($G84,$B$42:$B$51,0),MATCH(J$62,$C$41:$I$41)) -> 0.0198 | K84: =INDEX($C$42:$I$51,MATCH($G84,$B$42:$B$51,0),MATCH(K$62,$C$41:$I$41)) -> 0.0217 | L84: =INDEX($C$42:$I$51,MATCH($G84,$B$42:$B$51,0),MATCH(L$62,$C$41:$I$41)) -> 0.0232 | O84: =INDEX($C$55:$I$59,MATCH($A84,$B$55:$B$59,0),MATCH(O$62,$C$54:$I$54)) -> 0.045181881 | P84: =INDEX($C$55:$I$59,MATCH($A84,$B$55:$B$59,0),MATCH(P$62,$C$54:$I$54)) -> 0.045568105 | Q84: =INDEX($C$55:$I$59,MATCH($A84,$B$55:$B$59,0),MATCH(Q$62,$C$54:$I$54)) -> 0.052833944 | R84: =INDEX($C$55:$I$59,MATCH($A84,$B$55:$B$59,0),MATCH(R$62,$C$54:$I$54)) -> 0.055875458 | S84: =INDEX($C$55:$I$59,MATCH($A84,$B$55:$B$59,0),MATCH(S$62,$C$54:$I$54)) -> 0.054475396
A85: GT | B85: NGGT (TO) | C85: 0.61 | D85: 0.6 | E85: 2022 | F85: =VLOOKUP($A85,$H$6:$I$10,2,FALSE) -> £m 18/19 | G85: GT | H85: =INDEX($C$42:$I$51,MATCH($G85,$B$42:$B$51,0),MATCH(H$62,$C$41:$I$41)) -> 0.0205 | I85: =INDEX($C$42:$I$51,MATCH($G85,$B$42:$B$51,0),MATCH(I$62,$C$41:$I$41)) -> 0.019 | J85: =INDEX($C$42:$I$51,MATCH($G85,$B$42:$B$51,0),MATCH(J$62,$C$41:$I$41)) -> 0.0192 | K85: =INDEX($C$42:$I$51,MATCH($G85,$B$42:$B$51,0),MATCH(K$62,$C$41:$I$41)) -> 0.0211 | L85: =INDEX($C$42:$I$51,MATCH($G85,$B$42:$B$51,0),MATCH(L$62,$C$41:$I$41)) -> 0.0226 | O85: =INDEX($C$55:$I$59,MATCH($A85,$B$55:$B$59,0),MATCH(O$62,$C$54:$I$54)) -> 0.045181881 | P85: =INDEX($C$55:$I$59,MATCH($A85,$B$55:$B$59,0),MATCH(P$62,$C$54:$I$54)) -> 0.045568105 | Q85: =INDEX($C$55:$I$59,MATCH($A85,$B$55:$B$59,0),MATCH(Q$62,$C$54:$I$54)) -> 0.052833944 | R85: =INDEX($C$55:$I$59,MATCH($A85,$B$55:$B$59,0),MATCH(R$62,$C$54:$I$54)) -> 0.055875458 | S85: =INDEX($C$55:$I$59,MATCH($A85,$B$55:$B$59,0),MATCH(S$62,$C$54:$I$54)) -> 0.054475396
A86: GT | B86: NGGT (SO) | C86: 0.61 | D86: 0.6 | E86: 2022 | F86: =VLOOKUP($A86,$H$6:$I$10,2,FALSE) -> £m 18/19 | G86: GT | H86: =INDEX($C$42:$I$51,MATCH($G86,$B$42:$B$51,0),MATCH(H$62,$C$41:$I$41)) -> 0.0205 | I86: =INDEX($C$42:$I$51,MATCH($G86,$B$42:$B$51,0),MATCH(I$62,$C$41:$I$41)) -> 0.019 | J86: =INDEX($C$42:$I$51,MATCH($G86,$B$42:$B$51,0),MATCH(J$62,$C$41:$I$41)) -> 0.0192 | K86: =INDEX($C$42:$I$51,MATCH($G86,$B$42:$B$51,0),MATCH(K$62,$C$41:$I$41)) -> 0.0211 | L86: =INDEX($C$42:$I$51,MATCH($G86,$B$42:$B$51,0),MATCH(L$62,$C$41:$I$41)) -> 0.0226 | O86: =INDEX($C$55:$I$59,MATCH($A86,$B$55:$B$59,0),MATCH(O$62,$C$54:$I$54)) -> 0.045181881 | P86: =INDEX($C$55:$I$59,MATCH($A86,$B$55:$B$59,0),MATCH(P$62,$C$54:$I$54)) -> 0.045568105 | Q86: =INDEX($C$55:$I$59,MATCH($A86,$B$55:$B$59,0),MATCH(Q$62,$C$54:$I$54)) -> 0.052833944 | R86: =INDEX($C$55:$I$59,MATCH($A86,$B$55:$B$59,0),MATCH(R$62,$C$54:$I$54)) -> 0.055875458 | S86: =INDEX($C$55:$I$59,MATCH($A86,$B$55:$B$59,0),MATCH(S$62,$C$54:$I$54)) -> 0.054475396
A87: GT | B87: NGGT (TO+SO) | C87: 0.61 | D87: 0.6 | E87: 2022 | F87: =VLOOKUP($A87,$H$6:$I$10,2,FALSE) -> £m 18/19 | G87: GT | H87: =INDEX($C$42:$I$51,MATCH($G87,$B$42:$B$51,0),MATCH(H$62,$C$41:$I$41)) -> 0.0205 | I87: =INDEX($C$42:$I$51,MATCH($G87,$B$42:$B$51,0),MATCH(I$62,$C$41:$I$41)) -> 0.019 | J87: =INDEX($C$42:$I$51,MATCH($G87,$B$42:$B$51,0),MATCH(J$62,$C$41:$I$41)) -> 0.0192 | K87: =INDEX($C$42:$I$51,MATCH($G87,$B$42:$B$51,0),MATCH(K$62,$C$41:$I$41)) -> 0.0211 | L87: =INDEX($C$42:$I$51,MATCH($G87,$B$42:$B$51,0),MATCH(L$62,$C$41:$I$41)) -> 0.0226 | O87: =INDEX($C$55:$I$59,MATCH($A87,$B$55:$B$59,0),MATCH(O$62,$C$54:$I$54)) -> 0.045181881 | P87: =INDEX($C$55:$I$59,MATCH($A87,$B$55:$B$59,0),MATCH(P$62,$C$54:$I$54)) -> 0.045568105 | Q87: =INDEX($C$55:$I$59,MATCH($A87,$B$55:$B$59,0),MATCH(Q$62,$C$54:$I$54)) -> 0.052833944 | R87: =INDEX($C$55:$I$59,MATCH($A87,$B$55:$B$59,0),MATCH(R$62,$C$54:$I$54)) -> 0.055875458 | S87: =INDEX($C$55:$I$59,MATCH($A87,$B$55:$B$59,0),MATCH(S$62,$C$54:$I$54)) -> 0.054475396
A88: ET | B88: NGET (TO) | C88: 0.67 | D88: 0.55 | E88: 2022 | F88: =VLOOKUP($A88,$H$6:$I$10,2,FALSE) -> £m 18/19 | G88: ET - excluding SHET | H88: =INDEX($C$42:$I$51,MATCH($G88,$B$42:$B$51,0),MATCH(H$62,$C$41:$I$41)) -> 0.0205 | I88: =INDEX($C$42:$I$51,MATCH($G88,$B$42:$B$51,0),MATCH(I$62,$C$41:$I$41)) -> 0.019 | J88: =INDEX($C$42:$I$51,MATCH($G88,$B$42:$B$51,0),MATCH(J$62,$C$41:$I$41)) -> 0.0192 | K88: =INDEX($C$42:$I$51,MATCH($G88,$B$42:$B$51,0),MATCH(K$62,$C$41:$I$41)) -> 0.0211 | L88: =INDEX($C$42:$I$51,MATCH($G88,$B$42:$B$51,0),MATCH(L$62,$C$41:$I$41)) -> 0.0226 | O88: =INDEX($C$55:$I$59,MATCH($A88,$B$55:$B$59,0),MATCH(O$62,$C$54:$I$54)) -> 0.04243945 | P88: =INDEX($C$55:$I$59,MATCH($A88,$B$55:$B$59,0),MATCH(P$62,$C$54:$I$54)) -> 0.042616093 | Q88: =INDEX($C$55:$I$59,MATCH($A88,$B$55:$B$59,0),MATCH(Q$62,$C$54:$I$54)) -> 0.049096839 | R88: =INDEX($C$55:$I$59,MATCH($A88,$B$55:$B$59,0),MATCH(R$62,$C$54:$I$54)) -> 0.052011518 | S88: =INDEX($C$55:$I$59,MATCH($A88,$B$55:$B$59,0),MATCH(S$62,$C$54:$I$54)) -> 0.050933685
... A91: ET | B91: SHET | C91: 0.64 | D91: 0.55 | E91: 2022 | F91: =VLOOKUP($A91,$H$6:$I$10,2,FALSE) -> £m 18/19 | G91: SHET | H91: =INDEX($C$42:$I$51,MATCH($G91,$B$42:$B$51,0),MATCH(H$62,$C$41:$I$41)) -> 0.018184708 | I91: =INDEX($C$42:$I$51,MATCH($G91,$B$42:$B$51,0),MATCH(I$62,$C$41:$I$41)) -> 0.015816904 | J91: =INDEX($C$42:$I$51,MATCH($G91,$B$42:$B$51,0),MATCH(J$62,$C$41:$I$41)) -> 0.018016 | K91: =INDEX($C$42:$I$51,MATCH($G91,$B$42:$B$51,0),MATCH(K$62,$C$41:$I$41)) -> 0.023111514 | L91: =INDEX($C$42:$I$51,MATCH($G91,$B$42:$B$51,0),MATCH(L$62,$C$41:$I$41)) -> 0.02662107 | O91: =INDEX($C$55:$I$59,MATCH($A91,$B$55:$B$59,0),MATCH(O$62,$C$54:$I$54)) -> 0.04243945 | P91: =INDEX($C$55:$I$59,MATCH($A91,$B$55:$B$59,0),MATCH(P$62,$C$54:$I$54)) -> 0.042616093 | Q91: =INDEX($C$55:$I$59,MATCH($A91,$B$55:$B$59,0),MATCH(Q$62,$C$54:$I$54)) -> 0.049096839 | R91: =INDEX($C$55:$I$59,MATCH($A91,$B$55:$B$59,0),MATCH(R$62,$C$54:$I$54)) -> 0.052011518 | S91: =INDEX($C$55:$I$59,MATCH($A91,$B$55:$B$59,0),MATCH(S$62,$C$54:$I$54)) -> 0.050933685
B97: Business Plan Incentive (BPIt) | C97: 2022 | D97: =C97+1 -> 2023 | E97: =D97+1 -> 2024 | F97: =E97+1 -> 2025 | G97: =F97+1 -> 2026 | H97: =G97+1 -> 2027 | I97: =H97+1 -> 2028
B98: ENWL | E98: 0 | F98: 0 | G98: 0 | H98: 0 | I98: 0
B99: NPgN | E99: 0 | F99: 0 | G99: 0 | H99: 0 | I99: 0
B100: NPgY | E100: 0 | F100: 0 | G100: 0 | H100: 0 | I100: 0
B101: UKPN-EPN | E101: 0 | F101: 0 | G101: 0 | H101: 0 | I101: 0
B102: UKPN-LPN | E102: 0.95193543 | F102: 0.95193543 | G102: 0.95193543 | H102: 0.95193543 | I102: 0.95193543
B103: UKPN-SPN | E103: 4.1422259 | F103: 4.1422259 | G103: 4.1422259 | H103: 4.1422259 | I103: 4.1422259
B104: SPD | E104: 0 | F104: 0 | G104: 0 | H104: 0 | I104: 0
B105: SPMW | E105: 0 | F105: 0 | G105: 0 | H105: 0 | I105: 0
B106: SSEH | E106: 1.235 | F106: 0 | G106: 0 | H106: 0 | I106: 0
B107: SSES | E107: 2.305 | F107: 0 | G107: 0 | H107: 0 | I107: 0
B108: NGED-EMID | E108: 1.38 | F108: 0 | G108: 0 | H108: 0 | I108: 0
B109: NGED-WMID | E109: 1.38 | F109: 0 | G109: 0 | H109: 0 | I109: 0
... B111: NGED-SWEST | E111: 1.15 | F111: 0 | G111: 0 | H111: 0 | I111: 0
B112: Cadent-EOE | C112: 0.2394168 | D112: 0.2394168 | E112: 0.2394168 | F112: 0.2394168 | G112: 0.2394168
B113: Cadent-London | C113: -1.1368684e-15 | D113: -1.1368684e-15 | E113: -1.1368684e-15 | F113: -1.1368684e-15 | G113: -1.1368684e-15
B114: Cadent-WM | C114: -0.0070993073 | D114: -0.0070993073 | E114: -0.0070993073 | F114: -0.0070993073 | G114: -0.0070993073
B115: Cadent-NW | C115: -0.0072862332 | D115: -0.0072862332 | E115: -0.0072862332 | F115: -0.0072862332 | G115: -0.0072862332
B116: NGN | C116: 1.149006 | D116: 1.149006 | E116: 1.149006 | F116: 1.149006 | G116: 1.149006
B117: SGN - Scotland | C117: 0 | D117: 0 | E117: 0 | F117: 0 | G117: 0
B118: SGN - Southern | C118: 0 | D118: 0 | E118: 0 | F118: 0 | G118: 0
B119: WWU | C119: 0 | D119: 0 | E119: 0 | F119: 0 | G119: 0
...

Sheet Content & Version Control
A1: Version control
A2: =Licensee -> NGED-SWALES
A3: =Reporting_Year -> 2026
B6: Version:
B8: Submission | C8: Date submitted | D8: Changes
B9: Submission 1
B10: Submission 2
B11: Submission 3
B12: Submission 4
B13: Submission 5
B14: Submission 6
B15: Submission 7
B16: Submission 8
B17: Submission 9
B18: Submission 10
B21: R1 - RoRE
B22: R2 - Rec to Revenue and Profit
... B39: I2 - Monthly Inflation

Sheet Change log
A1: Change log
A2: =Licensee -> NGED-SWALES
A3: =Reporting_Year -> 2026
A5: Version | B5: Table Reference | C5: Changes made to RFPR template | D5: Raised By
A6: V2.0 | B6: R2 - row 24 (RRt) | C6: Changed the description to add "per latest PCFM" for more clarity. Guidance document has also been amended. | D6: Ofgem
A7: V2.0 | B7: R8 - Row 21 | C7: Corrected cell references in formula | D7: Ofgem
A8: V2.0 | B8: R3 - row 116, 121, 133, 142 | C8: Changed the description to '[Input description, add additional rows as required]' | D8: Ofgem
A9: V2.0 | B9: R3 - Rows 36 and 37 | C9: Copied and rolled-over D36:D37 formula into future years | D9: Ofgem
A10: V2.0 | B10: R1 - J22:K28 and J49:K55 | C10: Corrected cell references in formula for 'cumulative' and RIIO-2 period' | D10: Ofgem
A11: V2.0 | B11: R2 - Rec to Revenue and Profit | C11: Row 103 formula corrected (was sum now difference) | D11: ESO/NGGT(TO)/NGGT(SO)/NGET(TO)
A12: V2.0 | B12: R3 - Row 194 & 196 | C12: Added formula/ corrected cell references in formula | D12: ESO/NGGT(TO)/SPT/NGET
A13: V2.0 | B13: R1 row 76 | C13: Formula in J75:K75 dragged down to populate row 76 which was blank. | D13: NGGT(SO)
A14: V2.0 | B14: R8 Row 21 | C14: Included if function because top half R8 only completed for actuals on a T+1 basis; therefore if forecast, amount should be zero | D14: WWU
A15: V2.0 | B15: R3 | C15: Formula in row 198 amended to compare to row 196 not 194 | D15: WWU/SPT
A16: V2.0 | B16: R7 - RAV | C16: Formulas in row 5 amended to reflect show that RAV totals in AIP 2021 PCFM are not actuals, therefore flag should remain as forecast until the AIP after the Reg year has passed (as was the case in RIIO-1). For example RAV value in 21/22 AIP for 21/22 was not an actual and therefore the check in row 27 should not be activated until the next regulatory year. AIP 2022 will contain the actual 21/22 RAV value and therefore a check to ensure this matches can be incorporated from 22/23 onwards. | D16: SPT
... A43: V2.0 | B43: Data M339- M367 | C43: Incorporated a new table to change values to nominal that feed into materiality check in row 95 (tax charge) | D43: Ofgem
B44: Data tab - Cell C10 | C44: Added to lookup deadband threshold values from Table 2 (M04-S332) for materiality checks for use in R8a (Rows 44-93) | D44: Ofgem
B45: Data tab - Cell C11 | C45: Added to lookup deadband threshold values from Table 3 (M04-S332) for materiality checks for use in R8a - Tax charge (Row95) | D45: Ofgem
A46: V2.0 | B46: Data D273-D274 | C46: Added in Data tab “Swap pay leg – finco back to back” in D273, and “Swap receive leg – finco back to back” in D274. | D46: Ofgem
A47: V2.0 | B47: R8a | C47: Previous version of Col I and J deleted | D47: Ofgem
A48: V2.0 | B48: R8a | C48: Deleted materiality checks from row 31 and above as it's not mandatory for licensees to explain those differences | D48: Ofgem
A49: V2.0 | B49: R8a | C49: Corrected formula in col L to look up correct cell references | D49: SPEN, ESO, NGET
A50: V2.0 | B50: R8a | C50: Removed the word 'turnover' in cells A35, A38 and A41 | D50: ESO, NGET
A51: V2.0 | B51: R8 | C51: Changed the label in cell B11 and description in cell J11 | D51: SPEN, ESO
A52: V2.0 | B52: R3 | C52: Labels are now fomula driven in cells B11 and B45 to include "repex" term only referring to GD2 | D52: SPEN
A53: V2.0 | B53: R8 - Cell J11 | C53: Comment amended to - "R8 row 11 must match with worksheet R8a row 95 minus regulatory adjustments." | D53: SPEN
A54: V2.0 | B54: R4 | C54: Added formulae/ logic to generate cumulative values in col I and J | D54: Ofgem
A55: v2.0 | B55: R6 | C55: 15/06/2023: Added in new section for reconciliation to statutory accounts: R6 cell B21: row label changed from "Total Debt per Statutory Accounts" to "Total Modelled Debt" R6 add in thirteen new rows below row 46 ("Closing regulatory net debt including forecast new debt/refinancing". These rows are headed "Conversion from Regulatory (RIIO-2) Definition of Net Debt to Statutory Net Debt" | D55: Ofgem
A56: v2.0 | B56: R5a | C56: 15/06/2023: Added in additional overwrite lines for Debt Interest Expense R5a add in five new rows below row 53. This adds in five new "Other adjustment (Overwrite)" lines above "Sub Total: "Debt Interest Expense" R5a row 59 "Sub Total: "Debt Interest Expense" formula amended to incorporate the five new rows. In Column M, changed from "=SUM(M40:M53)" to "=SUM(M40:M58)" and pasted across the row. | D56: Ofgem
A57: v2.0 | B57: R1-R10, F3-F6, I1-I2 | C57: Non-input cells have been password protected to prevent any over-writing | D57: Ofgem
... A132: v5.0 | B132: F5 - Inflation Linked Debt - BZ11:CR610; LH11:LY610; MB11:MS610; NP11:OG610 | C132: Formula amended to look up to columns I:K in Monthly Inflation | D132: Cadent

Sheet R1 - RoRE
A1: R1 - Return on Regulatory Equity (RoRE)
A2: =Licensee -> NGED-SWALES
A3: =Reporting_Year -> 2026 | B3: =IF(Licensee=Data!$B$86,"Only required to be completed to show Operational Performance","")
D5: =IF(D6<=Reporting_Year,"Actuals","Forecast") -> Actuals | E5: =IF(E6<=Reporting_Year,"Actuals","Forecast") -> Actuals | F5: =IF(F6<=Reporting_Year,"Actuals","Forecast") -> Actuals | G5: =IF(G6<=Reporting_Year,"Actuals","Forecast") -> Forecast | H5: =IF(H6<=Reporting_Year,"Actuals","Forecast") -> Forecast
D6: =RIIO_2_start_date -> 2024 | E6: =D6+1 -> 2025 | F6: =E6+1 -> 2026 | G6: =F6+1 -> 2027 | H6: =G6+1 -> 2028 | J6: ="Cumulative to "&'RFPR cover'!$C$9 -> Cumulative to 2026 | K6: RIIO-2 period
D7: =RIIO_2_start_date-1&"/"&RIGHT(RIIO_2_start_date,2) -> 2023/24 | E7: =RIIO_2_start_date&"/"&RIGHT(RIIO_2_start_date+1,2) -> 2024/25 | F7: =RIIO_2_start_date+1&"/"&RIGHT(RIIO_2_start_date+2,2) -> 2025/26 | G7: =RIIO_2_start_date+2&"/"&RIGHT(RIIO_2_start_date+3,2) -> 2026/27 | H7: =RIIO_2_start_date+3&"/"&RIGHT(RIIO_2_start_date+4,2) -> 2027/28
B9: RoRE based on Notional Gearing
B11: Allowed Equity Return | C11: % | D11: =IFERROR(Equity_Return_on_the_RAV/NPV_neutral_equity_element_of_RAV,0) -> 0.052833944 | E11: =IFERROR(Equity_Return_on_the_RAV/NPV_neutral_equity_element_of_RAV,0) -> 0.055875458 | F11: =IFERROR(Equity_Return_on_the_RAV/NPV_neutral_equity_element_of_RAV,0) -> 0.054475396 | G11: =IFERROR(Equity_Return_on_the_RAV/NPV_neutral_equity_element_of_RAV,0) -> 0.056672045 | H11: =IFERROR(Equity_Return_on_the_RAV/NPV_neutral_equity_element_of_RAV,0) -> 0.055271983 | J11: =IFERROR(AVERAGE(D69:INDEX(D69:H69,0,MATCH('RFPR cover'!$C$9,$D$6:$H$6,0)))/AVERAGE($D$96:INDEX($D$96:$H$96,0,MATCH('RFPR cover'!$C$9,$D$6:$H$6,0))),0) -> 0.054414228 | K11: =IFERROR(AVERAGE(D69:H69)/AVERAGE($D$96:$H$96),0) -> 0.055074338
B12: =B70 -> Totex outperformance | C12: % | D12: =IFERROR(Totex_outperformance/NPV_neutral_equity_element_of_RAV,0) -> -0.0018610934 | E12: =IFERROR(Totex_outperformance/NPV_neutral_equity_element_of_RAV,0) -> -0.0021821222 | F12: =IFERROR(Totex_outperformance/NPV_neutral_equity_element_of_RAV,0) -> -0.0021982314 | G12: =IFERROR(Totex_outperformance/NPV_neutral_equity_element_of_RAV,0) -> -0.0021267334 | H12: =IFERROR(Totex_outperformance/NPV_neutral_equity_element_of_RAV,0) -> -0.0021338431 | J12: =IFERROR(AVERAGE(D70:INDEX(D70:H70,0,MATCH('RFPR cover'!$C$9,$D$6:$H$6,0)))/AVERAGE($D$96:INDEX($D$96:$H$96,0,MATCH('RFPR cover'!$C$9,$D$6:$H$6,0))),0) -> -0.0020849243 | K12: =IFERROR(AVERAGE(D70:H70)/AVERAGE($D$96:$H$96),0) -> -0.0021044121
A13: a | B13: =B71 -> Business Plan Incentive | C13: % | D13: =IFERROR(Business_Plan_Incentive/NPV_neutral_equity_element_of_RAV,0) -> 0.0013514012 | E13: =IFERROR(Business_Plan_Incentive/NPV_neutral_equity_element_of_RAV,0) -> 0 | F13: =IFERROR(Business_Plan_Incentive/NPV_neutral_equity_element_of_RAV,0) -> 0 | G13: =IFERROR(Business_Plan_Incentive/NPV_neutral_equity_element_of_RAV,0) -> 0 | H13: =IFERROR(Business_Plan_Incentive/NPV_neutral_equity_element_of_RAV,0) -> 0 | J13: =IFERROR(AVERAGE(D71:INDEX(D71:H71,0,MATCH('RFPR cover'!$C$9,$D$6:$H$6,0)))/AVERAGE($D$96:INDEX($D$96:$H$96,0,MATCH('RFPR cover'!$C$9,$D$6:$H$6,0))),0) -> 0.00043276322 | K13: =IFERROR(AVERAGE(D71:H71)/AVERAGE($D$96:$H$96),0) -> 0.00024722863
A14: b | B14: =B72 -> Time to connect ODI | C14: % | D14: =IFERROR(ODI_1/NPV_neutral_equity_element_of_RAV,0) -> 0.00066894906 | E14: =IFERROR(ODI_1/NPV_neutral_equity_element_of_RAV,0) -> 0.0013498531 | F14: =IFERROR(ODI_1/NPV_neutral_equity_element_of_RAV,0) -> 0.0015511578 | G14: =IFERROR(ODI_1/NPV_neutral_equity_element_of_RAV,0) -> 0.001452331 | H14: =IFERROR(ODI_1/NPV_neutral_equity_element_of_RAV,0) -> 0.0013792571 | J14: =IFERROR(AVERAGE(D72:INDEX(D72:H72,0,MATCH('RFPR cover'!$C$9,$D$6:$H$6,0)))/AVERAGE($D$96:INDEX($D$96:$H$96,0,MATCH('RFPR cover'!$C$9,$D$6:$H$6,0))),0) -> 0.0012018614 | K14: =IFERROR(AVERAGE(D72:H72)/AVERAGE($D$96:$H$96),0) -> 0.0012931745
A15: c | B15: =B73 -> Broad Measure of Customer Service ODI | C15: % | D15: =IFERROR(ODI_2/NPV_neutral_equity_element_of_RAV,0) -> 0.00087659096 | E15: =IFERROR(ODI_2/NPV_neutral_equity_element_of_RAV,0) -> 0.00015427087 | F15: =IFERROR(ODI_2/NPV_neutral_equity_element_of_RAV,0) -> 0.001274526 | G15: =IFERROR(ODI_2/NPV_neutral_equity_element_of_RAV,0) -> 0.0021395555 | H15: =IFERROR(ODI_2/NPV_neutral_equity_element_of_RAV,0) -> 0.0025207374 | J15: =IFERROR(AVERAGE(D73:INDEX(D73:H73,0,MATCH('RFPR cover'!$C$9,$D$6:$H$6,0)))/AVERAGE($D$96:INDEX($D$96:$H$96,0,MATCH('RFPR cover'!$C$9,$D$6:$H$6,0))),0) -> 0.00077544233 | K15: =IFERROR(AVERAGE(D73:H73)/AVERAGE($D$96:$H$96),0) -> 0.001444085
A16: d | B16: =B74 -> Interruptions incentive scheme ODI | C16: % | D16: =IFERROR(ODI_3/NPV_neutral_equity_element_of_RAV,0) -> -0.0012067845 | E16: =IFERROR(ODI_3/NPV_neutral_equity_element_of_RAV,0) -> -0.0011529893 | F16: =IFERROR(ODI_3/NPV_neutral_equity_element_of_RAV,0) -> -0.0033036093 | G16: =IFERROR(ODI_3/NPV_neutral_equity_element_of_RAV,0) -> -0.0017501578 | H16: =IFERROR(ODI_3/NPV_neutral_equity_element_of_RAV,0) -> -0.0016620988 | J16: =IFERROR(AVERAGE(D74:INDEX(D74:H74,0,MATCH('RFPR cover'!$C$9,$D$6:$H$6,0)))/AVERAGE($D$96:INDEX($D$96:$H$96,0,MATCH('RFPR cover'!$C$9,$D$6:$H$6,0))),0) -> -0.001918655 | K16: =IFERROR(AVERAGE(D74:H74)/AVERAGE($D$96:$H$96),0) -> -0.0018270533
A17: e | B17: =B75 -> Major connections ODI | C17: % | D17: =IFERROR(ODI_4/NPV_neutral_equity_element_of_RAV,0) -> 0 | E17: =IFERROR(ODI_4/NPV_neutral_equity_element_of_RAV,0) -> 0 | F17: =IFERROR(ODI_4/NPV_neutral_equity_element_of_RAV,0) -> 0 | G17: =IFERROR(ODI_4/NPV_neutral_equity_element_of_RAV,0) -> 0 | H17: =IFERROR(ODI_4/NPV_neutral_equity_element_of_RAV,0) -> 0 | J17: =IFERROR(AVERAGE(D75:INDEX(D75:H75,0,MATCH('RFPR cover'!$C$9,$D$6:$H$6,0)))/AVERAGE($D$96:INDEX($D$96:$H$96,0,MATCH('RFPR cover'!$C$9,$D$6:$H$6,0))),0) -> 0 | K17: =IFERROR(AVERAGE(D75:H75)/AVERAGE($D$96:$H$96),0) -> 0
A18: f | B18: =B76 -> Consumer Vulnerability ODI | C18: % | D18: =IFERROR(ODI_5/NPV_neutral_equity_element_of_RAV,0) -> 0 | E18: =IFERROR(ODI_5/NPV_neutral_equity_element_of_RAV,0) -> 0.00060727566 | F18: =IFERROR(ODI_5/NPV_neutral_equity_element_of_RAV,0) -> 0 | G18: =IFERROR(ODI_5/NPV_neutral_equity_element_of_RAV,0) -> 0 | H18: =IFERROR(ODI_5/NPV_neutral_equity_element_of_RAV,0) -> 0.0015548144 | J18: =IFERROR(AVERAGE(D76:INDEX(D76:H76,0,MATCH('RFPR cover'!$C$9,$D$6:$H$6,0)))/AVERAGE($D$96:INDEX($D$96:$H$96,0,MATCH('RFPR cover'!$C$9,$D$6:$H$6,0))),0) -> 0.00020146755 | K18: =IFERROR(AVERAGE(D76:H76)/AVERAGE($D$96:$H$96),0) -> 0.00045698598
A19: g | B19: =B77 -> Distribution System Operator ODI | C19: % | D19: =IFERROR(ODI_6/NPV_neutral_equity_element_of_RAV,0) -> 0.0018038268 | E19: =IFERROR(ODI_6/NPV_neutral_equity_element_of_RAV,0) -> 0.0043557655 | F19: =IFERROR(ODI_6/NPV_neutral_equity_element_of_RAV,0) -> 0.0041523233 | G19: =IFERROR(ODI_6/NPV_neutral_equity_element_of_RAV,0) -> 0.0037103777 | H19: =IFERROR(ODI_6/NPV_neutral_equity_element_of_RAV,0) -> 0.0035236904 | J19: =IFERROR(AVERAGE(D77:INDEX(D77:H77,0,MATCH('RFPR cover'!$C$9,$D$6:$H$6,0)))/AVERAGE($D$96:INDEX($D$96:$H$96,0,MATCH('RFPR cover'!$C$9,$D$6:$H$6,0))),0) -> 0.0034677505 | K19: =IFERROR(AVERAGE(D77:H77)/AVERAGE($D$96:$H$96),0) -> 0.0035307187
A20: h | B20: =B78 -> Dig, Fix and Go ODI (ENWL only) | C20: % | D20: =IFERROR(ODI_7/NPV_neutral_equity_element_of_RAV,0) -> 0 | E20: =IFERROR(ODI_7/NPV_neutral_equity_element_of_RAV,0) -> 0 | F20: =IFERROR(ODI_7/NPV_neutral_equity_element_of_RAV,0) -> 0 | G20: =IFERROR(ODI_7/NPV_neutral_equity_element_of_RAV,0) -> 0 | H20: =IFERROR(ODI_7/NPV_neutral_equity_element_of_RAV,0) -> 0 | J20: =IFERROR(AVERAGE(D78:INDEX(D78:H78,0,MATCH('RFPR cover'!$C$9,$D$6:$H$6,0)))/AVERAGE($D$96:INDEX($D$96:$H$96,0,MATCH('RFPR cover'!$C$9,$D$6:$H$6,0))),0) -> 0 | K20: =IFERROR(AVERAGE(D78:H78)/AVERAGE($D$96:$H$96),0) -> 0
A21: i | B21: =B79 -> Collaborative Streetworks ODI (EPN, LPN and SPN only) | C21: % | D21: =IFERROR(ODI_8/NPV_neutral_equity_element_of_RAV,0) -> 0 | E21: =IFERROR(ODI_8/NPV_neutral_equity_element_of_RAV,0) -> 0 | F21: =IFERROR(ODI_8/NPV_neutral_equity_element_of_RAV,0) -> 0 | G21: =IFERROR(ODI_8/NPV_neutral_equity_element_of_RAV,0) -> 0 | H21: =IFERROR(ODI_8/NPV_neutral_equity_element_of_RAV,0) -> 0 | J21: =IFERROR(AVERAGE(D79:INDEX(D79:H79,0,MATCH('RFPR cover'!$C$9,$D$6:$H$6,0)))/AVERAGE($D$96:INDEX($D$96:$H$96,0,MATCH('RFPR cover'!$C$9,$D$6:$H$6,0))),0) -> 0 | K21: =IFERROR(AVERAGE(D79:H79)/AVERAGE($D$96:$H$96),0) -> 0
A22: i | B22: =B80 -> Network innovation input for RORE | C22: % | D22: =IFERROR(ORA_1/NPV_neutral_equity_element_of_RAV,0) -> -4.5116565e-06 | E22: =IFERROR(ORA_1/NPV_neutral_equity_element_of_RAV,0) -> -2.163142e-05 | F22: =IFERROR(ORA_1/NPV_neutral_equity_element_of_RAV,0) -> -6.2605792e-05 | G22: =IFERROR(ORA_1/NPV_neutral_equity_element_of_RAV,0) -> -0.00019570916 | H22: =IFERROR(ORA_1/NPV_neutral_equity_element_of_RAV,0) -> -0.00025458329 | J22: =IFERROR(AVERAGE(D80:INDEX(D80:H80,0,MATCH('RFPR cover'!$C$9,$D$6:$H$6,0)))/AVERAGE($D$96:INDEX($D$96:$H$96,0,MATCH('RFPR cover'!$C$9,$D$6:$H$6,0))),0) -> -3.0408626e-05 | K22: =IFERROR(AVERAGE(D80:H80)/AVERAGE($D$96:$H$96),0) -> -0.00011422237
A23: ii | B23: =B81 -> Carry-over Network innovation input for RORE | C23: % | D23: =IFERROR(ORA_2/NPV_neutral_equity_element_of_RAV,0) -> -5.6938635e-05 | E23: =IFERROR(ORA_2/NPV_neutral_equity_element_of_RAV,0) -> 0 | F23: =IFERROR(ORA_2/NPV_neutral_equity_element_of_RAV,0) -> 0 | G23: =IFERROR(ORA_2/NPV_neutral_equity_element_of_RAV,0) -> 0 | H23: =IFERROR(ORA_2/NPV_neutral_equity_element_of_RAV,0) -> 0 | J23: =IFERROR(AVERAGE(D81:INDEX(D81:H81,0,MATCH('RFPR cover'!$C$9,$D$6:$H$6,0)))/AVERAGE($D$96:INDEX($D$96:$H$96,0,MATCH('RFPR cover'!$C$9,$D$6:$H$6,0))),0) -> -1.8233629e-05 | K23: =IFERROR(AVERAGE(D81:H81)/AVERAGE($D$96:$H$96),0) -> -1.0416493e-05
A24: iii | B24: =B82 -> Strategic innovation input for RORE | C24: % | D24: =IFERROR(ORA_3/NPV_neutral_equity_element_of_RAV,0) -> 0 | E24: =IFERROR(ORA_3/NPV_neutral_equity_element_of_RAV,0) -> 0 | F24: =IFERROR(ORA_3/NPV_neutral_equity_element_of_RAV,0) -> 0 | G24: =IFERROR(ORA_3/NPV_neutral_equity_element_of_RAV,0) -> 0 | H24: =IFERROR(ORA_3/NPV_neutral_equity_element_of_RAV,0) -> 0 | J24: =IFERROR(AVERAGE(D82:INDEX(D82:H82,0,MATCH('RFPR cover'!$C$9,$D$6:$H$6,0)))/AVERAGE($D$96:INDEX($D$96:$H$96,0,MATCH('RFPR cover'!$C$9,$D$6:$H$6,0))),0) -> 0 | K24: =IFERROR(AVERAGE(D82:H82)/AVERAGE($D$96:$H$96),0) -> 0
A25: iv | B25: =B83 | C25: % | D25: =IFERROR(ORA_4/NPV_neutral_equity_element_of_RAV,0) -> 0 | E25: =IFERROR(ORA_4/NPV_neutral_equity_element_of_RAV,0) -> 0 | F25: =IFERROR(ORA_4/NPV_neutral_equity_element_of_RAV,0) -> 0 | G25: =IFERROR(ORA_4/NPV_neutral_equity_element_of_RAV,0) -> 0 | H25: =IFERROR(ORA_4/NPV_neutral_equity_element_of_RAV,0) -> 0 | J25: =IFERROR(AVERAGE(D83:INDEX(D83:H83,0,MATCH('RFPR cover'!$C$9,$D$6:$H$6,0)))/AVERAGE($D$96:INDEX($D$96:$H$96,0,MATCH('RFPR cover'!$C$9,$D$6:$H$6,0))),0) -> 0 | K25: =IFERROR(AVERAGE(D83:H83)/AVERAGE($D$96:$H$96),0) -> 0
A26: v | B26: =B84 | C26: % | D26: =IFERROR(ORA_5/NPV_neutral_equity_element_of_RAV,0) -> 0 | E26: =IFERROR(ORA_5/NPV_neutral_equity_element_of_RAV,0) -> 0 | F26: =IFERROR(ORA_5/NPV_neutral_equity_element_of_RAV,0) -> 0 | G26: =IFERROR(ORA_5/NPV_neutral_equity_element_of_RAV,0) -> 0 | H26: =IFERROR(ORA_5/NPV_neutral_equity_element_of_RAV,0) -> 0 | J26: =IFERROR(AVERAGE(D84:INDEX(D84:H84,0,MATCH('RFPR cover'!$C$9,$D$6:$H$6,0)))/AVERAGE($D$96:INDEX($D$96:$H$96,0,MATCH('RFPR cover'!$C$9,$D$6:$H$6,0))),0) -> 0 | K26: =IFERROR(AVERAGE(D84:H84)/AVERAGE($D$96:$H$96),0) -> 0
A27: vi | B27: =B85 | C27: % | D27: =IFERROR(ORA_6/NPV_neutral_equity_element_of_RAV,0) -> 0 | E27: =IFERROR(ORA_6/NPV_neutral_equity_element_of_RAV,0) -> 0 | F27: =IFERROR(ORA_6/NPV_neutral_equity_element_of_RAV,0) -> 0 | G27: =IFERROR(ORA_6/NPV_neutral_equity_element_of_RAV,0) -> 0 | H27: =IFERROR(ORA_6/NPV_neutral_equity_element_of_RAV,0) -> 0 | J27: =IFERROR(AVERAGE(D85:INDEX(D85:H85,0,MATCH('RFPR cover'!$C$9,$D$6:$H$6,0)))/AVERAGE($D$96:INDEX($D$96:$H$96,0,MATCH('RFPR cover'!$C$9,$D$6:$H$6,0))),0) -> 0 | K27: =IFERROR(AVERAGE(D85:H85)/AVERAGE($D$96:$H$96),0) -> 0
A28: vii | B28: =B86 | C28: % | D28: =IFERROR(ORA_7/NPV_neutral_equity_element_of_RAV,0) -> 0 | E28: =IFERROR(ORA_7/NPV_neutral_equity_element_of_RAV,0) -> 0 | F28: =IFERROR(ORA_7/NPV_neutral_equity_element_of_RAV,0) -> 0 | G28: =IFERROR(ORA_7/NPV_neutral_equity_element_of_RAV,0) -> 0 | H28: =IFERROR(ORA_7/NPV_neutral_equity_element_of_RAV,0) -> 0 | J28: =IFERROR(AVERAGE(D86:INDEX(D86:H86,0,MATCH('RFPR cover'!$C$9,$D$6:$H$6,0)))/AVERAGE($D$96:INDEX($D$96:$H$96,0,MATCH('RFPR cover'!$C$9,$D$6:$H$6,0))),0) -> 0 | K28: =IFERROR(AVERAGE(D86:H86)/AVERAGE($D$96:$H$96),0) -> 0
A29: viii | B29: =B87 | C29: % | D29: =IFERROR(ORA_8/NPV_neutral_equity_element_of_RAV,0) -> 0 | E29: =IFERROR(ORA_8/NPV_neutral_equity_element_of_RAV,0) -> 0 | F29: =IFERROR(ORA_8/NPV_neutral_equity_element_of_RAV,0) -> 0 | G29: =IFERROR(ORA_8/NPV_neutral_equity_element_of_RAV,0) -> 0 | H29: =IFERROR(ORA_8/NPV_neutral_equity_element_of_RAV,0) -> 0 | J29: =IFERROR(AVERAGE(D87:INDEX(D87:H87,0,MATCH('RFPR cover'!$C$9,$D$6:$H$6,0)))/AVERAGE($D$96:INDEX($D$96:$H$96,0,MATCH('RFPR cover'!$C$9,$D$6:$H$6,0))),0) -> 0 | K29: =IFERROR(AVERAGE(D87:H87)/AVERAGE($D$96:$H$96),0) -> 0
B30: =B88 -> Penalties and fines (Other Activities) | C30: % | D30: =IFERROR(Penalties_and_fines/NPV_neutral_equity_element_of_RAV,0) -> -3.4755049e-06 | E30: =IFERROR(Penalties_and_fines/NPV_neutral_equity_element_of_RAV,0) -> -0.0061657802 | F30: =IFERROR(Penalties_and_fines/NPV_neutral_equity_element_of_RAV,0) -> -8.6809619e-05 | G30: =IFERROR(Penalties_and_fines/NPV_neutral_equity_element_of_RAV,0) -> 0 | H30: =IFERROR(Penalties_and_fines/NPV_neutral_equity_element_of_RAV,0) -> 0 | J30: =IFERROR(AVERAGE(D88:INDEX(D88:H88,0,MATCH('RFPR cover'!$C$9,$D$6:$H$6,0)))/AVERAGE($D$96:INDEX($D$96:$H$96,0,MATCH('RFPR cover'!$C$9,$D$6:$H$6,0))),0) -> -0.0020768604 | K30: =IFERROR(AVERAGE(D88:H88)/AVERAGE($D$96:$H$96),0) -> -0.0011864672
B31: =B89 -> RoRE - Operational performance | C31: % | D31: =SUM(D11:D30) -> 0.054401908 | E31: =SUM(E11:E30) -> 0.0528201 | F31: =SUM(F11:F30) -> 0.055802147 | G31: =SUM(G11:G30) -> 0.059901709 | H31: =SUM(H11:H30) -> 0.060199957 | J31: =SUM(J11:J30) -> 0.054364431 | K31: =SUM(K11:K30) -> 0.05680396
B32: =B90 -> Debt performance - at notional gearing | C32: % | D32: =IFERROR(Debt_performance___at_notional_gearing/NPV_neutral_equity_element_of_RAV,0) -> 0.097353235 | E32: =IFERROR(Debt_performance___at_notional_gearing/NPV_neutral_equity_element_of_RAV,0) -> 0.038397807 | F32: =IFERROR(Debt_performance___at_notional_gearing/NPV_neutral_equity_element_of_RAV,0) -> 0.041278851 | G32: =IFERROR(Debt_performance___at_notional_gearing/NPV_neutral_equity_element_of_RAV,0) -> 0.036293116 | H32: =IFERROR(Debt_performance___at_notional_gearing/NPV_neutral_equity_element_of_RAV,0) -> 0.015095101 | J32: =IFERROR(AVERAGE(D90:INDEX(D90:H90,0,MATCH('RFPR cover'!$C$9,$D$6:$H$6,0)))/AVERAGE($D$96:INDEX($D$96:$H$96,0,MATCH('RFPR cover'!$C$9,$D$6:$H$6,0))),0) -> 0.058279913 | K32: =IFERROR(AVERAGE(D90:H90)/AVERAGE($D$96:$H$96),0) -> 0.044192436
B33: =B92 -> Tax performance - at notional gearing | C33: % | D33: =IFERROR(Tax_performance___at_notional_gearing/NPV_neutral_equity_element_of_RAV,0) -> 0.00029938806 | E33: =IFERROR(Tax_performance___at_notional_gearing/NPV_neutral_equity_element_of_RAV,0) -> -0.015153114 | F33: =IFERROR(Tax_performance___at_notional_gearing/NPV_neutral_equity_element_of_RAV,0) -> 0.00085660543 | G33: =IFERROR(Tax_performance___at_notional_gearing/NPV_neutral_equity_element_of_RAV,0) -> 3.516528e-05 | H33: =IFERROR(Tax_performance___at_notional_gearing/NPV_neutral_equity_element_of_RAV,0) -> -0.0013502412 | J33: =IFERROR(AVERAGE(D92:INDEX(D92:H92,0,MATCH('RFPR cover'!$C$9,$D$6:$H$6,0)))/AVERAGE($D$96:INDEX($D$96:$H$96,0,MATCH('RFPR cover'!$C$9,$D$6:$H$6,0))),0) -> -0.0046331599 | K33: =IFERROR(AVERAGE(D92:H92)/AVERAGE($D$96:$H$96),0) -> -0.0029363921
B34: =B94 -> RoRE - including financing and tax | C34: % | D34: =SUM(D31:D33) -> 0.15205453 | E34: =SUM(E31:E33) -> 0.076064793 | F34: =SUM(F31:F33) -> 0.097937604 | G34: =SUM(G31:G33) -> 0.09622999 | H34: =SUM(H31:H33) -> 0.073944817 | J34: =SUM(J31:J33) -> 0.10801118 | K34: =SUM(K31:K33) -> 0.098060003
B38: RoRE based on Actual Gearing
B40: Allowed Equity Return | C40: % | D40: =IFERROR(Equity_Return_on_the_RAV/Equity_RAV_based_on_actual_gearing,0) -> 0.045744539 | E40: =IFERROR(Equity_Return_on_the_RAV/Equity_RAV_based_on_actual_gearing,0) -> 0.049338472 | F40: =IFERROR(Equity_Return_on_the_RAV/Equity_RAV_based_on_actual_gearing,0) -> 0.048636734 | G40: =IFERROR(Equity_Return_on_the_RAV/Equity_RAV_based_on_actual_gearing,0) -> 0.055991747 | H40: =IFERROR(Equity_Return_on_the_RAV/Equity_RAV_based_on_actual_gearing,0) -> 0.056913979 | J40: =IFERROR(AVERAGE(D69:INDEX(D69:H69,0,MATCH('RFPR cover'!$C$9,$D$6:$H$6,0)))/AVERAGE($D$97:INDEX($D$97:$H$97,0,MATCH('RFPR cover'!$C$9,$D$6:$H$6,0))),0) -> 0.047926773 | K40: =IFERROR(AVERAGE(D69:H69)/AVERAGE($D$97:$H$97),0) -> 0.051302447
B41: =B70 -> Totex outperformance | C41: % | D41: =IFERROR(Totex_outperformance/Equity_RAV_based_on_actual_gearing,0) -> -0.0016113667 | E41: =IFERROR(Totex_outperformance/Equity_RAV_based_on_actual_gearing,0) -> -0.0019268312 | F41: =IFERROR(Totex_outperformance/Equity_RAV_based_on_actual_gearing,0) -> -0.0019626253 | G41: =IFERROR(Totex_outperformance/Equity_RAV_based_on_actual_gearing,0) -> -0.0021012038 | H41: =IFERROR(Totex_outperformance/Equity_RAV_based_on_actual_gearing,0) -> -0.0021972344 | J41: =IFERROR(AVERAGE(D70:INDEX(D70:H70,0,MATCH('RFPR cover'!$C$9,$D$6:$H$6,0)))/AVERAGE($D$97:INDEX($D$97:$H$97,0,MATCH('RFPR cover'!$C$9,$D$6:$H$6,0))),0) -> -0.0018363524 | K41: =IFERROR(AVERAGE(D70:H70)/AVERAGE($D$97:$H$97),0) -> -0.0019602867
A42: a | B42: =B71 -> Business Plan Incentive | C42: % | D42: =IFERROR(Business_Plan_Incentive/Equity_RAV_based_on_actual_gearing,0) -> 0.0011700664 | E42: =IFERROR(Business_Plan_Incentive/Equity_RAV_based_on_actual_gearing,0) -> 0 | F42: =IFERROR(Business_Plan_Incentive/Equity_RAV_based_on_actual_gearing,0) -> 0 | G42: =IFERROR(Business_Plan_Incentive/Equity_RAV_based_on_actual_gearing,0) -> 0 | H42: =IFERROR(Business_Plan_Incentive/Equity_RAV_based_on_actual_gearing,0) -> 0 | J42: =IFERROR(AVERAGE(D71:INDEX(D71:H71,0,MATCH('RFPR cover'!$C$9,$D$6:$H$6,0)))/AVERAGE($D$97:INDEX($D$97:$H$97,0,MATCH('RFPR cover'!$C$9,$D$6:$H$6,0))),0) -> 0.00038116767 | K42: =IFERROR(AVERAGE(D71:H71)/AVERAGE($D$97:$H$97),0) -> 0.00023029662
A43: b | B43: =B72 -> Time to connect ODI | C43: % | D43: =IFERROR(ODI_1/Equity_RAV_based_on_actual_gearing,0) -> 0.00057918762 | E43: =IFERROR(ODI_1/Equity_RAV_based_on_actual_gearing,0) -> 0.001191931 | F43: =IFERROR(ODI_1/Equity_RAV_based_on_actual_gearing,0) -> 0.001384905 | G43: =IFERROR(ODI_1/Equity_RAV_based_on_actual_gearing,0) -> 0.001434897 | H43: =IFERROR(ODI_1/Equity_RAV_based_on_actual_gearing,0) -> 0.0014202314 | J43: =IFERROR(AVERAGE(D72:INDEX(D72:H72,0,MATCH('RFPR cover'!$C$9,$D$6:$H$6,0)))/AVERAGE($D$97:INDEX($D$97:$H$97,0,MATCH('RFPR cover'!$C$9,$D$6:$H$6,0))),0) -> 0.0010585712 | K43: =IFERROR(AVERAGE(D72:H72)/AVERAGE($D$97:$H$97),0) -> 0.0012046085
A44: c | B44: =B73 -> Broad Measure of Customer Service ODI | C44: % | D44: =IFERROR(ODI_2/Equity_RAV_based_on_actual_gearing,0) -> 0.00075896755 | E44: =IFERROR(ODI_2/Equity_RAV_based_on_actual_gearing,0) -> 0.00013622241 | F44: =IFERROR(ODI_2/Equity_RAV_based_on_actual_gearing,0) -> 0.0011379225 | G44: =IFERROR(ODI_2/Equity_RAV_based_on_actual_gearing,0) -> 0.002113872 | H44: =IFERROR(ODI_2/Equity_RAV_based_on_actual_gearing,0) -> 0.0025956224 | J44: =IFERROR(AVERAGE(D73:INDEX(D73:H73,0,MATCH('RFPR cover'!$C$9,$D$6:$H$6,0)))/AVERAGE($D$97:INDEX($D$97:$H$97,0,MATCH('RFPR cover'!$C$9,$D$6:$H$6,0))),0) -> 0.00068299137 | K44: =IFERROR(AVERAGE(D73:H73)/AVERAGE($D$97:$H$97),0) -> 0.0013451835
A45: d | B45: =B74 -> Interruptions incentive scheme ODI | C45: % | D45: =IFERROR(ODI_3/Equity_RAV_based_on_actual_gearing,0) -> -0.0010448548 | E45: =IFERROR(ODI_3/Equity_RAV_based_on_actual_gearing,0) -> -0.0010180987 | F45: =IFERROR(ODI_3/Equity_RAV_based_on_actual_gearing,0) -> -0.0029495291 | G45: =IFERROR(ODI_3/Equity_RAV_based_on_actual_gearing,0) -> -0.0017291487 | H45: =IFERROR(ODI_3/Equity_RAV_based_on_actual_gearing,0) -> -0.0017114757 | J45: =IFERROR(AVERAGE(D74:INDEX(D74:H74,0,MATCH('RFPR cover'!$C$9,$D$6:$H$6,0)))/AVERAGE($D$97:INDEX($D$97:$H$97,0,MATCH('RFPR cover'!$C$9,$D$6:$H$6,0))),0) -> -0.0016899062 | K45: =IFERROR(AVERAGE(D74:H74)/AVERAGE($D$97:$H$97),0) -> -0.0017019233
A46: e | B46: =B75 -> Major connections ODI | C46: % | D46: =IFERROR(ODI_4/Equity_RAV_based_on_actual_gearing,0) -> 0 | E46: =IFERROR(ODI_4/Equity_RAV_based_on_actual_gearing,0) -> 0 | F46: =IFERROR(ODI_4/Equity_RAV_based_on_actual_gearing,0) -> 0 | G46: =IFERROR(ODI_4/Equity_RAV_based_on_actual_gearing,0) -> 0 | H46: =IFERROR(ODI_4/Equity_RAV_based_on_actual_gearing,0) -> 0 | J46: =IFERROR(AVERAGE(D75:INDEX(D75:H75,0,MATCH('RFPR cover'!$C$9,$D$6:$H$6,0)))/AVERAGE($D$97:INDEX($D$97:$H$97,0,MATCH('RFPR cover'!$C$9,$D$6:$H$6,0))),0) -> 0 | K46: =IFERROR(AVERAGE(D75:H75)/AVERAGE($D$97:$H$97),0) -> 0
A47: f | B47: =B76 -> Consumer Vulnerability ODI | C47: % | D47: =IFERROR(ODI_5/Equity_RAV_based_on_actual_gearing,0) -> 0 | E47: =IFERROR(ODI_5/Equity_RAV_based_on_actual_gearing,0) -> 0.00053622922 | F47: =IFERROR(ODI_5/Equity_RAV_based_on_actual_gearing,0) -> 0 | G47: =IFERROR(ODI_5/Equity_RAV_based_on_actual_gearing,0) -> 0 | H47: =IFERROR(ODI_5/Equity_RAV_based_on_actual_gearing,0) -> 0.0016010042 | J47: =IFERROR(AVERAGE(D76:INDEX(D76:H76,0,MATCH('RFPR cover'!$C$9,$D$6:$H$6,0)))/AVERAGE($D$97:INDEX($D$97:$H$97,0,MATCH('RFPR cover'!$C$9,$D$6:$H$6,0))),0) -> 0.00017744789 | K47: =IFERROR(AVERAGE(D76:H76)/AVERAGE($D$97:$H$97),0) -> 0.00042568825
A48: g | B48: =B77 -> Distribution System Operator ODI | C48: % | D48: =IFERROR(ODI_6/Equity_RAV_based_on_actual_gearing,0) -> 0.0015617843 | E48: =IFERROR(ODI_6/Equity_RAV_based_on_actual_gearing,0) -> 0.0038461755 | F48: =IFERROR(ODI_6/Equity_RAV_based_on_actual_gearing,0) -> 0.0037072781 | G48: =IFERROR(ODI_6/Equity_RAV_based_on_actual_gearing,0) -> 0.0036658379 | H48: =IFERROR(ODI_6/Equity_RAV_based_on_actual_gearing,0) -> 0.0036283707 | J48: =IFERROR(AVERAGE(D77:INDEX(D77:H77,0,MATCH('RFPR cover'!$C$9,$D$6:$H$6,0)))/AVERAGE($D$97:INDEX($D$97:$H$97,0,MATCH('RFPR cover'!$C$9,$D$6:$H$6,0))),0) -> 0.0030543131 | K48: =IFERROR(AVERAGE(D77:H77)/AVERAGE($D$97:$H$97),0) -> 0.0032889094
A49: h | B49: =B78 -> Dig, Fix and Go ODI (ENWL only) | C49: % | D49: =IFERROR(ODI_7/Equity_RAV_based_on_actual_gearing,0) -> 0 | E49: =IFERROR(ODI_7/Equity_RAV_based_on_actual_gearing,0) -> 0 | F49: =IFERROR(ODI_7/Equity_RAV_based_on_actual_gearing,0) -> 0 | G49: =IFERROR(ODI_7/Equity_RAV_based_on_actual_gearing,0) -> 0 | H49: =IFERROR(ODI_7/Equity_RAV_based_on_actual_gearing,0) -> 0 | J49: =IFERROR(AVERAGE(D78:INDEX(D78:H78,0,MATCH('RFPR cover'!$C$9,$D$6:$H$6,0)))/AVERAGE($D$97:INDEX($D$97:$H$97,0,MATCH('RFPR cover'!$C$9,$D$6:$H$6,0))),0) -> 0 | K49: =IFERROR(AVERAGE(D78:H78)/AVERAGE($D$97:$H$97),0) -> 0
A50: i | B50: =B79 -> Collaborative Streetworks ODI (EPN, LPN and SPN only) | C50: % | D50: =IFERROR(ODI_8/Equity_RAV_based_on_actual_gearing,0) -> 0 | E50: =IFERROR(ODI_8/Equity_RAV_based_on_actual_gearing,0) -> 0 | F50: =IFERROR(ODI_8/Equity_RAV_based_on_actual_gearing,0) -> 0 | G50: =IFERROR(ODI_8/Equity_RAV_based_on_actual_gearing,0) -> 0 | H50: =IFERROR(ODI_8/Equity_RAV_based_on_actual_gearing,0) -> 0 | J50: =IFERROR(AVERAGE(D79:INDEX(D79:H79,0,MATCH('RFPR cover'!$C$9,$D$6:$H$6,0)))/AVERAGE($D$97:INDEX($D$97:$H$97,0,MATCH('RFPR cover'!$C$9,$D$6:$H$6,0))),0) -> 0 | K50: =IFERROR(AVERAGE(D79:H79)/AVERAGE($D$97:$H$97),0) -> 0
A51: i | B51: =B80 -> Network innovation input for RORE | C51: % | D51: =IFERROR(ORA_1/Equity_RAV_based_on_actual_gearing,0) -> -3.90627e-06 | E51: =IFERROR(ORA_1/Equity_RAV_based_on_actual_gearing,0) -> -1.9100716e-05 | F51: =IFERROR(ORA_1/Equity_RAV_based_on_actual_gearing,0) -> -5.5895715e-05 | G51: =IFERROR(ORA_1/Equity_RAV_based_on_actual_gearing,0) -> -0.00019335985 | H51: =IFERROR(ORA_1/Equity_RAV_based_on_actual_gearing,0) -> -0.00026214634 | J51: =IFERROR(AVERAGE(D80:INDEX(D80:H80,0,MATCH('RFPR cover'!$C$9,$D$6:$H$6,0)))/AVERAGE($D$97:INDEX($D$97:$H$97,0,MATCH('RFPR cover'!$C$9,$D$6:$H$6,0))),0) -> -2.6783203e-05 | K51: =IFERROR(AVERAGE(D80:H80)/AVERAGE($D$97:$H$97),0) -> -0.00010639959
A52: ii | B52: =B81 -> Carry-over Network innovation input for RORE | C52: % | D52: =IFERROR(ORA_2/Equity_RAV_based_on_actual_gearing,0) -> -4.9298451e-05 | E52: =IFERROR(ORA_2/Equity_RAV_based_on_actual_gearing,0) -> 0 | F52: =IFERROR(ORA_2/Equity_RAV_based_on_actual_gearing,0) -> 0 | G52: =IFERROR(ORA_2/Equity_RAV_based_on_actual_gearing,0) -> 0 | H52: =IFERROR(ORA_2/Equity_RAV_based_on_actual_gearing,0) -> 0 | J52: =IFERROR(AVERAGE(D81:INDEX(D81:H81,0,MATCH('RFPR cover'!$C$9,$D$6:$H$6,0)))/AVERAGE($D$97:INDEX($D$97:$H$97,0,MATCH('RFPR cover'!$C$9,$D$6:$H$6,0))),0) -> -1.6059752e-05 | K52: =IFERROR(AVERAGE(D81:H81)/AVERAGE($D$97:$H$97),0) -> -9.7030957e-06
A53: iii | B53: =B82 -> Strategic innovation input for RORE | C53: % | D53: =IFERROR(ORA_3/Equity_RAV_based_on_actual_gearing,0) -> 0 | E53: =IFERROR(ORA_3/Equity_RAV_based_on_actual_gearing,0) -> 0 | F53: =IFERROR(ORA_3/Equity_RAV_based_on_actual_gearing,0) -> 0 | G53: =IFERROR(ORA_3/Equity_RAV_based_on_actual_gearing,0) -> 0 | H53: =IFERROR(ORA_3/Equity_RAV_based_on_actual_gearing,0) -> 0 | J53: =IFERROR(AVERAGE(D82:INDEX(D82:H82,0,MATCH('RFPR cover'!$C$9,$D$6:$H$6,0)))/AVERAGE($D$97:INDEX($D$97:$H$97,0,MATCH('RFPR cover'!$C$9,$D$6:$H$6,0))),0) -> 0 | K53: =IFERROR(AVERAGE(D82:H82)/AVERAGE($D$97:$H$97),0) -> 0
A54: iv | B54: =B83 | C54: % | D54: =IFERROR(ORA_4/Equity_RAV_based_on_actual_gearing,0) -> 0 | E54: =IFERROR(ORA_4/Equity_RAV_based_on_actual_gearing,0) -> 0 | F54: =IFERROR(ORA_4/Equity_RAV_based_on_actual_gearing,0) -> 0 | G54: =IFERROR(ORA_4/Equity_RAV_based_on_actual_gearing,0) -> 0 | H54: =IFERROR(ORA_4/Equity_RAV_based_on_actual_gearing,0) -> 0 | J54: =IFERROR(AVERAGE(D83:INDEX(D83:H83,0,MATCH('RFPR cover'!$C$9,$D$6:$H$6,0)))/AVERAGE($D$97:INDEX($D$97:$H$97,0,MATCH('RFPR cover'!$C$9,$D$6:$H$6,0))),0) -> 0 | K54: =IFERROR(AVERAGE(D83:H83)/AVERAGE($D$97:$H$97),0) -> 0
A55: v | B55: =B84 | C55: % | D55: =IFERROR(ORA_5/Equity_RAV_based_on_actual_gearing,0) -> 0 | E55: =IFERROR(ORA_5/Equity_RAV_based_on_actual_gearing,0) -> 0 | F55: =IFERROR(ORA_5/Equity_RAV_based_on_actual_gearing,0) -> 0 | G55: =IFERROR(ORA_5/Equity_RAV_based_on_actual_gearing,0) -> 0 | H55: =IFERROR(ORA_5/Equity_RAV_based_on_actual_gearing,0) -> 0 | J55: =IFERROR(AVERAGE(D84:INDEX(D84:H84,0,MATCH('RFPR cover'!$C$9,$D$6:$H$6,0)))/AVERAGE($D$97:INDEX($D$97:$H$97,0,MATCH('RFPR cover'!$C$9,$D$6:$H$6,0))),0) -> 0 | K55: =IFERROR(AVERAGE(D84:H84)/AVERAGE($D$97:$H$97),0) -> 0
A56: vi | B56: =B85 | C56: % | D56: =IFERROR(ORA_6/Equity_RAV_based_on_actual_gearing,0) -> 0 | E56: =IFERROR(ORA_6/Equity_RAV_based_on_actual_gearing,0) -> 0 | F56: =IFERROR(ORA_6/Equity_RAV_based_on_actual_gearing,0) -> 0 | G56: =IFERROR(ORA_6/Equity_RAV_based_on_actual_gearing,0) -> 0 | H56: =IFERROR(ORA_6/Equity_RAV_based_on_actual_gearing,0) -> 0 | J56: =IFERROR(AVERAGE(D85:INDEX(D85:H85,0,MATCH('RFPR cover'!$C$9,$D$6:$H$6,0)))/AVERAGE($D$97:INDEX($D$97:$H$97,0,MATCH('RFPR cover'!$C$9,$D$6:$H$6,0))),0) -> 0 | K56: =IFERROR(AVERAGE(D85:H85)/AVERAGE($D$97:$H$97),0) -> 0
A57: vii | B57: =B86 | C57: % | D57: =IFERROR(ORA_7/Equity_RAV_based_on_actual_gearing,0) -> 0 | E57: =IFERROR(ORA_7/Equity_RAV_based_on_actual_gearing,0) -> 0 | F57: =IFERROR(ORA_7/Equity_RAV_based_on_actual_gearing,0) -> 0 | G57: =IFERROR(ORA_7/Equity_RAV_based_on_actual_gearing,0) -> 0 | H57: =IFERROR(ORA_7/Equity_RAV_based_on_actual_gearing,0) -> 0 | J57: =IFERROR(AVERAGE(D86:INDEX(D86:H86,0,MATCH('RFPR cover'!$C$9,$D$6:$H$6,0)))/AVERAGE($D$97:INDEX($D$97:$H$97,0,MATCH('RFPR cover'!$C$9,$D$6:$H$6,0))),0) -> 0 | K57: =IFERROR(AVERAGE(D86:H86)/AVERAGE($D$97:$H$97),0) -> 0
A58: viii | B58: =B87 | C58: % | D58: =IFERROR(ORA_8/Equity_RAV_based_on_actual_gearing,0) -> 0 | E58: =IFERROR(ORA_8/Equity_RAV_based_on_actual_gearing,0) -> 0 | F58: =IFERROR(ORA_8/Equity_RAV_based_on_actual_gearing,0) -> 0 | G58: =IFERROR(ORA_8/Equity_RAV_based_on_actual_gearing,0) -> 0 | H58: =IFERROR(ORA_8/Equity_RAV_based_on_actual_gearing,0) -> 0 | J58: =IFERROR(AVERAGE(D87:INDEX(D87:H87,0,MATCH('RFPR cover'!$C$9,$D$6:$H$6,0)))/AVERAGE($D$97:INDEX($D$97:$H$97,0,MATCH('RFPR cover'!$C$9,$D$6:$H$6,0))),0) -> 0 | K58: =IFERROR(AVERAGE(D87:H87)/AVERAGE($D$97:$H$97),0) -> 0
B59: =B88 -> Penalties and fines (Other Activities) | C59: % | D59: =IFERROR(Penalties_and_fines/Equity_RAV_based_on_actual_gearing,0) -> -3.009152e-06 | E59: =IFERROR(Penalties_and_fines/Equity_RAV_based_on_actual_gearing,0) -> -0.0054444328 | F59: =IFERROR(Penalties_and_fines/Equity_RAV_based_on_actual_gearing,0) -> -7.7505381e-05 | G59: =IFERROR(Penalties_and_fines/Equity_RAV_based_on_actual_gearing,0) -> 0 | H59: =IFERROR(Penalties_and_fines/Equity_RAV_based_on_actual_gearing,0) -> 0 | J59: =IFERROR(AVERAGE(D88:INDEX(D88:H88,0,MATCH('RFPR cover'!$C$9,$D$6:$H$6,0)))/AVERAGE($D$97:INDEX($D$97:$H$97,0,MATCH('RFPR cover'!$C$9,$D$6:$H$6,0))),0) -> -0.0018292498 | K59: =IFERROR(AVERAGE(D88:H88)/AVERAGE($D$97:$H$97),0) -> -0.0011052092
B60: =B89 -> RoRE - Operational performance | C60: % | D60: =SUM(D40:D59) -> 0.047102109 | E60: =SUM(E40:E59) -> 0.046640567 | F60: =SUM(F40:F59) -> 0.049821284 | G60: =SUM(G40:G59) -> 0.059182641 | H60: =SUM(H40:H59) -> 0.061988351 | J60: =SUM(J40:J59) -> 0.047882913 | K60: =SUM(K40:K59) -> 0.052913611
B61: Debt performance - at actual gearing | C61: % | D61: =IFERROR((Debt_performance___at_notional_gearing+Debt_performance___impact_of_actual_gearing)/Equity_RAV_based_on_actual_gearing,0) -> 0.079741023 | E61: =IFERROR((Debt_performance___at_notional_gearing+Debt_performance___impact_of_actual_gearing)/Equity_RAV_based_on_actual_gearing,0) -> 0.034619391 | F61: =IFERROR((Debt_performance___at_notional_gearing+Debt_performance___impact_of_actual_gearing)/Equity_RAV_based_on_actual_gearing,0) -> 0.037324122 | G61: =IFERROR((Debt_performance___at_notional_gearing+Debt_performance___impact_of_actual_gearing)/Equity_RAV_based_on_actual_gearing,0) -> 0.035951136 | H61: =IFERROR((Debt_performance___at_notional_gearing+Debt_performance___impact_of_actual_gearing)/Equity_RAV_based_on_actual_gearing,0) -> 0.014891856 | J61: =IFERROR((AVERAGE(D90:INDEX(D90:H90,0,MATCH('RFPR cover'!$C$9,$D$6:$H$6,0)))+AVERAGE(D91:INDEX(D91:H91,0,MATCH('RFPR cover'!$C$9,$D$6:$H$6,0))))/AVERAGE($D$97:INDEX($D$97:$H$97,0,MATCH('RFPR cover'!$C$9,$D$6:$H$6,0))),0) -> 0.050247055 | K61: =IFERROR((AVERAGE(D90:H90)+AVERAGE(D91:H91))/AVERAGE($D$97:$H$97),0) -> 0.040399372
B62: Tax performance - at actual gearing | C62: % | D62: =IFERROR((Tax_performance___at_notional_gearing+Tax_performance___impact_of_actual_gearing)/D$97,0) -> 0.0013964867 | E62: =IFERROR((Tax_performance___at_notional_gearing+Tax_performance___impact_of_actual_gearing)/E$97,0) -> -0.013558775 | F62: =IFERROR((Tax_performance___at_notional_gearing+Tax_performance___impact_of_actual_gearing)/F$97,0) -> 0.00064741222 | G62: =IFERROR((Tax_performance___at_notional_gearing+Tax_performance___impact_of_actual_gearing)/G$97,0) -> 1.1321333e-05 | H62: =IFERROR((Tax_performance___at_notional_gearing+Tax_performance___impact_of_actual_gearing)/H$97,0) -> -0.0012274328 | J62: =IFERROR((AVERAGE(D92:INDEX(D92:H92,0,MATCH('RFPR cover'!$C$9,$D$6:$H$6,0)))+AVERAGE(D93:INDEX(D93:H93,0,MATCH('RFPR cover'!$C$9,$D$6:$H$6,0))))/AVERAGE($D$97:INDEX($D$97:$H$97,0,MATCH('RFPR cover'!$C$9,$D$6:$H$6,0))),0) -> -0.0038096477 | K62: =IFERROR((AVERAGE(D92:H92)+AVERAGE(D93:H93))/AVERAGE($D$97:$H$97),0) -> -0.0025436758
B63: =B94 -> RoRE - including financing and tax | C63: % | D63: =SUM(D60:D62) -> 0.12823962 | E63: =SUM(E60:E62) -> 0.067701183 | F63: =SUM(F60:F62) -> 0.087792818 | G63: =SUM(G60:G62) -> 0.095145099 | H63: =SUM(H60:H62) -> 0.075652775 | J63: =SUM(J60:J62) -> 0.094320321 | K63: =SUM(K60:K62) -> 0.090769307
B66: RoRE input values
B67: ="Input values provided in "&Data!C9&" prices" -> Input values provided in £m 20/21 prices
B69: Equity Return on the RAV | C69: =Data!$C$9 -> £m 20/21 | D69: ='R7 - RAV'!F44 -> 26.976017 | E69: ='R7 - RAV'!G44 -> 29.555552 | F69: ='R7 - RAV'!H44 -> 30.226768 | G69: ='R7 - RAV'!I44 -> 33.030024 | H69: ='R7 - RAV'!J44 -> 33.920749 | J69: =SUM(D69:INDEX(D69:H69,0,MATCH('RFPR cover'!$C$9,$D$6:$H$6,0))) -> 86.758337 | K69: =SUM(D69:H69) -> 153.70911
B70: Totex outperformance | C70: =Data!$C$9 -> £m 20/21 | D70: ='R3 - Totex - Reconciliation'!D102 -> -0.95023927 | E70: ='R3 - Totex - Reconciliation'!E102 -> -1.1542425 | F70: ='R3 - Totex - Reconciliation'!F102 -> -1.2197328 | G70: ='R3 - Totex - Reconciliation'!G102 -> -1.2395186 | H70: ='R3 - Totex - Reconciliation'!H102 -> -1.3095524 | J70: =SUM(D70:INDEX(D70:H70,0,MATCH('RFPR cover'!$C$9,$D$6:$H$6,0))) -> -3.3242146 | K70: =SUM(D70:H70) -> -5.8732856
A71: a | B71: Business Plan Incentive | C71: =Data!$C$9 -> £m 20/21 | D71: ='R4 - Incentives and Other Rev'!D12 -> 0.69 | E71: ='R4 - Incentives and Other Rev'!E12 -> 0 | F71: ='R4 - Incentives and Other Rev'!F12 -> 0 | G71: ='R4 - Incentives and Other Rev'!G12 -> 0 | H71: ='R4 - Incentives and Other Rev'!H12 -> 0 | J71: =SUM(D71:INDEX(D71:H71,0,MATCH('RFPR cover'!$C$9,$D$6:$H$6,0))) -> 0.69 | K71: =SUM(D71:H71) -> 0.69
A72: b | B72: ='R4 - Incentives and Other Rev'!B14 -> Time to connect ODI | C72: =Data!$C$9 -> £m 20/21 | D72: ='R4 - Incentives and Other Rev'!D14 -> 0.3415528 | E72: ='R4 - Incentives and Other Rev'!E14 -> 0.71401035 | F72: ='R4 - Incentives and Other Rev'!F14 -> 0.86069105 | G72: ='R4 - Incentives and Other Rev'!G14 -> 0.84645838 | H72: ='R4 - Incentives and Other Rev'!H14 -> 0.84645838 | J72: =SUM(D72:INDEX(D72:H72,0,MATCH('RFPR cover'!$C$9,$D$6:$H$6,0))) -> 1.9162542 | K72: =SUM(D72:H72) -> 3.609171
A73: c | B73: ='R4 - Incentives and Other Rev'!B15 -> Broad Measure of Customer Service ODI | C73: =Data!$C$9 -> £m 20/21 | D73: ='R4 - Incentives and Other Rev'!D15 -> 0.44757084 | E73: ='R4 - Incentives and Other Rev'!E15 -> 0.081602211 | F73: ='R4 - Incentives and Other Rev'!F15 -> 0.70719635 | G73: ='R4 - Incentives and Other Rev'!G15 -> 1.2469917 | H73: ='R4 - Incentives and Other Rev'!H15 -> 1.5469917 | J73: =SUM(D73:INDEX(D73:H73,0,MATCH('RFPR cover'!$C$9,$D$6:$H$6,0))) -> 1.2363694 | K73: =SUM(D73:H73) -> 4.0303529
A74: d | B74: ='R4 - Incentives and Other Rev'!B16 -> Interruptions incentive scheme ODI | C74: =Data!$C$9 -> £m 20/21 | D74: ='R4 - Incentives and Other Rev'!D16 -> -0.61616146 | E74: ='R4 - Incentives and Other Rev'!E16 -> -0.60987842 | F74: ='R4 - Incentives and Other Rev'!F16 -> -1.833074 | G74: ='R4 - Incentives and Other Rev'!G16 -> -1.0200401 | H74: ='R4 - Incentives and Other Rev'!H16 -> -1.0200401 | J74: =SUM(D74:INDEX(D74:H74,0,MATCH('RFPR cover'!$C$9,$D$6:$H$6,0))) -> -3.0591138 | K74: =SUM(D74:H74) -> -5.0991939
A75: e | B75: ='R4 - Incentives and Other Rev'!B17 -> Major connections ODI | C75: =Data!$C$9 -> £m 20/21 | D75: ='R4 - Incentives and Other Rev'!D17 -> 0 | E75: ='R4 - Incentives and Other Rev'!E17 -> 0 | F75: ='R4 - Incentives and Other Rev'!F17 -> 0 | G75: ='R4 - Incentives and Other Rev'!G17 -> 0 | H75: ='R4 - Incentives and Other Rev'!H17 -> 0 | J75: =SUM(D75:INDEX(D75:H75,0,MATCH('RFPR cover'!$C$9,$D$6:$H$6,0))) -> 0 | K75: =SUM(D75:H75) -> 0
A76: f | B76: ='R4 - Incentives and Other Rev'!B18 -> Consumer Vulnerability ODI | C76: =Data!$C$9 -> £m 20/21 | D76: ='R4 - Incentives and Other Rev'!D18 -> 0 | E76: ='R4 - Incentives and Other Rev'!E18 -> 0.32122095 | F76: ='R4 - Incentives and Other Rev'!F18 -> 0 | G76: ='R4 - Incentives and Other Rev'!G18 -> 0 | H76: ='R4 - Incentives and Other Rev'!H18 -> 0.95419899 | J76: =SUM(D76:INDEX(D76:H76,0,MATCH('RFPR cover'!$C$9,$D$6:$H$6,0))) -> 0.32122095 | K76: =SUM(D76:H76) -> 1.2754199
A77: g | B77: ='R4 - Incentives and Other Rev'!B19 -> Distribution System Operator ODI | C77: =Data!$C$9 -> £m 20/21 | D77: ='R4 - Incentives and Other Rev'!D19 -> 0.921 | E77: ='R4 - Incentives and Other Rev'!E19 -> 2.304 | F77: ='R4 - Incentives and Other Rev'!F19 -> 2.304 | G77: ='R4 - Incentives and Other Rev'!G19 -> 2.1625101 | H77: ='R4 - Incentives and Other Rev'!H19 -> 2.1625101 | J77: =SUM(D77:INDEX(D77:H77,0,MATCH('RFPR cover'!$C$9,$D$6:$H$6,0))) -> 5.529 | K77: =SUM(D77:H77) -> 9.8540201
A78: h | B78: ='R4 - Incentives and Other Rev'!B20 -> Dig, Fix and Go ODI (ENWL only) | C78: =Data!$C$9 -> £m 20/21 | D78: ='R4 - Incentives and Other Rev'!D20 -> 0 | E78: ='R4 - Incentives and Other Rev'!E20 -> 0 | F78: ='R4 - Incentives and Other Rev'!F20 -> 0 | G78: ='R4 - Incentives and Other Rev'!G20 -> 0 | H78: ='R4 - Incentives and Other Rev'!H20 -> 0 | J78: =SUM(D78:INDEX(D78:H78,0,MATCH('RFPR cover'!$C$9,$D$6:$H$6,0))) -> 0 | K78: =SUM(D78:H78) -> 0
A79: i | B79: ='R4 - Incentives and Other Rev'!B21 -> Collaborative Streetworks ODI (EPN, LPN and SPN only) | C79: =Data!$C$9 -> £m 20/21 | D79: ='R4 - Incentives and Other Rev'!D21 -> 0 | E79: ='R4 - Incentives and Other Rev'!E21 -> 0 | F79: ='R4 - Incentives and Other Rev'!F21 -> 0 | G79: ='R4 - Incentives and Other Rev'!G21 -> 0 | H79: ='R4 - Incentives and Other Rev'!H21 -> 0 | J79: =SUM(D79:INDEX(D79:H79,0,MATCH('RFPR cover'!$C$9,$D$6:$H$6,0))) -> 0 | K79: =SUM(D79:H79) -> 0
A80: i | B80: ='R4 - Incentives and Other Rev'!B45 -> Network innovation input for RORE | C80: =Data!$C$9 -> £m 20/21 | D80: =-'R4 - Incentives and Other Rev'!D45 -> -0.0023035669 | E80: =-'R4 - Incentives and Other Rev'!E45 -> -0.011442028 | F80: =-'R4 - Incentives and Other Rev'!F45 -> -0.034738081 | G80: =-'R4 - Incentives and Other Rev'!G45 -> -0.11406468 | H80: =-'R4 - Incentives and Other Rev'!H45 -> -0.1562393 | J80: =SUM(D80:INDEX(D80:H80,0,MATCH('RFPR cover'!$C$9,$D$6:$H$6,0))) -> -0.048483676 | K80: =SUM(D80:H80) -> -0.31878765
A81: ii | B81: ='R4 - Incentives and Other Rev'!B52 -> Carry-over Network innovation input for RORE | C81: =Data!$C$9 -> £m 20/21 | D81: =-'R4 - Incentives and Other Rev'!D52 -> -0.029071795 | E81: =-'R4 - Incentives and Other Rev'!E52 -> 0 | F81: =-'R4 - Incentives and Other Rev'!F52 -> 0 | G81: =-'R4 - Incentives and Other Rev'!G52 -> 0 | H81: =-'R4 - Incentives and Other Rev'!H52 -> 0 | J81: =SUM(D81:INDEX(D81:H81,0,MATCH('RFPR cover'!$C$9,$D$6:$H$6,0))) -> -0.029071795 | K81: =SUM(D81:H81) -> -0.029071795
A82: iii | B82: ='R4 - Incentives and Other Rev'!B59 -> Strategic innovation input for RORE | C82: =Data!$C$9 -> £m 20/21 | D82: =-'R4 - Incentives and Other Rev'!D59 -> 0 | E82: =-'R4 - Incentives and Other Rev'!E59 -> 0 | F82: =-'R4 - Incentives and Other Rev'!F59 -> 0 | G82: =-'R4 - Incentives and Other Rev'!G59 -> 0 | H82: =-'R4 - Incentives and Other Rev'!H59 -> 0 | J82: =SUM(D82:INDEX(D82:H82,0,MATCH('RFPR cover'!$C$9,$D$6:$H$6,0))) -> 0 | K82: =SUM(D82:H82) -> 0
A83: iv | B83: ='R4 - Incentives and Other Rev'!B66 | C83: =Data!$C$9 -> £m 20/21 | D83: ='R4 - Incentives and Other Rev'!D66 -> 0 | E83: ='R4 - Incentives and Other Rev'!E66 -> 0 | F83: ='R4 - Incentives and Other Rev'!F66 -> 0 | G83: ='R4 - Incentives and Other Rev'!G66 -> 0 | H83: ='R4 - Incentives and Other Rev'!H66 -> 0 | J83: =SUM(D83:INDEX(D83:H83,0,MATCH('RFPR cover'!$C$9,$D$6:$H$6,0))) -> 0 | K83: =SUM(D83:H83) -> 0
A84: v | B84: ='R4 - Incentives and Other Rev'!B67 | C84: =Data!$C$9 -> £m 20/21 | D84: ='R4 - Incentives and Other Rev'!D67 -> 0 | E84: ='R4 - Incentives and Other Rev'!E67 -> 0 | F84: ='R4 - Incentives and Other Rev'!F67 -> 0 | G84: ='R4 - Incentives and Other Rev'!G67 -> 0 | H84: ='R4 - Incentives and Other Rev'!H67 -> 0 | J84: =SUM(D84:INDEX(D84:H84,0,MATCH('RFPR cover'!$C$9,$D$6:$H$6,0))) -> 0 | K84: =SUM(D84:H84) -> 0
A85: vi | B85: ='R4 - Incentives and Other Rev'!B68 | C85: =Data!$C$9 -> £m 20/21 | D85: ='R4 - Incentives and Other Rev'!D68 -> 0 | E85: ='R4 - Incentives and Other Rev'!E68 -> 0 | F85: ='R4 - Incentives and Other Rev'!F68 -> 0 | G85: ='R4 - Incentives and Other Rev'!G68 -> 0 | H85: ='R4 - Incentives and Other Rev'!H68 -> 0 | J85: =SUM(D85:INDEX(D85:H85,0,MATCH('RFPR cover'!$C$9,$D$6:$H$6,0))) -> 0 | K85: =SUM(D85:H85) -> 0
A86: vii | B86: ='R4 - Incentives and Other Rev'!B69 | C86: =Data!$C$9 -> £m 20/21 | D86: ='R4 - Incentives and Other Rev'!D69 -> 0 | E86: ='R4 - Incentives and Other Rev'!E69 -> 0 | F86: ='R4 - Incentives and Other Rev'!F69 -> 0 | G86: ='R4 - Incentives and Other Rev'!G69 -> 0 | H86: ='R4 - Incentives and Other Rev'!H69 -> 0 | J86: =SUM(D86:INDEX(D86:H86,0,MATCH('RFPR cover'!$C$9,$D$6:$H$6,0))) -> 0 | K86: =SUM(D86:H86) -> 0
A87: viii | B87: ='R4 - Incentives and Other Rev'!B70 | C87: =Data!$C$9 -> £m 20/21 | D87: ='R4 - Incentives and Other Rev'!D70 -> 0 | E87: ='R4 - Incentives and Other Rev'!E70 -> 0 | F87: ='R4 - Incentives and Other Rev'!F70 -> 0 | G87: ='R4 - Incentives and Other Rev'!G70 -> 0 | H87: ='R4 - Incentives and Other Rev'!H70 -> 0 | J87: =SUM(D87:INDEX(D87:H87,0,MATCH('RFPR cover'!$C$9,$D$6:$H$6,0))) -> 0 | K87: =SUM(D87:H87) -> 0
B88: Penalties and fines (Other Activities) | C88: =Data!$C$9 -> £m 20/21 | D88: =-'R10 - Pensions & Oth Activities'!D54 -> -0.0017745274 | E88: =-'R10 - Pensions & Oth Activities'!E54 -> -3.2614147 | F88: =-'R10 - Pensions & Oth Activities'!F54 -> -0.048168061 | G88: =-'R10 - Pensions & Oth Activities'!G54 -> 0 | H88: =-'R10 - Pensions & Oth Activities'!H54 -> 0 | J88: =SUM(D88:INDEX(D88:H88,0,MATCH('RFPR cover'!$C$9,$D$6:$H$6,0))) -> -3.3113573 | K88: =SUM(D88:H88) -> -3.3113573
B89: RoRE - Operational performance | C89: =Data!$C$9 -> £m 20/21 | D89: =SUM(D69:D88) -> 27.77659 | E89: =SUM(E69:E88) -> 27.939408 | F89: =SUM(F69:F88) -> 30.962942 | G89: =SUM(G69:G88) -> 34.912361 | H89: =SUM(H69:H88) -> 36.945077 | J89: =SUM(J69:J88) -> 86.678941 | K89: =SUM(K69:K88) -> 158.53638
B90: Debt performance - at notional gearing | C90: =Data!$C$9 -> £m 20/21 | D90: =IFERROR('R5 - Financing'!D85,0) -> 49.706729 | E90: =IFERROR('R5 - Financing'!E85,0) -> 20.310677 | F90: =IFERROR('R5 - Financing'!F85,0) -> 22.9044 | G90: =IFERROR('R5 - Financing'!G85,0) -> 21.152625 | H90: =IFERROR('R5 - Financing'!H85,0) -> 9.2639543 | J90: =SUM(D90:INDEX(D90:H90,0,MATCH('RFPR cover'!$C$9,$D$6:$H$6,0))) -> 92.921806 | K90: =SUM(D90:H90) -> 123.33839
B91: Debt performance - impact of actual gearing | C91: =Data!$C$9 -> £m 20/21 | D91: =IFERROR('R5 - Financing'!D87,0) -> -2.6826416 | E91: =IFERROR('R5 - Financing'!E87,0) -> 0.42760593 | F91: =IFERROR('R5 - Financing'!F87,0) -> 0.29180337 | G91: =IFERROR('R5 - Financing'!G87,0) -> 0.055266949 | H91: =IFERROR('R5 - Financing'!H87,0) -> -0.38840329 | J91: =SUM(D91:INDEX(D91:H91,0,MATCH('RFPR cover'!$C$9,$D$6:$H$6,0))) -> -1.9632323 | K91: =SUM(D91:H91) -> -2.2963686
B92: Tax performance - at notional gearing | C92: =Data!$C$9 -> £m 20/21 | D92: =IFERROR('R8 - Tax'!E62,0) -> 0.15286191 | E92: =IFERROR('R8 - Tax'!F62,0) -> -8.0153016 | F92: =IFERROR('R8 - Tax'!G62,0) -> 0.47530473 | G92: =IFERROR('R8 - Tax'!H62,0) -> 0.020495291 | H92: =IFERROR('R8 - Tax'!I62,0) -> -0.82865118 | J92: =SUM(D92:INDEX(D92:H92,0,MATCH('RFPR cover'!$C$9,$D$6:$H$6,0))) -> -7.387135 | K92: =SUM(D92:H92) -> -8.1952909
B93: Tax performance - impact of actual gearing | C93: =Data!$C$9 -> £m 20/21 | D93: =IFERROR('R8 - Tax'!E64,0) -> 0.6706604 | E93: =IFERROR('R8 - Tax'!F64,0) -> -0.10690148 | F93: =IFERROR('R8 - Tax'!G64,0) -> -0.072950843 | G93: =IFERROR('R8 - Tax'!H64,0) -> -0.013816737 | H93: =IFERROR('R8 - Tax'!I64,0) -> 0.097100822 | J93: =SUM(D93:INDEX(D93:H93,0,MATCH('RFPR cover'!$C$9,$D$6:$H$6,0))) -> 0.49080808 | K93: =SUM(D93:H93) -> 0.57409216
B94: RoRE - including financing and tax | C94: =Data!$C$9 -> £m 20/21 | D94: =IF(OR(Licensee=Data!$B$86,Licensee=Data!$B$89),"N/A",SUM(D89:D93)) -> 75.6242 | E94: =IF(OR(Licensee=Data!$B$86,Licensee=Data!$B$89),"N/A",SUM(E89:E93)) -> 40.555489 | F94: =IF(OR(Licensee=Data!$B$86,Licensee=Data!$B$89),"N/A",SUM(F89:F93)) -> 54.561499 | G94: =IF(OR(Licensee=Data!$B$86,Licensee=Data!$B$89),"N/A",SUM(G89:G93)) -> 56.126931 | H94: =IF(OR(Licensee=Data!$B$86,Licensee=Data!$B$89),"N/A",SUM(H89:H93)) -> 45.089078 | J94: =SUM(J89:J93) -> 170.74119 | K94: =SUM(K89:K93) -> 271.9572
B96: NPV-neutral equity RAV based on notional gearing | C96: =Data!$C$9 -> £m 20/21 | D96: ='R7 - RAV'!F40 -> 510.58118 | E96: ='R7 - RAV'!G40 -> 528.9541 | F96: ='R7 - RAV'!H40 -> 554.87009 | G96: ='R7 - RAV'!I40 -> 582.82746 | H96: ='R7 - RAV'!J40 -> 613.70603
B97: Equity RAV based on actual gearing | C97: =Data!$C$9 -> £m 20/21 | D97: =IFERROR('R6 - Net Debt'!D73,0) -> 589.71011 | E97: =IFERROR('R6 - Net Debt'!E73,0) -> 599.03663 | F97: =IFERROR('R6 - Net Debt'!F73,0) -> 621.48022 | G97: =IFERROR('R6 - Net Debt'!G73,0) -> 589.9088 | H97: =IFERROR('R6 - Net Debt'!H73,0) -> 596.00031

Sheet R2 - Rec to Revenue and Profit
A1: R2 - Reconciliation to Revenue and Profit
A2: =Licensee -> NGED-SWALES
A3: =Reporting_Year -> 2026
E5: =IF(E6<=Reporting_Year,"Actuals","Forecast") -> Actuals | F5: =IF(F6<=Reporting_Year,"Actuals","Forecast") -> Actuals | G5: =IF(G6<=Reporting_Year,"Actuals","Forecast") -> Actuals | H5: =IF(H6<=Reporting_Year,"Actuals","Forecast") -> Forecast | I5: =IF(I6<=Reporting_Year,"Actuals","Forecast") -> Forecast
E6: =RIIO_2_start_date -> 2024 | F6: =E6+1 -> 2025 | G6: =F6+1 -> 2026 | H6: =G6+1 -> 2027 | I6: =H6+1 -> 2028
E7: =RIIO_2_start_date-1&"/"&RIGHT(RIIO_2_start_date,2) -> 2023/24 | F7: =RIIO_2_start_date&"/"&RIGHT(RIIO_2_start_date+1,2) -> 2024/25 | G7: =RIIO_2_start_date+1&"/"&RIGHT(RIIO_2_start_date+2,2) -> 2025/26 | H7: =RIIO_2_start_date+2&"/"&RIGHT(RIIO_2_start_date+3,2) -> 2026/27 | I7: =RIIO_2_start_date+3&"/"&RIGHT(RIIO_2_start_date+4,2) -> 2027/28
B9: Reconciliation: Regulated Network Revenue to Accounts
B11: Allowed Revenue - per latest published PCFM
B13: Calculated revenue (as published) | C13: =IF(Licensee="NGGT (SO)","SORt* x PIt* / PI2018/19",IF(Sector="ED2","Rt* x PIt* / PI2020/21","Rt* x PIt* / PI2018/19")) -> Rt* x PIt* / PI2020/21 | D13: £m nominal | E13: 285.83079 | F13: 290.28497 | G13: 296.94587
B14: AIP adjustment term (as published)- not applicable to ED sector | C14: =IF(Licensee="NGGT (SO)","SOADJt*","ADJt*") -> ADJt* | D14: £m nominal
B15: =IF(Sector="ED2","Calculated revenue","Adjusted revenue (as published)") -> Calculated revenue | C15: =IF(Licensee="NGGT (SO)","SOADJRt*",IF(Sector="ED2"," ","ADJRt*")) | D15: £m nominal | E15: =SUM(E13:E14) -> 285.83079 | F15: =SUM(F13:F14) -> 290.28497 | G15: =SUM(G13:G14) -> 296.94587 | H15: =SUM(H13:H14) -> 0 | I15: =SUM(I13:I14) -> 0
B16: Legacy Allowed Revenue | C16: =IF(OR(Licensee="ESO",Licensee="NGGT (SO)"),"SOLARt","LARt") -> LARt | D16: £m nominal | E16: -15.476988 | F16: 19.041075 | G16: 0.71954494
B17: K Correction Factor | C17: =IF(Licensee="NGGT (SO)","SOKt","Kt") -> Kt | D17: £m nominal | E17: 0.46195207 | F17: 19.951813 | G17: -24.009796
B18: Forecasting penalty (ED only) | C18: FPt | D18: £m nominal | E18: 0 | F18: 0 | G18: 0
B19: Allowed Network Revenue | C19: =IF(Licensee="ESO","SOIARt",IF(Licensee="NGGT (SO)","SOARt","ARt")) -> ARt | D19: £m nominal | E19: =SUM(E15:E18) -> 270.81576 | F19: =SUM(F15:F18) -> 329.27786 | G19: =SUM(G15:G18) -> 273.65562 | H19: =SUM(H15:H18) -> 0 | I19: =SUM(I15:I18) -> 0
B21: (Under) / Over recovery | D21: £m nominal | E21: =IF(ISBLANK(E25),0,E25-E19) -> -18.59166 | F21: =IF(ISBLANK(F25),0,F25-F19) -> 22.17374 | G21: =IF(ISBLANK(G25),0,G25-G19) -> 6.8982504 | H21: =IF(ISBLANK(H25),0,H25-H19) -> 0 | I21: =IF(ISBLANK(I25),0,I25-I19) -> 0
B25: Collected Regulated Network Revenue (per latest PCFM) | C25: RRt | D25: £m nominal | E25: 252.2241 | F25: 351.4516 | G25: 280.55387
B27: Other Turnover Items
B28: Strategic Innovation Fund (SIF) payments received from TO | D28: £m nominal | E28: 0 | F28: 0 | G28: 0
B29: Legacy Metering Equipment charges | D29: £m nominal | E29: 0.6264 | F29: 0.5821 | G29: 0.5905353
B30: Directly Remunerated Services revenue | D30: £m nominal | E30: 28.5668 | F30: 37.8481 | G30: 46.702651
B31: Network Asset Secondary Deliverables incentive/penalty | D31: £m nominal | E31: 0 | F31: 0 | G31: 0
B32: Charging outside the Distribution Services Area (Out of Area Charges) | D32: £m nominal | E32: 0 | F32: 0 | G32: 0
B33: De Minimis Business of the licensee | D33: £m nominal | E33: 2.1512 | F33: 2.8237 | G33: 1.1338518
B34: Other consented activities | D34: £m nominal | E34: 0 | F34: 0 | G34: 0
B35: Data Services revenue | D35: £m nominal | E35: 0 | F35: 0 | G35: 0
B36: [Input description, add additional rows as required] | D36: £m nominal
B37: Total Other Turnover Items | D37: £m nominal | E37: =SUM(E28:E36) -> 31.3444 | F37: =SUM(F28:F36) -> 41.2539 | G37: =SUM(G28:G36) -> 48.427038 | H37: =SUM(H28:H36) -> 0 | I37: =SUM(I28:I36) -> 0
B39: Other adjustments - please list
B40: Statutory turnover / Regulatory cost recoveries | D40: £m nominal | E40: 0.72698448 | F40: 0.84702391 | G40: 0.95892431
B41: Statutory cost recoveries / Regulatory income | D41: £m nominal | E41: -0.46724118 | F41: -0.48048979 | G41: -0.32410812
B42: NIA and LCN Tier 2 income adjustments | D42: £m nominal | E42: -0.38660854 | F42: -0.09591936 | G42: -0.40085783
B43: Connections Contributions not treated as revenue Outside Price Control | D43: £m nominal | E43: -23.9759 | F43: -33.2715 | G43: -43.2072
B44: Amortisation of customer contributions included in Stat Accounts | D44: £m nominal | E44: 8.3463 | F44: 8.7573 | G44: 9.3126
B45: Other (including rounding) | D45: £m nominal | E45: 0.027028159 | F45: -0.11511287 | G45: 0
B46: [Input description] | D46: £m nominal
B47: [Input description] | D47: £m nominal
B48: [Input description] | D48: £m nominal
B49: [Input description] | D49: £m nominal
B50: [Input description] | D50: £m nominal
B51: [Input description] | D51: £m nominal
B52: [Input description] | D52: £m nominal
B53: [Input description] | D53: £m nominal
B54: [Input description] | D54: £m nominal
B55: [Input description] | D55: £m nominal
B56: Total other adjustments | D56: £m nominal | E56: =SUM(E40:E55) -> -15.729437 | F56: =SUM(F40:F55) -> -24.358698 | G56: =SUM(G40:G55) -> -33.660642 | H56: =SUM(H40:H55) -> 0 | I56: =SUM(I40:I55) -> 0
B58: Reconciled total revenue | D58: £m nominal | E58: =E25+E37+E56 -> 267.83906 | F58: =F25+F37+F56 -> 368.3468 | G58: =G25+G37+G56 -> 295.32026 | H58: =H25+H37+H56 -> 0 | I58: =I25+I37+I56 -> 0
B59: Turnover as per Profit and Loss (Stat Accounts) | D59: £m nominal | E59: 267.8 | F59: 368.3 | G59: 295.378
B60: Check | E60: =IF(ABS(E58-E59)<Data!$F$7,"OK","Error") -> OK | F60: =IF(ABS(F58-F59)<Data!$F$7,"OK","Error") -> OK | G60: =IF(ABS(G58-G59)<Data!$F$7,"OK","Error") -> OK | H60: =IF(ABS(H58-H59)<Data!$F$7,"OK","Error") -> OK | I60: =IF(ABS(I58-I59)<Data!$F$7,"OK","Error") -> OK
B64: Reconciliation: Regulated Network Profit to Statutory Accounts
E66: =IF(E$6<=Reporting_Year,"Actuals","N/A") -> Actuals | F66: =IF(F$6<=Reporting_Year,"Actuals","N/A") -> Actuals | G66: =IF(G$6<=Reporting_Year,"Actuals","N/A") -> Actuals | H66: =IF(H$6<=Reporting_Year,"Actuals","N/A") -> N/A | I66: =IF(I$6<=Reporting_Year,"Actuals","N/A") -> N/A
B68: Turnover/Revenue as per Statutory Accounts | D68: £m nominal | E68: =E59 -> 267.8 | F68: =F59 -> 368.3 | G68: =G59 -> 295.378 | H68: =H59 -> 0 | I68: =I59 -> 0
B69: Collected Regulated Network Revenue | D69: £m nominal | E69: =E25 -> 252.2241 | F69: =F25 -> 351.4516 | G69: =G25 -> 280.55387 | H69: =H25 -> 0 | I69: =I25 -> 0 | J69: To be manually entered by Cadent (combined networks regulated revenue)
B72: Operating Costs, Pensions and Other Costs as per Statutory Accounts (excluding depreciation & amortisation) | D72: £m nominal | E72: ='R3 - Totex - Reconciliation'!D129 -> 98.986429 | F72: ='R3 - Totex - Reconciliation'!E129 -> 102.0642 | G72: ='R3 - Totex - Reconciliation'!F129 -> 93.1253 | H72: ='R3 - Totex - Reconciliation'!G129 -> 0 | I72: ='R3 - Totex - Reconciliation'!H129 -> 0
B73: Reconciliation
B75: Total Costs not related to the price control Regulated business (excluding depreciation & amortisation) | D75: £m nominal | E75: ='R3 - Totex - Reconciliation'!D150 -> 10.589689 | F75: ='R3 - Totex - Reconciliation'!E150 -> 13.418468 | G75: ='R3 - Totex - Reconciliation'!F150 -> 9.7695721 | H75: ='R3 - Totex - Reconciliation'!G150 -> 0 | I75: ='R3 - Totex - Reconciliation'!H150 -> 0
B76: Atypical costs adjustment (reported on cash basis) | D76: £m nominal | E76: 0 | F76: 0 | G76: 0
B78: Total Operating Costs as reported in the latest RRP submission (excluding depreciation & amortisation) | D78: £m nominal | E78: ='R3 - Totex - Reconciliation'!D129+'R3 - Totex - Reconciliation'!D150+E76 -> 109.57612 | F78: ='R3 - Totex - Reconciliation'!E129+'R3 - Totex - Reconciliation'!E150+F76 -> 115.48267 | G78: ='R3 - Totex - Reconciliation'!F129+'R3 - Totex - Reconciliation'!F150+G76 -> 102.89487 | H78: ='R3 - Totex - Reconciliation'!G129+'R3 - Totex - Reconciliation'!G150+H76 -> 0 | I78: ='R3 - Totex - Reconciliation'!H129+'R3 - Totex - Reconciliation'!H150+I76 -> 0
B79: Difference | D79: £m nominal | E79: =IF(ABS(E78-SUM(E72,E75,E76))<=materiality_threshold,"ok","error") -> ok | F79: =IF(ABS(F78-SUM(F72,F75,F76))<=materiality_threshold,"ok","error") -> ok | G79: =IF(ABS(G78-SUM(G72,G75,G76))<=materiality_threshold,"ok","error") -> ok | H79: =IF(ABS(H78-SUM(H72,H75,H76))<=materiality_threshold,"ok","error") -> ok | I79: =IF(ABS(I78-SUM(I72,I75,I76))<=materiality_threshold,"ok","error") -> ok
B81: Earnings/ Operating Profit (EBITDA) per Statutory Accounts | D81: £m nominal | E81: =E68-E72 -> 168.81357 | F81: =F68-F72 -> 266.2358 | G81: =G68-G72 -> 202.2527 | H81: =H68-H72 -> 0 | I81: =I68-I72 -> 0
B82: Operating Profit related to Regulated business | D82: £m nominal | E82: =E69-E78 -> 142.64798 | F82: =F69-F78 -> 235.96893 | G82: =G69-G78 -> 177.65899 | H82: =H69-H78 -> 0 | I82: =I69-I78 -> 0
B84: Depreciation and Amortisation costs as per Statutory Accounts | D84: £m nominal | E84: ='R3 - Totex - Reconciliation'!D124 -> 48.005757 | F84: ='R3 - Totex - Reconciliation'!E124 -> 50.918 | G84: ='R3 - Totex - Reconciliation'!F124 -> 53.961 | H84: ='R3 - Totex - Reconciliation'!G124 -> 0 | I84: ='R3 - Totex - Reconciliation'!H124 -> 0
B85: Reconciliation
B86: Costs not related to the price control Regulated business
B87: Depreciation, amortisation related to capex adjustments | D87: £m nominal | E87: 0 | F87: 0 | G87: 0
B88: Other [Input description, add additional rows as required] | D88: £m nominal | E88: 0 | F88: 0 | G88: 0
B89: Total Adjustments | D89: £m nominal | E89: =SUM(E87:E88) -> 0 | F89: =SUM(F87:F88) -> 0 | G89: =SUM(G87:G88) -> 0 | H89: =SUM(H87:H88) -> 0 | I89: =SUM(I87:I88) -> 0
B91: Total Depreciation and Amortisation Costs related to the Regulated business | D91: £m nominal | E91: =SUM(E84,E89) -> 48.005757 | F91: =SUM(F84,F89) -> 50.918 | G91: =SUM(G84,G89) -> 53.961 | H91: =SUM(H84,H89) -> 0 | I91: =SUM(I84,I89) -> 0
B93: Earnings before Interest and Taxes (EBIT) per Statutory Accounts | D93: £m nominal | E93: =E81-E84 -> 120.80781 | F93: =F81-F84 -> 215.3178 | G93: =G81-G84 -> 148.2917 | H93: =H81-H84 -> 0 | I93: =I81-I84 -> 0
B94: Operating Profit before Interest and Taxes related to Regulated business | D94: £m nominal | E94: =E82-E91 -> 94.642225 | F94: =F82-F91 -> 185.05093 | G94: =G82-G91 -> 123.69799 | H94: =H82-H91 -> 0 | I94: =I82-I91 -> 0
B96: Net Interest as per Statutory Accounts | D96: £m nominal | E96: ='R5 - Financing'!D9 -> 33.329838 | F96: ='R5 - Financing'!E9 -> 37.40627 | G96: ='R5 - Financing'!F9 -> 40.067502 | H96: ='R5 - Financing'!G9 -> 39.111495 | I96: ='R5 - Financing'!H9 -> 37.879121
B97: 1.exclude allocated to non-regulted & applicable business (statutory basis) | D97: £m nominal | J97: Only appicable for NGT
B98: 2.exclude allocated to GSO (regulated basis) | D98: £m nominal | J98: Only appicable for NGT
B99: Net Interest Per Regulatory (RIIO-2) Definition | D99: £m nominal | E99: ='R5 - Financing'!D29 -> 37.25 | F99: ='R5 - Financing'!E29 -> 40.557658 | G99: ='R5 - Financing'!F29 -> 45.650889 | H99: ='R5 - Financing'!G29 -> 44.007683 | I99: ='R5 - Financing'!H29 -> 42.613842
B100: Difference | D100: £m nominal | E100: =E96-E99 -> -3.9201617 | F100: =F96-F99 -> -3.1513876 | G100: =G96-G99 -> -5.5833876 | H100: =H96-H99 -> -4.8961884 | I100: =I96-I99 -> -4.7347204
B102: Tax as per Statutory Accounts | D102: £m nominal | E102: 22.486827 | F102: 45.4062 | G102: 26.5205
B103: Less Deferred Taxes | D103: £m nominal | E103: -15.9 | F103: -14.3808 | G103: -18.1
B104: Tax as per Statutory Accounts (net of deferred taxes) | D104: £m nominal | E104: =SUM(E102:E103) -> 6.5868267 | F104: =SUM(F102:F103) -> 31.0254 | G104: =SUM(G102:G103) -> 8.4205 | H104: =SUM(H102:H103) -> 0 | I104: =SUM(I102:I103) -> 0
B105: Tax related to Regulated business | D105: £m nominal | E105: =Adjusted_regulated_tax_liability -> 14.068841 | F105: =Adjusted_regulated_tax_liability -> 23.363758 | G105: =Adjusted_regulated_tax_liability -> 9.484203 | H105: =Adjusted_regulated_tax_liability -> 5.2548939 | I105: =Adjusted_regulated_tax_liability -> 5.2206382
B106: Difference | D106: £m nominal | E106: =E104-E105 -> -7.482014 | F106: =F104-F105 -> 7.6616424 | G106: =G104-G105 -> -1.063703 | H106: =H104-H105 -> -5.2548939 | I106: =I104-I105 -> -5.2206382
B108: Net Profit as per Statutory Accounts | D108: £m nominal | E108: =IFERROR(E93-E96-E102,0) -> 64.99115 | F108: =IFERROR(F93-F96-F102,0) -> 132.50533 | G108: =IFERROR(G93-G96-G102,0) -> 81.703698 | H108: =IFERROR(H93-H96-H102,0) -> -39.111495 | I108: =IFERROR(I93-I96-I102,0) -> -37.879121
B109: Net Profit related to Regulated business | D109: £m nominal | E109: =IFERROR(E94-E99-E105,0) -> 43.323384 | F109: =IFERROR(F94-F99-F105,0) -> 121.12952 | G109: =IFERROR(G94-G99-G105,0) -> 68.562902 | H109: =IFERROR(H94-H99-H105,0) -> -49.262577 | I109: =IFERROR(I94-I99-I105,0) -> -47.83448
B110: Difference | D110: £m nominal | E110: =IFERROR(E108-E109,0) -> 21.667766 | F110: =IFERROR(F108-F109,0) -> 11.375815 | G110: =IFERROR(G108-G109,0) -> 13.140797 | H110: =IFERROR(H108-H109,0) -> 10.151082 | I110: =IFERROR(I108-I109,0) -> 9.9553586
B116: Supporting Comments/Narrative

Sheet R3 - Totex - Reconciliation
A1: R3 - Totex & Reconciliation
A2: =Licensee -> NGED-SWALES
A3: =Reporting_Year -> 2026
D5: =IF(D6<=Reporting_Year,"Actuals","Forecast") -> Actuals | E5: =IF(E6<=Reporting_Year,"Actuals","Forecast") -> Actuals | F5: =IF(F6<=Reporting_Year,"Actuals","Forecast") -> Actuals | G5: =IF(G6<=Reporting_Year,"Actuals","Forecast") -> Forecast | H5: =IF(H6<=Reporting_Year,"Actuals","Forecast") -> Forecast
D6: ='RFPR cover'!$C$6 -> 2024 | E6: =D6+1 -> 2025 | F6: =E6+1 -> 2026 | G6: =F6+1 -> 2027 | H6: =G6+1 -> 2028 | I6: ="Cumulative to "&'RFPR cover'!$C$9 -> Cumulative to 2026 | J6: RIIO-2 period
D7: =RIIO_2_start_date-1&"/"&RIGHT(RIIO_2_start_date,2) -> 2023/24 | E7: =RIIO_2_start_date&"/"&RIGHT(RIIO_2_start_date+1,2) -> 2024/25 | F7: =RIIO_2_start_date+1&"/"&RIGHT(RIIO_2_start_date+2,2) -> 2025/26 | G7: =RIIO_2_start_date+2&"/"&RIGHT(RIIO_2_start_date+3,2) -> 2026/27 | H7: =RIIO_2_start_date+3&"/"&RIGHT(RIIO_2_start_date+4,2) -> 2027/28
B8: Totex per the latest PCFM
B9: In this section, rows 13-99 do not apply to ESO
B11: =IF(Sector="GD2","Capitalisation 1 totex (excluding repex)","Capitalisation 1 totex") -> Capitalisation 1 totex
B13: Latest Totex actuals/forecast | C13: =Data!$C$9 -> £m 20/21 | D13: 151.62549 | E13: 181.94107 | F13: 191.4654 | G13: 185.6835 | H13: 194.60761 | I13: =SUM(D13:INDEX(D13:H13,0,MATCH('RFPR cover'!$C$9,$D$6:$H$6,0))) -> 525.03195 | J13: =SUM(D13:H13) -> 905.32306
B14: Totex allowance | C14: =Data!$C$9 -> £m 20/21 | D14: 184.48339 | E14: 178.11341 | F14: 187.7085 | G14: 173.3557 | H14: 167.61393 | I14: =SUM(D14:INDEX(D14:H14,0,MATCH('RFPR cover'!$C$9,$D$6:$H$6,0))) -> 550.3053 | J14: =SUM(D14:H14) -> 891.27493
B15: Totex out(under)performance | C15: =Data!$C$9 -> £m 20/21 | D15: =D14-D13 -> 32.857895 | E15: =E14-E13 -> -3.827653 | F15: =F14-F13 -> -3.7568983 | G15: =G14-G13 -> -12.327798 | H15: =H14-H13 -> -26.993676 | I15: =I14-I13 -> 25.273344 | J15: =J14-J13 -> -14.04813
B17: Funding Adjustment Rate (often referred to as 'sharing factor') | C17: % | D17: =INDEX(Data!$C$63:$C$91,MATCH('RFPR cover'!$C$7,Data!$B$63:$B$91,0),0) -> 0.5 | E17: =INDEX(Data!$C$63:$C$91,MATCH('RFPR cover'!$C$7,Data!$B$63:$B$91,0),0) -> 0.5 | F17: =INDEX(Data!$C$63:$C$91,MATCH('RFPR cover'!$C$7,Data!$B$63:$B$91,0),0) -> 0.5 | G17: =INDEX(Data!$C$63:$C$91,MATCH('RFPR cover'!$C$7,Data!$B$63:$B$91,0),0) -> 0.5 | H17: =INDEX(Data!$C$63:$C$91,MATCH('RFPR cover'!$C$7,Data!$B$63:$B$91,0),0) -> 0.5
B19: Customer share of out(under) performance | C19: =Data!$C$9 -> £m 20/21 | D19: =D15*D17 -> 16.428948 | E19: =E15*E17 -> -1.9138265 | F19: =F15*F17 -> -1.8784491 | G19: =G15*G17 -> -6.1638992 | H19: =H15*H17 -> -13.496838 | I19: =SUM(D19:INDEX(D19:H19,0,MATCH('RFPR cover'!$C$9,$D$6:$H$6,0))) -> 12.636672 | J19: =SUM(D19:H19) -> -7.0240652
B20: NWO share of performance | C20: =Data!$C$9 -> £m 20/21 | D20: =D15*(1-D17) -> 16.428948 | E20: =E15*(1-E17) -> -1.9138265 | F20: =F15*(1-F17) -> -1.8784491 | G20: =G15*(1-G17) -> -6.1638992 | H20: =H15*(1-H17) -> -13.496838 | I20: =SUM(D20:INDEX(D20:H20,0,MATCH('RFPR cover'!$C$9,$D$6:$H$6,0))) -> 12.636672 | J20: =SUM(D20:H20) -> -7.0240652
B22: Enduring Value adjustments to Totex performance
B23: [Cross Price Control] | C23: =Data!$C$9 -> £m 20/21 | D23: -33.90681 | E23: 1.7756667 | F23: -1.9234044 | G23: 8.844445 | H23: 25.210103 | I23: =SUM(D23:INDEX(D23:H23,0,MATCH('RFPR cover'!$C$9,$D$6:$H$6,0))) -> -34.054548 | J23: =SUM(D23:H23) -> 0
B24: [other Enduring Value adjustment] | C24: =Data!$C$9 -> £m 20/21 | I24: =SUM(D24:INDEX(D24:H24,0,MATCH('RFPR cover'!$C$9,$D$6:$H$6,0))) -> 0 | J24: =SUM(D24:H24) -> 0
B25: [other Enduring Value adjustment] | C25: =Data!$C$9 -> £m 20/21 | I25: =SUM(D25:INDEX(D25:H25,0,MATCH('RFPR cover'!$C$9,$D$6:$H$6,0))) -> 0 | J25: =SUM(D25:H25) -> 0
B26: [other Enduring Value adjustment] | C26: =Data!$C$9 -> £m 20/21 | I26: =SUM(D26:INDEX(D26:H26,0,MATCH('RFPR cover'!$C$9,$D$6:$H$6,0))) -> 0 | J26: =SUM(D26:H26) -> 0
B27: [other Enduring Value adjustment] | C27: =Data!$C$9 -> £m 20/21 | I27: =SUM(D27:INDEX(D27:H27,0,MATCH('RFPR cover'!$C$9,$D$6:$H$6,0))) -> 0 | J27: =SUM(D27:H27) -> 0
B28: [other Enduring Value adjustment] | C28: =Data!$C$9 -> £m 20/21 | I28: =SUM(D28:INDEX(D28:H28,0,MATCH('RFPR cover'!$C$9,$D$6:$H$6,0))) -> 0 | J28: =SUM(D28:H28) -> 0
B29: [other Enduring Value adjustment] | C29: =Data!$C$9 -> £m 20/21 | I29: =SUM(D29:INDEX(D29:H29,0,MATCH('RFPR cover'!$C$9,$D$6:$H$6,0))) -> 0 | J29: =SUM(D29:H29) -> 0
B30: Total enduring value adjustments | C30: =Data!$C$9 -> £m 20/21 | D30: =SUM(D23:D29) -> -33.90681 | E30: =SUM(E23:E29) -> 1.7756667 | F30: =SUM(F23:F29) -> -1.9234044 | G30: =SUM(G23:G29) -> 8.844445 | H30: =SUM(H23:H29) -> 25.210103 | I30: =SUM(D30:INDEX(D30:H30,0,MATCH('RFPR cover'!$C$9,$D$6:$H$6,0))) -> -34.054548 | J30: =SUM(D30:H30) -> 0
B32: Enduring Value adjustments (UIOLI)
B33: [Cross Price Control] | C33: =Data!$C$9 -> £m 20/21 | I33: =SUM(D33:INDEX(D33:H33,0,MATCH('RFPR cover'!$C$9,$D$6:$H$6,0))) -> 0 | J33: =SUM(D33:H33) -> 0
B34: [other Enduring Value adjustment] | C34: =Data!$C$9 -> £m 20/21 | I34: =SUM(D34:INDEX(D34:H34,0,MATCH('RFPR cover'!$C$9,$D$6:$H$6,0))) -> 0 | J34: =SUM(D34:H34) -> 0
B35: Total enduring value adjustments | C35: =Data!$C$9 -> £m 20/21 | D35: =SUM(D33:D34) -> 0 | E35: =SUM(E33:E34) -> 0 | F35: =SUM(F33:F34) -> 0 | G35: =SUM(G33:G34) -> 0 | H35: =SUM(H33:H34) -> 0 | I35: =SUM(D35:INDEX(D35:H35,0,MATCH('RFPR cover'!$C$9,$D$6:$H$6,0))) -> 0 | J35: =SUM(D35:H35) -> 0
B37: Enduring Value: Customer share of performance | C37: =Data!$C$9 -> £m 20/21 | D37: =D30*D17 -> -16.953405 | E37: =E30*E17 -> 0.88783334 | F37: =F30*F17 -> -0.96170219 | G37: =G30*G17 -> 4.4222225 | H37: =H30*H17 -> 12.605052 | I37: =SUM(D37:INDEX(D37:H37,0,MATCH('RFPR cover'!$C$9,$D$6:$H$6,0))) -> -17.027274 | J37: =SUM(D37:H37) -> 0
B38: Enduring Value: NWO share of performance | C38: =Data!$C$9 -> £m 20/21 | D38: =D30*(1-D17)+D35 -> -16.953405 | E38: =E30*(1-E17)+E35 -> 0.88783334 | F38: =F30*(1-F17)+F35 -> -0.96170219 | G38: =G30*(1-G17)+G35 -> 4.4222225 | H38: =H30*(1-H17)+H35 -> 12.605052 | I38: =SUM(D38:INDEX(D38:H38,0,MATCH('RFPR cover'!$C$9,$D$6:$H$6,0))) -> -17.027274 | J38: =SUM(D38:H38) -> 0
B40: Total out(under) performance (including enduring value adjustments)
B41: Customer share of out(under) performance | C41: =Data!$C$9 -> £m 20/21 | D41: =D19+D37 -> -0.52445756 | E41: =E19+E37 -> -1.0259931 | F41: =F19+F37 -> -2.8401513 | G41: =G19+G37 -> -1.7416767 | H41: =H19+H37 -> -0.89178642 | I41: =SUM(D41:INDEX(D41:H41,0,MATCH('RFPR cover'!$C$9,$D$6:$H$6,0))) -> -4.390602 | J41: =SUM(D41:H41) -> -7.0240652
B42: NWO share of performance | C42: =Data!$C$9 -> £m 20/21 | D42: =D20+D38 -> -0.52445756 | E42: =E20+E38 -> -1.0259931 | F42: =F20+F38 -> -2.8401513 | G42: =G20+G38 -> -1.7416767 | H42: =H20+H38 -> -0.89178642 | I42: =SUM(D42:INDEX(D42:H42,0,MATCH('RFPR cover'!$C$9,$D$6:$H$6,0))) -> -4.390602 | J42: =SUM(D42:H42) -> -7.0240652
B43: Total out (under) performance | C43: =Data!$C$9 -> £m 20/21 | D43: =SUM(D41:D42) -> -1.0489151 | E43: =SUM(E41:E42) -> -2.0519863 | F43: =SUM(F41:F42) -> -5.6803027 | G43: =SUM(G41:G42) -> -3.4833535 | H43: =SUM(H41:H42) -> -1.7835728 | I43: =SUM(D43:INDEX(D43:H43,0,MATCH('RFPR cover'!$C$9,$D$6:$H$6,0))) -> -8.7812041 | J43: =SUM(D43:H43) -> -14.04813
B45: =IF(Sector="GD2","Capitalisation 2 totex (excluding repex)","Capitalisation 2 totex") -> Capitalisation 2 totex
B47: Latest Totex actuals/forecast | C47: =Data!$C$9 -> £m 20/21 | D47: 6.3755763 | E47: 9.9806453 | F47: 11.345725 | G47: 20.417508 | H47: 23.138267 | I47: =SUM(D47:INDEX(D47:H47,0,MATCH('RFPR cover'!$C$9,$D$6:$H$6,0))) -> 27.701947 | J47: =SUM(D47:H47) -> 71.257721
B48: Totex allowance | C48: =Data!$C$9 -> £m 20/21 | D48: 5.5240129 | E48: 9.7241466 | F48: 14.586562 | G48: 21.421824 | H48: 22.302735 | I48: =SUM(D48:INDEX(D48:H48,0,MATCH('RFPR cover'!$C$9,$D$6:$H$6,0))) -> 29.834722 | J48: =SUM(D48:H48) -> 73.55928
B49: Totex out(under)performance | C49: =Data!$C$9 -> £m 20/21 | D49: =D48-D47 -> -0.85156341 | E49: =E48-E47 -> -0.25649866 | F49: =F48-F47 -> 3.240837 | G49: =G48-G47 -> 1.0043162 | H49: =H48-H47 -> -0.83553192 | I49: =I48-I47 -> 2.132775 | J49: =J48-J47 -> 2.3015592
B51: Funding Adjustment Rate (often referred to as 'sharing factor') | C51: % | D51: =INDEX(Data!$C$63:$C$91,MATCH('RFPR cover'!$C$7,Data!$B$63:$B$91,0),0) -> 0.5 | E51: =INDEX(Data!$C$63:$C$91,MATCH('RFPR cover'!$C$7,Data!$B$63:$B$91,0),0) -> 0.5 | F51: =INDEX(Data!$C$63:$C$91,MATCH('RFPR cover'!$C$7,Data!$B$63:$B$91,0),0) -> 0.5 | G51: =INDEX(Data!$C$63:$C$91,MATCH('RFPR cover'!$C$7,Data!$B$63:$B$91,0),0) -> 0.5 | H51: =INDEX(Data!$C$63:$C$91,MATCH('RFPR cover'!$C$7,Data!$B$63:$B$91,0),0) -> 0.5
B53: Customer share of out(under) performance | C53: =Data!$C$9 -> £m 20/21 | D53: =D49*D51 -> -0.4257817 | E53: =E49*E51 -> -0.12824933 | F53: =F49*F51 -> 1.6204185 | G53: =G49*G51 -> 0.50215808 | H53: =H49*H51 -> -0.41776596 | I53: =SUM(D53:INDEX(D53:H53,0,MATCH('RFPR cover'!$C$9,$D$6:$H$6,0))) -> 1.0663875 | J53: =SUM(D53:H53) -> 1.1507796
B54: NWO share of performance | C54: =Data!$C$9 -> £m 20/21 | D54: =D49*(1-D51) -> -0.4257817 | E54: =E49*(1-E51) -> -0.12824933 | F54: =F49*(1-F51) -> 1.6204185 | G54: =G49*(1-G51) -> 0.50215808 | H54: =H49*(1-H51) -> -0.41776596 | I54: =SUM(D54:INDEX(D54:H54,0,MATCH('RFPR cover'!$C$9,$D$6:$H$6,0))) -> 1.0663875 | J54: =SUM(D54:H54) -> 1.1507796
B56: Enduring Value adjustments to Totex performance
B57: [Cross Price Control] | C57: =Data!$C$9 -> £m 20/21 | I57: =SUM(D57:INDEX(D57:H57,0,MATCH('RFPR cover'!$C$9,$D$6:$H$6,0))) -> 0 | J57: =SUM(D57:H57) -> 0
B58: [other Enduring Value adjustment] | C58: =Data!$C$9 -> £m 20/21 | I58: =SUM(D58:INDEX(D58:H58,0,MATCH('RFPR cover'!$C$9,$D$6:$H$6,0))) -> 0 | J58: =SUM(D58:H58) -> 0
B59: Total enduring value adjustments | C59: =Data!$C$9 -> £m 20/21 | D59: =SUM(D57:D58) -> 0 | E59: =SUM(E57:E58) -> 0 | F59: =SUM(F57:F58) -> 0 | G59: =SUM(G57:G58) -> 0 | H59: =SUM(H57:H58) -> 0 | I59: =SUM(D59:INDEX(D59:H59,0,MATCH('RFPR cover'!$C$9,$D$6:$H$6,0))) -> 0 | J59: =SUM(D59:H59) -> 0
B61: Enduring Value adjustments (UIOLI)
B62: [Cross Price Control] | C62: =Data!$C$9 -> £m 20/21 | I62: =SUM(D62:INDEX(D62:H62,0,MATCH('RFPR cover'!$C$9,$D$6:$H$6,0))) -> 0 | J62: =SUM(D62:H62) -> 0
B63: [other Enduring Value adjustment] | C63: =Data!$C$9 -> £m 20/21 | I63: =SUM(D63:INDEX(D63:H63,0,MATCH('RFPR cover'!$C$9,$D$6:$H$6,0))) -> 0 | J63: =SUM(D63:H63) -> 0
B64: Total enduring value adjustments | C64: =Data!$C$9 -> £m 20/21 | D64: =SUM(D62:D63) -> 0 | E64: =SUM(E62:E63) -> 0 | F64: =SUM(F62:F63) -> 0 | G64: =SUM(G62:G63) -> 0 | H64: =SUM(H62:H63) -> 0 | I64: =SUM(D64:INDEX(D64:H64,0,MATCH('RFPR cover'!$C$9,$D$6:$H$6,0))) -> 0 | J64: =SUM(D64:H64) -> 0
B66: Enduring Value: Customer share of performance | C66: =Data!$C$9 -> £m 20/21 | D66: =D59*D51 -> 0 | E66: =E59*E51 -> 0 | F66: =F59*F51 -> 0 | G66: =G59*G51 -> 0 | H66: =H59*H51 -> 0 | I66: =SUM(D66:INDEX(D66:H66,0,MATCH('RFPR cover'!$C$9,$D$6:$H$6,0))) -> 0 | J66: =SUM(D66:H66) -> 0
B67: Enduring Value: NWO share of performance | C67: =Data!$C$9 -> £m 20/21 | D67: =D59*(1-D51)+D64 -> 0 | E67: =E59*(1-E51)+E64 -> 0 | F67: =F59*(1-F51)+F64 -> 0 | G67: =G59*(1-G51)+G64 -> 0 | H67: =H59*(1-H51)+H64 -> 0 | I67: =SUM(D67:INDEX(D67:H67,0,MATCH('RFPR cover'!$C$9,$D$6:$H$6,0))) -> 0 | J67: =SUM(D67:H67) -> 0
B69: Total out(under) performance (including enduring value adjustments)
B70: Customer share of out(under) performance | C70: =Data!$C$9 -> £m 20/21 | D70: =D66+D53 -> -0.4257817 | E70: =E66+E53 -> -0.12824933 | F70: =F66+F53 -> 1.6204185 | G70: =G66+G53 -> 0.50215808 | H70: =H66+H53 -> -0.41776596 | I70: =SUM(D70:INDEX(D70:H70,0,MATCH('RFPR cover'!$C$9,$D$6:$H$6,0))) -> 1.0663875 | J70: =SUM(D70:H70) -> 1.1507796
B71: NWO share of performance | C71: =Data!$C$9 -> £m 20/21 | D71: =D54+D67 -> -0.4257817 | E71: =E54+E67 -> -0.12824933 | F71: =F54+F67 -> 1.6204185 | G71: =G54+G67 -> 0.50215808 | H71: =H54+H67 -> -0.41776596 | I71: =SUM(D71:INDEX(D71:H71,0,MATCH('RFPR cover'!$C$9,$D$6:$H$6,0))) -> 1.0663875 | J71: =SUM(D71:H71) -> 1.1507796
B72: Total out (under) performance | C72: =Data!$C$9 -> £m 20/21 | D72: =SUM(D70:D71) -> -0.85156341 | E72: =SUM(E70:E71) -> -0.25649866 | F72: =SUM(F70:F71) -> 3.240837 | G72: =SUM(G70:G71) -> 1.0043162 | H72: =SUM(H70:H71) -> -0.83553192 | I72: =SUM(D72:INDEX(D72:H72,0,MATCH('RFPR cover'!$C$9,$D$6:$H$6,0))) -> 2.132775 | J72: =SUM(D72:H72) -> 2.3015592
B74: Repex (only applicable for GD2)
B76: Latest Repex actuals/forecast | C76: =Data!$C$9 -> £m 20/21 | I76: =SUM(D76:INDEX(D76:H76,0,MATCH('RFPR cover'!$C$9,$D$6:$H$6,0))) -> 0 | J76: =SUM(D76:H76) -> 0
B77: Totex allowance | C77: =Data!$C$9 -> £m 20/21 | I77: =SUM(D77:INDEX(D77:H77,0,MATCH('RFPR cover'!$C$9,$D$6:$H$6,0))) -> 0 | J77: =SUM(D77:H77) -> 0
B78: Totex out(under)performance | C78: =Data!$C$9 -> £m 20/21 | D78: =D77-D76 -> 0 | E78: =E77-E76 -> 0 | F78: =F77-F76 -> 0 | G78: =G77-G76 -> 0 | H78: =H77-H76 -> 0 | I78: =I77-I76 -> 0 | J78: =J77-J76 -> 0
B80: Funding Adjustment Rate (often referred to as 'sharing factor') | C80: % | D80: =INDEX(Data!$C$63:$C$91,MATCH('RFPR cover'!$C$7,Data!$B$63:$B$91,0),0) -> 0.5 | E80: =INDEX(Data!$C$63:$C$91,MATCH('RFPR cover'!$C$7,Data!$B$63:$B$91,0),0) -> 0.5 | F80: =INDEX(Data!$C$63:$C$91,MATCH('RFPR cover'!$C$7,Data!$B$63:$B$91,0),0) -> 0.5 | G80: =INDEX(Data!$C$63:$C$91,MATCH('RFPR cover'!$C$7,Data!$B$63:$B$91,0),0) -> 0.5 | H80: =INDEX(Data!$C$63:$C$91,MATCH('RFPR cover'!$C$7,Data!$B$63:$B$91,0),0) -> 0.5
B82: Customer share of out(under) performance | C82: =Data!$C$9 -> £m 20/21 | D82: =D78*D80 -> 0 | E82: =E78*E80 -> 0 | F82: =F78*F80 -> 0 | G82: =G78*G80 -> 0 | H82: =H78*H80 -> 0 | I82: =SUM(D82:INDEX(D82:H82,0,MATCH('RFPR cover'!$C$9,$D$6:$H$6,0))) -> 0 | J82: =SUM(D82:H82) -> 0
B83: NWO share of performance | C83: =Data!$C$9 -> £m 20/21 | D83: =D78*(1-D80) -> 0 | E83: =E78*(1-E80) -> 0 | F83: =F78*(1-F80) -> 0 | G83: =G78*(1-G80) -> 0 | H83: =H78*(1-H80) -> 0 | I83: =SUM(D83:INDEX(D83:H83,0,MATCH('RFPR cover'!$C$9,$D$6:$H$6,0))) -> 0 | J83: =SUM(D83:H83) -> 0
B85: Enduring Value adjustments to Totex performance
B86: [Cross Price Control] | C86: =Data!$C$9 -> £m 20/21 | I86: =SUM(D86:INDEX(D86:H86,0,MATCH('RFPR cover'!$C$9,$D$6:$H$6,0))) -> 0 | J86: =SUM(D86:H86) -> 0
B87: [other Enduring Value adjustment] | C87: =Data!$C$9 -> £m 20/21 | I87: =SUM(D87:INDEX(D87:H87,0,MATCH('RFPR cover'!$C$9,$D$6:$H$6,0))) -> 0 | J87: =SUM(D87:H87) -> 0
B88: Total enduring value adjustments | C88: =Data!$C$9 -> £m 20/21 | D88: =SUM(D86:D87) -> 0 | E88: =SUM(E86:E87) -> 0 | F88: =SUM(F86:F87) -> 0 | G88: =SUM(G86:G87) -> 0 | H88: =SUM(H86:H87) -> 0 | I88: =SUM(D88:INDEX(D88:H88,0,MATCH('RFPR cover'!$C$9,$D$6:$H$6,0))) -> 0 | J88: =SUM(D88:H88) -> 0
B90: Enduring Value: Customer share of performance | D90: =D88*D80 -> 0 | E90: =E88*E80 -> 0 | F90: =F88*F80 -> 0 | G90: =G88*G80 -> 0 | H90: =H88*H80 -> 0 | I90: =SUM(D90:INDEX(D90:H90,0,MATCH('RFPR cover'!$C$9,$D$6:$H$6,0))) -> 0 | J90: =SUM(D90:H90) -> 0
B91: Enduring Value: NWO share of performance | D91: =D88*(1-D80) -> 0 | E91: =E88*(1-E80) -> 0 | F91: =F88*(1-F80) -> 0 | G91: =G88*(1-G80) -> 0 | H91: =H88*(1-H80) -> 0 | I91: 0 | J91: =SUM(D91:H91) -> 0
B93: Total out(under) performance (including enduring value adjustments)
B94: Customer share of out(under) performance | C94: =Data!$C$9 -> £m 20/21 | D94: =D90+D82 -> 0 | E94: =E90+E82 -> 0 | F94: =F90+F82 -> 0 | G94: =G90+G82 -> 0 | H94: =H90+H82 -> 0 | I94: =SUM(D94:INDEX(D94:H94,0,MATCH('RFPR cover'!$C$9,$D$6:$H$6,0))) -> 0 | J94: =SUM(D94:H94) -> 0
B95: NWO share of performance | C95: =Data!$C$9 -> £m 20/21 | D95: =D83+D91 -> 0 | E95: =E83+E91 -> 0 | F95: =F83+F91 -> 0 | G95: =G83+G91 -> 0 | H95: =H83+H91 -> 0 | I95: =SUM(D95:INDEX(D95:H95,0,MATCH('RFPR cover'!$C$9,$D$6:$H$6,0))) -> 0 | J95: =SUM(D95:H95) -> 0
B96: Total out (under) performance | C96: =Data!$C$9 -> £m 20/21 | D96: =SUM(D94:D95) -> 0 | E96: =SUM(E94:E95) -> 0 | F96: =SUM(F94:F95) -> 0 | G96: =SUM(G94:G95) -> 0 | H96: =SUM(H94:H95) -> 0 | I96: =SUM(D96:INDEX(D96:H96,0,MATCH('RFPR cover'!$C$9,$D$6:$H$6,0))) -> 0 | J96: =SUM(D96:H96) -> 0
B98: Totex Summary
B100: Total out(under) performance
B101: Customer share of performance | C101: =Data!$C$9 -> £m 20/21 | D101: =D41+D70+D94 -> -0.95023927 | E101: =E41+E70+E94 -> -1.1542425 | F101: =F41+F70+F94 -> -1.2197328 | G101: =G41+G70+G94 -> -1.2395186 | H101: =H41+H70+H94 -> -1.3095524 | I101: =SUM(D101:INDEX(D101:H101,0,MATCH('RFPR cover'!$C$9,$D$6:$H$6,0))) -> -3.3242146 | J101: =SUM(D101:H101) -> -5.8732856
B102: NWO share of performance | C102: =Data!$C$9 -> £m 20/21 | D102: =D42+D71+D95 -> -0.95023927 | E102: =E42+E71+E95 -> -1.1542425 | F102: =F42+F71+F95 -> -1.2197328 | G102: =G42+G71+G95 -> -1.2395186 | H102: =H42+H71+H95 -> -1.3095524 | I102: =SUM(D102:INDEX(D102:H102,0,MATCH('RFPR cover'!$C$9,$D$6:$H$6,0))) -> -3.3242146 | J102: =SUM(D102:H102) -> -5.8732856
B103: Total | C103: =Data!$C$9 -> £m 20/21 | D103: =SUM(D101:D102) -> -1.9004785 | E103: =SUM(E101:E102) -> -2.3084849 | F103: =SUM(F101:F102) -> -2.4394656 | G103: =SUM(G101:G102) -> -2.4790373 | H103: =SUM(H101:H102) -> -2.6191048 | I103: =SUM(D103:INDEX(D103:H103,0,MATCH('RFPR cover'!$C$9,$D$6:$H$6,0))) -> -6.6484291 | J103: =SUM(D103:H103) -> -11.746571
B105: Reconciliation to Totex
D108: =IF(D109<=Reporting_Year,"Actuals","N/A") -> Actuals | E108: =IF(E109<=Reporting_Year,"Actuals","N/A") -> Actuals | F108: =IF(F109<=Reporting_Year,"Actuals","N/A") -> Actuals | G108: =IF(G109<=Reporting_Year,"Actuals","N/A") -> N/A | H108: =IF(H109<=Reporting_Year,"Actuals","N/A") -> N/A
D109: ='RFPR cover'!$C$6 -> 2024 | E109: =D109+1 -> 2025 | F109: =E109+1 -> 2026 | G109: =F109+1 -> 2027 | H109: =G109+1 -> 2028
D110: =RIIO_2_start_date-1&"/"&RIGHT(RIIO_2_start_date,2) -> 2023/24 | E110: =RIIO_2_start_date&"/"&RIGHT(RIIO_2_start_date+1,2) -> 2024/25 | F110: =RIIO_2_start_date+1&"/"&RIGHT(RIIO_2_start_date+2,2) -> 2025/26 | G110: =RIIO_2_start_date+2&"/"&RIGHT(RIIO_2_start_date+3,2) -> 2026/27 | H110: =RIIO_2_start_date+3&"/"&RIGHT(RIIO_2_start_date+4,2) -> 2027/28
B112: Total Expenditure Per Accounts
B113: Tangible Fixed Asset Additions | C113: £m nominal | D113: 175.91307 | E113: 231.2 | F113: 268.7
B114: Intangible Asset Additions (under IFRS) - IT Software | C114: £m nominal | D114: 3.21441 | E114: 2.98 | F114: 3.298031
B115: Disposals (cash proceeds) [If Statutory Accounts treat this as an exceptional item, leave the input blank] | C115: £m nominal | D115: 0 | E115: 0 | F115: 0
B116: Customer Contributions Additions | C116: £m nominal | D116: -25.515517 | E116: -34.799524 | F116: -45.925767
B117: Capitalised interest | C117: £m nominal | D117: -1.757 | E117: -2.556 | F117: -3.734
B118: Revaluation of tangible fixed assets | C118: £m nominal | D118: 0 | E118: 0 | F118: 0
A119: 1 | B119: Fixed asset transfers from Group entities | C119: £m nominal | D119: -0.0271 | E119: 0 | F119: 0
A120: 2 | B120: [Input description] | C120: £m nominal
A121: 3 | B121: [Input description, add additional rows as required] | C121: £m nominal
B122: Capex Incurred | C122: £m nominal | D122: =SUM(D113:D121) -> 151.82787 | E122: =SUM(E113:E121) -> 196.82448 | F122: =SUM(F113:F121) -> 222.33826 | G122: =SUM(G113:G121) -> 0 | H122: =SUM(H113:H121) -> 0
B124: Depreciation and Amortisation | C124: £m nominal | D124: 48.005757 | E124: 50.918 | F124: 53.961
B125: Other Operating Expenses (Opex)
A126: 1 | B126: Other Operational Costs Incurred | C126: £m nominal | D126: 99.066619 | E126: 102.1862 | F126: 93.5503
A127: 2 | B127: Profit / loss on sale of fixed assets | C127: £m nominal | D127: -0.08018997 | E127: -0.122 | F127: -0.425
A128: 3 | B128: [Input description, add additional rows as required] | C128: £m nominal
B129: Opex Incurred (excluding Depreciation & Amortisation) | C129: £m nominal | D129: =SUM(D126:D128) -> 98.986429 | E129: =SUM(E126:E128) -> 102.0642 | F129: =SUM(F126:F128) -> 93.1253 | G129: =SUM(G126:G128) -> 0 | H129: =SUM(H126:H128) -> 0
B131: Total Expenditure Incurred | C131: £m nominal | D131: =SUM(D122,D124,D129) -> 298.82005 | E131: =SUM(E122,E124,E129) -> 349.80668 | F131: =SUM(F122,F124,F129) -> 369.42456 | G131: =SUM(G122,G124,G129) -> 0 | H131: =SUM(H122,H124,H129) -> 0
B133: Reconciling Items to Total Net costs after non-price control allocations
...

Sheet R4 - Incentives and Other Rev
A1: R4 - Incentives and Other Revenue
A2: =Licensee -> NGED-SWALES
A3: =Reporting_Year -> 2026
D5: =IF(D6<=Reporting_Year,"Actuals","Forecast") -> Actuals | E5: =IF(E6<=Reporting_Year,"Actuals","Forecast") -> Actuals | F5: =IF(F6<=Reporting_Year,"Actuals","Forecast") -> Actuals | G5: =IF(G6<=Reporting_Year,"Actuals","Forecast") -> Forecast | H5: =IF(H6<=Reporting_Year,"Actuals","Forecast") -> Forecast | I5: =IF(I6<=Reporting_Year,"Actuals","Forecast") -> Forecast
D6: ='RFPR cover'!$C$6 -> 2024 | E6: =D6+1 -> 2025 | F6: =E6+1 -> 2026 | G6: =F6+1 -> 2027 | H6: =G6+1 -> 2028 | I6: ="Cumulative to "&'RFPR cover'!$C$9 -> Cumulative to 2026 | J6: RIIO-2 period
D7: =RIIO_2_start_date-1&"/"&RIGHT(RIIO_2_start_date,2) -> 2023/24 | E7: =RIIO_2_start_date&"/"&RIGHT(RIIO_2_start_date+1,2) -> 2024/25 | F7: =RIIO_2_start_date+1&"/"&RIGHT(RIIO_2_start_date+2,2) -> 2025/26 | G7: =RIIO_2_start_date+2&"/"&RIGHT(RIIO_2_start_date+3,2) -> 2026/27 | H7: =RIIO_2_start_date+3&"/"&RIGHT(RIIO_2_start_date+4,2) -> 2027/28
B8: Output Incentives (Post Tax)
A12: a | B12: Business Plan Incentive (per latest PCFM company-specific Input Sheet) | C12: =Data!$C$9 -> £m 20/21 | D12: =INDEX(Data!$C$98:$I$126,MATCH($A$2,Data!$B$98:$B$126,0),MATCH(D$6,Data!$C$97:$I$97)) -> 0.69 | E12: =INDEX(Data!$C$98:$I$126,MATCH($A$2,Data!$B$98:$B$126,0),MATCH(E$6,Data!$C$97:$I$97)) -> 0 | F12: =INDEX(Data!$C$98:$I$126,MATCH($A$2,Data!$B$98:$B$126,0),MATCH(F$6,Data!$C$97:$I$97)) -> 0 | G12: =INDEX(Data!$C$98:$I$126,MATCH($A$2,Data!$B$98:$B$126,0),MATCH(G$6,Data!$C$97:$I$97)) -> 0 | H12: =INDEX(Data!$C$98:$I$126,MATCH($A$2,Data!$B$98:$B$126,0),MATCH(H$6,Data!$C$97:$I$97)) -> 0 | I12: =SUM(D12:INDEX(D12:H12,0,MATCH('RFPR cover'!$C$9,$D$6:$H$6,0))) -> 0.69 | J12: =SUM(D12:H12) -> 0.69
B13: Output Incentives (per latest PCFM company-specific Input Sheet)
A14: b | B14: =Data!B132 -> Time to connect ODI | C14: =Data!$C$9 -> £m 20/21 | D14: 0.3415528 | E14: 0.71401035 | F14: 0.86069105 | G14: 0.84645838 | H14: 0.84645838 | I14: =SUM(D14:INDEX(D14:H14,0,MATCH('RFPR cover'!$C$9,$D$6:$H$6,0))) -> 1.9162542 | J14: =SUM(D14:H14) -> 3.609171
A15: c | B15: =Data!B133 -> Broad Measure of Customer Service ODI | C15: =Data!$C$9 -> £m 20/21 | D15: 0.44757084 | E15: 0.081602211 | F15: 0.70719635 | G15: 1.2469917 | H15: 1.5469917 | I15: =SUM(D15:INDEX(D15:H15,0,MATCH('RFPR cover'!$C$9,$D$6:$H$6,0))) -> 1.2363694 | J15: =SUM(D15:H15) -> 4.0303529
A16: d | B16: =Data!B134 -> Interruptions incentive scheme ODI | C16: =Data!$C$9 -> £m 20/21 | D16: -0.61616146 | E16: -0.60987842 | F16: -1.833074 | G16: -1.0200401 | H16: -1.0200401 | I16: =SUM(D16:INDEX(D16:H16,0,MATCH('RFPR cover'!$C$9,$D$6:$H$6,0))) -> -3.0591138 | J16: =SUM(D16:H16) -> -5.0991939
A17: e | B17: =Data!B135 -> Major connections ODI | C17: =Data!$C$9 -> £m 20/21 | D17: 0 | E17: 0 | F17: 0 | G17: 0 | H17: 0 | I17: =SUM(D17:INDEX(D17:H17,0,MATCH('RFPR cover'!$C$9,$D$6:$H$6,0))) -> 0 | J17: =SUM(D17:H17) -> 0
A18: f | B18: =Data!B136 -> Consumer Vulnerability ODI | C18: =Data!$C$9 -> £m 20/21 | D18: 0 | E18: 0.32122095 | F18: 0 | G18: 0 | H18: 0.95419899 | I18: =SUM(D18:INDEX(D18:H18,0,MATCH('RFPR cover'!$C$9,$D$6:$H$6,0))) -> 0.32122095 | J18: =SUM(D18:H18) -> 1.2754199
A19: g | B19: =Data!B137 -> Distribution System Operator ODI | C19: =Data!$C$9 -> £m 20/21 | D19: 0.921 | E19: 2.304 | F19: 2.304 | G19: 2.1625101 | H19: 2.1625101 | I19: =SUM(D19:INDEX(D19:H19,0,MATCH('RFPR cover'!$C$9,$D$6:$H$6,0))) -> 5.529 | J19: =SUM(D19:H19) -> 9.8540201
A20: h | B20: =Data!B138 -> Dig, Fix and Go ODI (ENWL only) | C20: =Data!$C$9 -> £m 20/21 | D20: 0 | E20: 0 | F20: 0 | G20: 0 | H20: 0 | I20: =SUM(D20:INDEX(D20:H20,0,MATCH('RFPR cover'!$C$9,$D$6:$H$6,0))) -> 0 | J20: =SUM(D20:H20) -> 0
A21: i | B21: =Data!B139 -> Collaborative Streetworks ODI (EPN, LPN and SPN only) | C21: =Data!$C$9 -> £m 20/21 | D21: 0 | E21: 0 | F21: 0 | G21: 0 | H21: 0 | I21: =SUM(D21:INDEX(D21:H21,0,MATCH('RFPR cover'!$C$9,$D$6:$H$6,0))) -> 0 | J21: =SUM(D21:H21) -> 0
B22: Earned Output Incentive revenue as per PCFM | C22: =Data!$C$9 -> £m 20/21 | D22: =SUM(D14:D21) -> 1.0939622 | E22: =SUM(E14:E21) -> 2.8109551 | F22: =SUM(F14:F21) -> 2.0388134 | G22: =SUM(G14:G21) -> 3.2359201 | H22: =SUM(H14:H21) -> 4.4901191 | I22: =SUM(D22:INDEX(D22:H22,0,MATCH('RFPR cover'!$C$9,$D$6:$H$6,0))) -> 5.9437307 | J22: =SUM(D22:H22) -> 13.66977
B25: Additional Commentary
A26: a
A27: b
A28: c
A29: d
A30: e
A31: f
A32: g
A33: h
A34: i
B36: Other Revenue Allowances (ORAt) - Post Tax
B38: Innovation
A40: i | B40: Network Innovation Allowance | C40: NIAt
B41: Total NIA Expenditure | C41: =Data!$C$9 -> £m 20/21 | D41: 0.023035669 | E41: 0.11442028 | F41: 0.34738081 | G41: 1.1406468 | H41: 1.562393 | I41: =SUM(D41:INDEX(D41:H41,0,MATCH('RFPR cover'!$C$9,$D$6:$H$6,0))) -> 0.48483676 | J41: =SUM(D41:H41) -> 3.1878765 | K41: Does not apply to NGGT SO
B42: Unrecoverable Expenditure (eg not conforming to technical requirements) | C42: =Data!$C$9 -> £m 20/21 | D42: 0 | E42: 0 | F42: 0 | G42: 0 | H42: 0 | I42: =SUM(D42:INDEX(D42:H42,0,MATCH('RFPR cover'!$C$9,$D$6:$H$6,0))) -> 0 | J42: =SUM(D42:H42) -> 0
B43: Company Compulsory Contribution (including % contribution funded by licensee) | C43: =Data!$C$9 -> £m 20/21 | D43: =D41*10% -> 0.0023035669 | E43: =E41*10% -> 0.011442028 | F43: =F41*10% -> 0.034738081 | G43: =G41*10% -> 0.11406468 | H43: =H41*10% -> 0.1562393 | I43: =SUM(D43:INDEX(D43:H43,0,MATCH('RFPR cover'!$C$9,$D$6:$H$6,0))) -> 0.048483676 | J43: =SUM(D43:H43) -> 0.31878765
B44: Allowed NIA adjustment | C44: =Data!$C$9 -> £m 20/21 | D44: =D41-D42-D43 -> 0.020732102 | E44: =E41-E42-E43 -> 0.10297826 | F44: =F41-F42-F43 -> 0.31264273 | G44: =G41-G42-G43 -> 1.0265821 | H44: =H41-H42-H43 -> 1.4061537 | I44: =SUM(D44:INDEX(D44:H44,0,MATCH('RFPR cover'!$C$9,$D$6:$H$6,0))) -> 0.43635309 | J44: =SUM(D44:H44) -> 2.8690889
B45: Network innovation input for RORE | C45: =Data!$C$9 -> £m 20/21 | D45: =D42+D43 -> 0.0023035669 | E45: =E42+E43 -> 0.011442028 | F45: =F42+F43 -> 0.034738081 | G45: =G42+G43 -> 0.11406468 | H45: =H42+H43 -> 0.1562393 | I45: =SUM(D45:INDEX(D45:H45,0,MATCH('RFPR cover'!$C$9,$D$6:$H$6,0))) -> 0.048483676 | J45: =SUM(D45:H45) -> 0.31878765
A47: ii | B47: Carry Over RIIO-1 Network Innovation Allowance | C47: CNIAt
B48: Eligible NIA expenditure and Bid Preparation costs | C48: =Data!$C$9 -> £m 20/21 | D48: 0.29071795 | K48: Does not apply to NGGT SO
B49: Unrecoverable Expenditure (eg not conforming to technical requirements) | C49: =Data!$C$9 -> £m 20/21
B50: Company Compulsory Contribution (including % contribution funded by licensee) | C50: =Data!$C$9 -> £m 20/21 | D50: =D48*10% -> 0.029071795
B51: Allowed CNIA adjustment | C51: =Data!$C$9 -> £m 20/21 | D51: =D48-D49-D50 -> 0.26164616
B52: Carry-over Network innovation input for RORE | C52: =Data!$C$9 -> £m 20/21 | D52: =D49+D50 -> 0.029071795
A54: iii | B54: Strategic Innovation Fund | C54: SIFt
B55: SIF Funding | C55: =Data!$C$9 -> £m 20/21 | I55: =SUM(D55:INDEX(D55:H55,0,MATCH('RFPR cover'!$C$9,$D$6:$H$6,0))) -> 0 | J55: =SUM(D55:H55) -> 0 | K55: Does not apply to NGGT SO
B56: SIF Funding Return (Disallowed Expenditure only) | C56: =Data!$C$9 -> £m 20/21 | I56: =SUM(D56:INDEX(D56:H56,0,MATCH('RFPR cover'!$C$9,$D$6:$H$6,0))) -> 0 | J56: =SUM(D56:H56) -> 0
B57: Company Compulsory Contribution (including % contribution funded by licensee) | C57: =Data!$C$9 -> £m 20/21 | D57: 0 | E57: 0 | F57: 0 | G57: 0 | H57: 0 | I57: =SUM(D57:INDEX(D57:H57,0,MATCH('RFPR cover'!$C$9,$D$6:$H$6,0))) -> 0 | J57: =SUM(D57:H57) -> 0
B58: Allowed SIF adjustment | C58: =Data!$C$9 -> £m 20/21 | D58: =D55-D56-D57 -> 0 | E58: =E55-E56-E57 -> 0 | F58: =F55-F56-F57 -> 0 | G58: =G55-G56-G57 -> 0 | H58: =H55-H56-H57 -> 0 | I58: =SUM(D58:INDEX(D58:H58,0,MATCH('RFPR cover'!$C$9,$D$6:$H$6,0))) -> 0 | J58: =SUM(D58:H58) -> 0
B59: Strategic innovation input for RORE | C59: =Data!$C$9 -> £m 20/21 | D59: =D56+D57 -> 0 | E59: =E56+E57 -> 0 | F59: =F56+F57 -> 0 | G59: =G56+G57 -> 0 | H59: =H56+H57 -> 0 | I59: =SUM(D59:INDEX(D59:H59,0,MATCH('RFPR cover'!$C$9,$D$6:$H$6,0))) -> 0 | J59: =SUM(D59:H59) -> 0
B62: Incentives
B63: Actuals may be updated once all incentives are determined - ONLY APPLIES TO NGGT - SO
B64: NOTE: Section below excludes ORA (i), (ii) and (iii) which have already been included as part of "Innovation" section above.
B65: Incentives per latest PCFM company-specific Input Sheet
A66: iv | B66: =Data!B199 | C66: =Data!$C$9 -> £m 20/21 | I66: =SUM(D66:INDEX(D66:H66,0,MATCH('RFPR cover'!$C$9,$D$6:$H$6,0))) -> 0 | J66: =SUM(D66:H66) -> 0
A67: v | B67: =Data!B200 | C67: =Data!$C$9 -> £m 20/21 | I67: =SUM(D67:INDEX(D67:H67,0,MATCH('RFPR cover'!$C$9,$D$6:$H$6,0))) -> 0 | J67: =SUM(D67:H67) -> 0
A68: vi | B68: =Data!B201 | C68: =Data!$C$9 -> £m 20/21 | I68: =SUM(D68:INDEX(D68:H68,0,MATCH('RFPR cover'!$C$9,$D$6:$H$6,0))) -> 0 | J68: =SUM(D68:H68) -> 0
A69: vii | B69: =Data!B202 | C69: =Data!$C$9 -> £m 20/21 | I69: =SUM(D69:INDEX(D69:H69,0,MATCH('RFPR cover'!$C$9,$D$6:$H$6,0))) -> 0 | J69: =SUM(D69:H69) -> 0
A70: viii | B70: =Data!B203 | C70: =Data!$C$9 -> £m 20/21 | I70: =SUM(D70:INDEX(D70:H70,0,MATCH('RFPR cover'!$C$9,$D$6:$H$6,0))) -> 0 | J70: =SUM(D70:H70) -> 0
C71: =Data!$C$9 -> £m 20/21 | D71: =SUM(D66:D70) -> 0 | E71: =SUM(E66:E70) -> 0 | F71: =SUM(F66:F70) -> 0 | G71: =SUM(G66:G70) -> 0 | H71: =SUM(H66:H70) -> 0 | I71: =SUM(D71:INDEX(D71:H71,0,MATCH('RFPR cover'!$C$9,$D$6:$H$6,0))) -> 0 | J71: =SUM(D71:H71) -> 0
B74: Additional Commentary
A75: i
A76: ii
A77: iii
A78: iv
A79: v
A80: vi
A81: vii
A82: viii

Sheet R5 - Financing
A1: R5 - Financing
A2: NGED-SWALES
A3: 2026
D5: Actuals | E5: Actuals | F5: Actuals | G5: Forecast | H5: Forecast | I5: Forecast
D6: 2024 | E6: 2025 | F6: 2026 | G6: 2027 | H6: 2028 | I6: Cumulative to 2026 | J6: RIIO-2 period
D7: 2023/24 | E7: 2024/25 | F7: 2025/26 | G7: 2026/27 | H7: 2027/28
B9: Net Interest Per Statutory Accounts | C9: £m nominal | D9: 33.329838 | E9: 37.40627 | F9: 40.067502 | G9: 39.111495 | H9: 37.879121
B11: Reconciliation with Statutory Accounts
B12: Interest not qualifying for corporation tax relief | C12: £m nominal | D12: 0 | E12: 0 | F12: 0 | G12: 0 | H12: 0
B13: Fair value adjustments (e.g. losses on derivatives) | C13: £m nominal | D13: 0 | E13: 0 | F13: 0 | G13: 0 | H13: 0
B14: Dividends on preference shares | C14: £m nominal | D14: 0 | E14: 0 | F14: 0 | G14: 0 | H14: 0
B15: Costs of early redemption on long term debt | C15: £m nominal | D15: 0 | E15: 0 | F15: 0 | G15: 0 | H15: 0
B16: Swap Termination Costs paid | C16: £m nominal | D16: 0 | E16: 0 | F16: 0 | G16: 0 | H16: 0
B17: Movements relating to pension fund liabilities reported within net interest | C17: £m nominal | D17: 3.6528 | E17: 1.496 | F17: 2.84 | G17: 2.924632 | H17: 3.0059368
B18: Debt issuance expenses (inc. amortisation to discounts that had previously benefitted from a tax deduction) | C18: £m nominal | D18: -0.75559748 | E18: -0.262 | F18: -0.301 | G18: -0.6 | H18: -0.7
B19: Commitment fees for undrawn liquidity backup lines | C19: £m nominal | D19: -0.17285452 | E19: -0.153 | F19: -0.168 | G19: -0.4 | H19: -0.2
B20: Less Interest capitalised | C20: £m nominal | D20: 1.757 | E20: 2.556 | F20: 3.734 | G20: 3.734 | H20: 3.734
B21: Unwinding of discount of provisions | C21: £m nominal | D21: -0.265263 | E21: -0.279 | F21: -0.341 | G21: -0.341 | H21: -0.341
B22: IFRS16 Lease Interest Expense | C22: £m nominal | D22: -0.04933994 | E22: -0.05 | F22: -0.05 | G22: -0.05 | H22: -0.05
B23: Other finance costs | C23: £m nominal | D23: -0.24517053 | E23: -0.205 | F23: -0.179 | G23: -0.179 | H23: -0.179
... B29: Net Interest Per Regulatory (RIIO-2) Definition | C29: £m nominal | D29: 37.25 | E29: 40.557658 | F29: 45.650889 | G29: 44.007683 | H29: 42.613842
B30: Forecast new financing/refinancing Net Interest costs | C30: £m nominal | G30: 0 | H30: 12.874105
B31: Regulatory Net Interest including forecast new financing/refinancing costs | C31: £m nominal | D31: 37.25 | E31: 40.557658 | F31: 45.650889 | G31: 44.007683 | H31: 55.487946
B32: External Net Interest | C32: £m nominal | D32: 35.491549 | E32: 46.664 | F32: 51.547 | G32: 47.526095 | H32: 58.876536
B33: Intra-company Net Interest | C33: £m nominal | D33: 1.7909467 | E33: -6.108 | F33: -5.864 | G33: -3.5307125 | H33: -3.3547941
D34: OK | E34: OK | F34: OK | G34: OK | H34: OK
B36: Memo: Net interest (RIIO-2) Definition that relates to non-cash principal inflation accretion on bonds and loans | C36: £m nominal | D36: 5.2427941 | E36: 4.0579819 | F36: 4.3541849 | G36: 5.1230778 | H36: 3.593424
B38: Inflation component of nominal finance cost | C38: £m nominal | D38: 67.821135 | E38: 34.985947 | F38: 41.405293 | G38: 35.155617 | H38: 26.66756
B40: In-period real finance cost (reg terms) at actual gearing | C40: £m nominal | D40: -30.571135 | E40: 5.5717105 | F40: 4.2455961 | G40: 8.8520665 | H40: 28.820387
B42: Combined RPI-CPIH real to nominal prices conversion | C42: Factor | D42: 1.2806227 | E42: 1.3217926 | F42: 1.3718375 | G42: 1.4112458 | H42: 1.4390681
B44: In-period real finance cost (reg terms) at actual gearing | C44: £m 20/21 | D44: -23.872086 | E44: 4.2152684 | F44: 3.0948244 | G44: 6.2725194 | H44: 20.027118 | I44: -16.561994 | J44: 9.7376439
B46: Adjustments to be applied to Assumed Finance cost for performance assessment
B47: Add back Debt Issuance expenses | C47: £m nominal | D47: 0.75559748 | E47: 0.262 | F47: 0.301 | G47: 0.6 | H47: 0.7 | I47: 1.3185975 | J47: 2.6185975
B48: New/refinanced debt issuance expenses | C48: £m nominal | E48: 0 | F48: 0.055 | G48: 0.099 | H48: 0.099 | I48: 0.055 | J48: 0.253
B49: Costs of early redemption on long term debt (excluding exceptional costs of buy backs associated with M&A activity) | C49: £m nominal | D49: 0 | E49: 0 | F49: 0 | G49: 0 | H49: 0 | I49: 0 | J49: 0
B50: Add accrual for inflation accretion on index-linked swaps (if applicable) | C50: £m nominal | D50: 0 | E50: 0 | F50: 0 | G50: 0 | H50: 0 | I50: 0 | J50: 0
B51: Other Adjustments [please specify] | C51: £m nominal | D51: 0 | E51: 0 | F51: 0 | G51: 0 | H51: 0 | I51: 0 | J51: 0
B52: Other Adjustments [please specify] | C52: £m nominal | D52: 0 | E52: 0 | F52: 0 | G52: 0 | H52: 0 | I52: 0 | J52: 0
B53: Other Adjustments [please specify] | C53: £m nominal | D53: 0 | E53: 0 | F53: 0 | G53: 0 | H53: 0 | I53: 0 | J53: 0
B54: Other Adjustments [please specify] | C54: £m nominal | D54: 0 | E54: 0 | F54: 0 | G54: 0 | H54: 0 | I54: 0 | J54: 0
B56: Total Adjustments to be applied for performance assessment (at actual gearing) | C56: £m nominal | D56: 0.75559748 | E56: 0.262 | F56: 0.356 | G56: 0.699 | H56: 0.799 | I56: 1.3735975 | J56: 2.8715975
B57: Total Adjustments to be applied for performance assessment (at actual gearing) | C57: £m 20/21 | D57: 0.59002351 | E57: 0.19821567 | F57: 0.25950596 | G57: 0.49530706 | H57: 0.55522043 | I57: 1.0477451 | J57: 2.0982726
B60: Cost of Debt out(under)performance at notional gearing
B61: Performance against allowance is impacted by deviating from notional levels of gearing
B63: Notional Gearing | C63: % | D63: 0.6 | E63: 0.6 | F63: 0.6 | G63: 0.6 | H63: 0.6
B64: Actual Gearing | C64: % | D64: 0.53800873 | E64: 0.54700294 | F64: 0.55198146 | G64: 0.59514001 | H64: 0.6115402
B66: In-period real finance cost (reg terms) at actual gearing | C66: £m nominal | D66: -30.571135 | E66: 5.5717105 | F66: 4.2455961 | G66: 8.8520665 | H66: 28.820387
B67: Adjustment to regulatory finance cost relating to variance from notional gearing | C67: £m nominal | D67: -3.5225143 | E67: 0.53982215 | F67: 0.36933727 | G67: 0.072287123 | H67: -0.54386108
B68: In-period real finance cost (reg terms) at notional gearing | C68: £m nominal | D68: -34.093649 | E68: 6.1115326 | F68: 4.6149333 | G68: 8.9243536 | H68: 28.276525
B70: In-period real finance cost (reg terms) at notional gearing | C70: £m 20/21 | D70: -26.622713 | E70: 4.6236699 | F70: 3.3640526 | G70: 6.3237416 | H70: 19.649192 | I70: -18.63499 | J70: 7.3379438
B71: Adjustments to be applied for performance assessment (at notional gearing) | C71: £m 20/21 | D71: 0.6580081 | E71: 0.21742004 | F71: 0.28208117 | G71: 0.49935181 | H71: 0.54474302 | I71: 1.1575093 | J71: 2.2016041
B73: Cost of Debt Allowance
B75: The latest PCFM contains the allowed cost of debt rate (%) for the reporting year.
B77: Real Cost of Debt Allowance as per latest PCFM (prior year AIP) | C77: £m 20/21 | D77: 23.742025 | E77: 25.151767 | F77: 26.550534 | G77: 27.975718 | H77: 29.45789
B80: Out(under) performance
B81: The real cost of debt is compared against the regulatory debt allowance (set in real terms) for an assessment of performance given the inflation protection provided by RAV indexation.
B82: Pre-Tax performance
B83: Pre-Tax Cost of Debt out(under)performance at actual gearing | C83: £m 20/21 | D83: 47.024088 | E83: 20.738283 | F83: 23.196203 | G83: 21.207892 | H83: 8.8755511 | I83: 90.958574 | J83: 121.04202
B85: Pre-Tax Cost of Debt out(under)performance at notional gearing | C85: £m 20/21 | D85: 49.706729 | E85: 20.310677 | F85: 22.9044 | G85: 21.152625 | H85: 9.2639543 | I85: 92.921806 | J85: 123.33839
B87: Pre-Tax Impact on out(under) performance relating to deviating from notional levels of gearing | C87: £m 20/21 | D87: -2.6826416 | E87: 0.42760593 | F87: 0.29180337 | G87: 0.055266949 | H87: -0.38840329 | I87: -1.9632323 | J87: -2.2963686

Sheet R6 - Net Debt
A1: R6 - Net Debt
A2: NGED-SWALES
A3: 2026
D5: Actuals | E5: Actuals | F5: Actuals | G5: Forecast | H5: Forecast
D6: 2024 | E6: 2025 | F6: 2026 | G6: 2027 | H6: 2028
D7: 2023/24 | E7: 2024/25 | F7: 2025/26 | G7: 2026/27 | H7: 2027/28
B9: Opening Cash, short term deposits and overdrafts (per Balance Sheet) | C9: £m nominal | D9: 75.526417 | E9: -152.9 | F9: -68.9 | G9: 21.1 | H9: 22.2
B11: Closing Cash, short term deposits and overdrafts (per Balance Sheet) | C11: £m nominal | D11: -152.9 | E11: -68.9 | F11: 21.1 | G11: 22.2 | H11: 23.5
B12: Bonds | C12: £m nominal | D12: 1081.2648 | E12: 1085.3227 | F12: 1089.6769 | G12: 1094.8023 | H12: 1098.4003
B13: External Loans | C13: £m nominal | D13: 0 | E13: 0 | F13: 0 | G13: 0 | H13: 0
B14: Private Placements | C14: £m nominal | D14: 0 | E14: 0 | F14: 0 | G14: 0 | H14: 0
B15: Group company loans (licensee lender) | C15: £m nominal | D15: 0 | E15: 0 | F15: 0 | G15: 0 | H15: 0
B16: Group company loans (licensee borrower) | C16: £m nominal | D16: 0 | E16: 0 | F16: 0 | G16: 0 | H16: 0
B17: Group Loans from Finco back to back with finco bond issue | C17: £m nominal | D17: 0 | E17: 0 | F17: 0 | G17: 0 | H17: 0
B18: Swaps Pay Leg | C18: £m nominal | D18: 39.107 | E18: 1239.107 | F18: 1239.107 | G18: 1239.107 | H18: 1239.107
B19: Swaps Receive Leg | C19: £m nominal | D19: -39.107 | E19: -1239.107 | F19: -1239.107 | G19: -1239.107 | H19: -1239.107
B20: Other | C20: £m nominal | D20: 0 | E20: 0 | F20: 0 | G20: 0 | H20: 0
B21: Total Modelled Debt | C21: £m nominal | D21: 928.36475 | E21: 1016.4227 | F21: 1110.7769 | G21: 1117.0023 | H21: 1121.9003
B23: Conversion to Regulatory (RIIO-2) Definition of Net Debt
B24: Unamortised Issue Costs | C24: £m nominal | D24: 0 | E24: 0 | F24: 0 | G24: 0 | H24: 0
B25: Fixed asset investments not readily convertible to cash | C25: £m nominal | D25: 0 | E25: 0 | F25: 0 | G25: 0 | H25: 0
B26: Preference shares | C26: £m nominal | D26: 0 | E26: 0 | F26: 0 | G26: 0 | H26: 0
B27: Long term loans (Not for benefit of regulated business or distribution in nature) | C27: £m nominal | D27: 0 | E27: 0 | F27: 0 | G27: 0 | H27: 0
B28: Discounts (premiums) for fixed rate debt | C28: £m nominal | D28: 1.8900069 | E28: 2.0952914 | F28: 2.1697766 | G28: 1.8699642 | H28: 2.1647394
B29: 1. Restricted cash balances - Excluded from the 'Net Debt per Regulatory Definition' per the 2018 RIGs Ofgem consultation and retrospectively removed from 2016 & 2017 | C29: £m nominal | D29: 0.48431636 | E29: 3.181 | F29: 5.22 | G29: 5.22 | H29: 5.22
B30: 2. Discounts (premiums) for floating rate and index-linked debt | C30: £m nominal | D30: 2.9278453 | E30: 2.565 | F30: 2.175 | G30: 1.6604871 | H30: 1.2069631
B31: 3. [Insert adjustment as necessary] | C31: £m nominal | D31: 0 | E31: 0 | F31: 0 | G31: 0 | H31: 0
B32: 4. [Insert adjustment as necessary] | C32: £m nominal | D32: 0 | E32: 0 | F32: 0 | G32: 0 | H32: 0
B33: 5. [Insert adjustment as necessary] | C33: £m nominal | D33: 0 | E33: 0 | F33: 0 | G33: 0 | H33: 0
B34: 6. [Insert adjustment as necessary] | C34: £m nominal | D34: 0 | E34: 0 | F34: 0 | G34: 0 | H34: 0
B35: 7. [Insert adjustment as necessary] | C35: £m nominal | D35: 0 | E35: 0 | F35: 0 | G35: 0 | H35: 0
... B40: Total Net Debt per Regulatory (RIIO-2) definition | C40: £m nominal | D40: 933.66692 | E40: 1024.264 | F40: 1120.3417 | G40: 1125.7527 | H40: 1130.492
B41: Forecast new debt/refinancing | C41: £m nominal | G41: 250 | H41: 250
B42: Regulatory Net Debt including forecast new debt/refinancing | C42: £m nominal | D42: 933.66692 | E42: 1024.264 | F42: 1120.3417 | G42: 1375.7527 | H42: 1380.492
D43: OK | E43: OK | F43: OK | G43: OK | H43: OK
B45: Opening Regulatory Net Debt including forecast new debt/refinancing | C45: £m nominal | D45: 857.7 | E45: 933.66692 | F45: 1024.264 | G45: 1120.3417 | H45: 1375.7527
B46: Closing Regulatory Net Debt including forecast new debt/refinancing | C46: £m nominal | D46: 933.66692 | E46: 1024.264 | F46: 1120.3417 | G46: 1375.7527 | H46: 1380.492
B48: Conversion from Regulatory (RIIO-2) Definition of Net Debt to Statutory Net Debt
B49: 1. Fair value adjustments | C49: £m nominal | D49: 0 | E49: 0 | F49: 0 | G49: 0 | H49: 0
B50: 2. Accrued interest | C50: £m nominal | D50: 8.9 | E50: 16.9 | F50: 17.1 | G50: 24.608735 | H50: 24.665014
B51: 3. Derivatives - other than cross currency swaps | C51: £m nominal | D51: 0 | E51: 4.06 | F51: 6.104 | G51: 6.104 | H51: 6.104
B52: 4. Balancing value on cross currency swaps | C52: £m nominal | D52: 0 | E52: 0 | F52: 0 | G52: 0 | H52: 0
B53: 5. IFRS 16 Right of Use Lease Liability | C53: £m nominal | D53: 1.5956962 | E53: 1.635 | F53: 1.575 | G53: 0 | H53: 0
B54: 6. Fair value hedge adjustment | C54: £m nominal | D54: 0 | E54: -27.754528 | F54: -36.826585 | G54: -36.826585 | H54: -36.826585
B55: 7. Unamortised issue costs, commitment and RCF arrangement fees | C55: £m nominal | D55: -6.4296592 | E55: -6.026 | F55: -6.116 | G55: -5.2951611 | H55: -5.0865634
B56: 8. Restricted cash | C56: £m nominal | D56: -0.48431636 | E56: -3.181 | F56: -5.22 | G56: -5.22 | H56: -5.22
B57: 9. [Insert adjustment as necessary] | C57: £m nominal | D57: 0 | E57: 0 | F57: 0 | G57: 0 | H57: 0
B58: 10. Derivatives | C58: £m nominal | D58: 0.16996226 | E58: 0 | F58: 0 | G58: 0 | H58: 0
B59: Net Debt per Statutory Accounts | C59: £m nominal | D59: 937.41861 | E59: 1009.8975 | F59: 1096.9581 | G59: 1359.1237 | H59: 1364.1279
B61: Allocation of net debt (Per regulatory definition. Transmission companies only)
B62: Gas system operator allocation (transmission companies only) | C62: % | D62: 0 | E62: 0 | F62: 0 | G62: 0 | H62: 0
B63: Transmission or distribution allocation | C63: % | D63: 1 | E63: 1 | F63: 1 | G63: 1 | H63: 1
B65: Average Net Debt (per Regulatory Definition) | C65: £m nominal | D65: 895.68346 | E65: 978.96548 | F65: 1072.3029 | G65: 1248.0472 | H65: 1378.1224
B66: Equity RAV | C66: £m nominal | D66: 769.12867 | E66: 810.72414 | F66: 870.34004 | G66: 849.01766 | H66: 875.40466
B67: Average RAV | C67: £m nominal | D67: 1664.8121 | E67: 1789.6896 | F67: 1942.6429 | G67: 2097.0649 | H67: 2253.527
B68: Actual Regulatory Gearing | C68: % | D68: 0.53800873 | E68: 0.54700294 | F68: 0.55198146 | G68: 0.59514001 | H68: 0.6115402
B69: Notional Gearing | C69: % | D69: 0.6 | E69: 0.6 | F69: 0.6 | G69: 0.6 | H69: 0.6
B70: Gearing Ratio delta | C70: % | D70: -0.061991268 | E70: -0.052997065 | F70: -0.048018541 | G70: -0.0048599905 | H70: 0.011540196
B72: NPV Neutral assumed Average Net Debt | C72: £m 20/21 | D72: 686.74283 | E72: 723.34861 | F72: 765.695 | G72: 867.15986 | H72: 938.26477
B73: NPV Neutral assumed Equity RAV | C73: £m 20/21 | D73: 589.71011 | E73: 599.03663 | F73: 621.48022 | G73: 589.9088 | H73: 596.00031
B74: NPV Neutral assumed Average RAV | C74: £m 20/21 | D74: 1276.4529 | E74: 1322.3852 | F74: 1387.1752 | G74: 1457.0687 | H74: 1534.2651
B75: Actual Regulatory Gearing | C75: % | D75: 0.53800873 | E75: 0.54700294 | F75: 0.55198146 | G75: 0.59514001 | H75: 0.6115402
... B77: Gearing Ratio delta | C77: % | D77: -0.061991268 | E77: -0.052997065 | F77: -0.048018541 | G77: -0.0048599905 | H77: 0.011540196

Sheet R7 - RAV
A1: R7 - Regulatory Asset Value (RAV)
A2: =Licensee -> NGED-SWALES
A3: =Reporting_Year -> 2026
F5: =IF(F6<=Reporting_Year,"Actuals","Forecast") -> Actuals | G5: =IF(G6<=Reporting_Year,"Actuals","Forecast") -> Actuals | H5: =IF(H6<=Reporting_Year,"Actuals","Forecast") -> Actuals | I5: =IF(I6<=Reporting_Year,"Actuals","Forecast") -> Forecast | J5: =IF(J6<=Reporting_Year,"Actuals","Forecast") -> Forecast
F6: ='RFPR cover'!$C$6 -> 2024 | G6: =F6+1 -> 2025 | H6: =G6+1 -> 2026 | I6: =H6+1 -> 2027 | J6: =I6+1 -> 2028
F7: =RIIO_2_start_date-1&"/"&RIGHT(RIIO_2_start_date,2) -> 2023/24 | G7: =RIIO_2_start_date&"/"&RIGHT(RIIO_2_start_date+1,2) -> 2024/25 | H7: =RIIO_2_start_date+1&"/"&RIGHT(RIIO_2_start_date+2,2) -> 2025/26 | I7: =RIIO_2_start_date+2&"/"&RIGHT(RIIO_2_start_date+3,2) -> 2026/27 | J7: =RIIO_2_start_date+3&"/"&RIGHT(RIIO_2_start_date+4,2) -> 2027/28
B9: RAV per latest PCFM
B12: Closing RAV per latest PCFM | E12: =Data!$C$9 -> £m 20/21 | F12: 1331.7369 | G12: 1392.7001 | H12: 1464.1343 | I12: 1534.5937 | J12: 1608.4372
B15: Opening RAV (before transfers) | E15: =Data!$C$9 -> £m 20/21 | F15: 1284.1846 | G15: =F24 -> 1319.1321 | H15: =G24 -> 1380.4803 | I15: =H24 -> 1450.9214 | J15: =I24 -> 1524.479
B16: Transfers | E16: =Data!$C$9 -> £m 20/21
B17: Opening RAV (after transfers) | E17: =Data!$C$9 -> £m 20/21 | F17: =SUM(F15:F16) -> 1284.1846 | G17: =SUM(G15:G16) -> 1319.1321 | H17: =SUM(H15:H16) -> 1380.4803 | I17: =SUM(I15:I16) -> 1450.9214 | J17: =SUM(J15:J16) -> 1524.479
B18: Net additions (after disposals) | E18: =Data!$C$9 -> £m 20/21 | F18: 136.13979 | G18: 148.79578 | H18: 158.89904 | I18: 157.80701 | J18: 160.57882
B19: Net additions (after disposals) - enduring value adjustment | E19: =Data!$C$9 -> £m 20/21 | F19: -12.604789 | G19: 0.66508661 | H19: -0.72769889 | I19: 3.379657 | J19: 9.7178897
B20: Total Net Additions | E20: =Data!$C$9 -> £m 20/21 | F20: =SUM(F18:F19) -> 123.535 | G20: =SUM(G18:G19) -> 149.46087 | H20: =SUM(H18:H19) -> 158.17134 | I20: =SUM(I18:I19) -> 161.18666 | J20: =SUM(J18:J19) -> 170.29671
B21: Depreciation | E21: =Data!$C$9 -> £m 20/21 | F21: -88.58756 | G21: -87.832531 | H21: -87.464882 | I21: -87.347609 | J21: -86.735267
B22: Depreciation - enduring value adjustment | E22: =Data!$C$9 -> £m 20/21 | F22: 0 | G22: -0.28010642 | H22: -0.26532672 | I22: -0.2814978 | J22: -0.20639432
B23: Total Depreciation | E23: =Data!$C$9 -> £m 20/21 | F23: =SUM(F21:F22) -> -88.58756 | G23: =SUM(G21:G22) -> -88.112637 | H23: =SUM(H21:H22) -> -87.730209 | I23: =SUM(I21:I22) -> -87.629107 | J23: =SUM(J21:J22) -> -86.941661
B24: Adjusted Closing RAV | E24: =Data!$C$9 -> £m 20/21 | F24: =F17+F20+F23 -> 1319.1321 | G24: =G17+G20+G23 -> 1380.4803 | H24: =H17+H20+H23 -> 1450.9214 | I24: =I17+I20+I23 -> 1524.479 | J24: =J17+J20+J23 -> 1607.8341
B26: Total enduring value and other adjustments | E26: =Data!$C$9 -> £m 20/21 | F26: =F19+F22 -> -12.604789 | G26: =G19+G22 -> 0.38498019 | H26: =H19+H22 -> -0.99302561 | I26: =I19+I22 -> 3.0981592 | J26: =J19+J22 -> 9.5114954
B27: CHECK | F27: =IF(F5="Actuals",IF(ABS((F24-SUM($F26:F$26))-F12)<0.1,"TRUE","FALSE"),"NA") -> TRUE | G27: =IF(G5="Actuals",IF(ABS((G24-SUM($F26:G$26))-G12)<0.1,"TRUE","FALSE"),"NA") -> TRUE | H27: =IF(H5="Actuals",IF(ABS((H24-SUM($F26:H$26))-H12)<0.1,"TRUE","FALSE"),"NA") -> TRUE | I27: =IF(I5="Actuals",IF(ABS((I24-SUM($F26:I$26))-I12)<0.1,"TRUE","FALSE"),"NA") -> NA | J27: =IF(J5="Actuals",IF(ABS((J24-SUM($F26:J$26))-J12)<0.1,"TRUE","FALSE"),"NA") -> NA
B30: Index for Opening RAV conversion to nominal in yr 1 | E30: Index | F30: =IF(Sector="ED2",(INDEX(Data!C29:N29,MATCH(RIIO_2_start_date-1,Data!C27:N27,0))/Data!$E$28),INDEX(Data!C20:N20,MATCH(RIIO_2_start_date-1,Data!C18:N18,0))/Data!$C$19) -> 1.2567228
B32: Adjusted Closing RAV | E32: £m nominal | F32: =IF(Sector="ED2",F24*Data!H36,F24*Combined_real_to_nominal_prices_conversion_factor__financial_year_end) -> 1715.7601 | G32: =IF(Sector="ED2",G24*Data!I36,G24*Combined_real_to_nominal_prices_conversion_factor__financial_year_end) -> 1863.6191 | H32: =IF(Sector="ED2",H24*Data!J36,H24*Combined_real_to_nominal_prices_conversion_factor__financial_year_end) -> 2021.6667 | I32: =IF(Sector="ED2",I24*Data!K36,I24*Combined_real_to_nominal_prices_conversion_factor__financial_year_end) -> 2172.4631 | J32: =IF(Sector="ED2",J24*Data!L36,J24*Combined_real_to_nominal_prices_conversion_factor__financial_year_end) -> 2334.591
B34: Cost of debt | E34: annual real % | F34: =INDEX(Data!$H$63:$P$91,MATCH('RFPR cover'!$C$7,Data!$B$63:$B$91,0),MATCH('R7 - RAV'!F$6,Data!$H$62:$P$62,0)) -> 0.031 | G34: =INDEX(Data!$H$63:$P$91,MATCH('RFPR cover'!$C$7,Data!$B$63:$B$91,0),MATCH('R7 - RAV'!G$6,Data!$H$62:$P$62,0)) -> 0.0317 | H34: =INDEX(Data!$H$63:$P$91,MATCH('RFPR cover'!$C$7,Data!$B$63:$B$91,0),MATCH('R7 - RAV'!H$6,Data!$H$62:$P$62,0)) -> 0.0319 | I34: =INDEX(Data!$H$63:$P$91,MATCH('RFPR cover'!$C$7,Data!$B$63:$B$91,0),MATCH('R7 - RAV'!I$6,Data!$H$62:$P$62,0)) -> 0.032 | J34: =INDEX(Data!$H$63:$P$91,MATCH('RFPR cover'!$C$7,Data!$B$63:$B$91,0),MATCH('R7 - RAV'!J$6,Data!$H$62:$P$62,0)) -> 0.032
B35: Cost of equity | E35: annual real % | F35: =INDEX(Data!$O$63:$U$91,MATCH('RFPR cover'!$C$7,Data!$B$63:$B$91,0),MATCH('R7 - RAV'!F$6,Data!$O$62:$U$62,0)) -> 0.052833944 | G35: =INDEX(Data!$O$63:$U$91,MATCH('RFPR cover'!$C$7,Data!$B$63:$B$91,0),MATCH('R7 - RAV'!G$6,Data!$O$62:$U$62,0)) -> 0.055875458 | H35: =INDEX(Data!$O$63:$U$91,MATCH('RFPR cover'!$C$7,Data!$B$63:$B$91,0),MATCH('R7 - RAV'!H$6,Data!$O$62:$U$62,0)) -> 0.054475396 | I35: =INDEX(Data!$O$63:$U$91,MATCH('RFPR cover'!$C$7,Data!$B$63:$B$91,0),MATCH('R7 - RAV'!I$6,Data!$O$62:$U$62,0)) -> 0.056672045 | J35: =INDEX(Data!$O$63:$U$91,MATCH('RFPR cover'!$C$7,Data!$B$63:$B$91,0),MATCH('R7 - RAV'!J$6,Data!$O$62:$U$62,0)) -> 0.055271983
B36: Notional gearing | E36: % | F36: =Notional_Gearing -> 0.6 | G36: =Notional_Gearing -> 0.6 | H36: =Notional_Gearing -> 0.6 | I36: =Notional_Gearing -> 0.6 | J36: =Notional_Gearing -> 0.6
B37: Vanilla WACC | E37: annual real % | F37: =F34*F36+F35*(1-F36) -> 0.039733578 | G37: =G34*G36+G35*(1-G36) -> 0.041370183 | H37: =H34*H36+H35*(1-H36) -> 0.040930158 | I37: =I34*I36+I35*(1-I36) -> 0.041868818 | J37: =J34*J36+J35*(1-J36) -> 0.041308793
B39: NPV-neutral debt element of RAV | E39: =Data!$C$9 -> £m 20/21 | F39: =F41*F36 -> 765.87176 | G39: =G41*G36 -> 793.43115 | H39: =H41*H36 -> 832.30513 | I39: =I41*I36 -> 874.2412 | J39: =J41*J36 -> 920.55905
B40: NPV-neutral equity element of RAV | E40: =Data!$C$9 -> £m 20/21 | F40: =F41*(1-F36) -> 510.58118 | G40: =G41*(1-G36) -> 528.9541 | H40: =H41*(1-H36) -> 554.87009 | I40: =I41*(1-I36) -> 582.82746 | J40: =J41*(1-J36) -> 613.70603
B41: NPV-neutral RAV return base | E41: =Data!$C$9 -> £m 20/21 | F41: =AVERAGE(F17,F24*(1/(1+F37))) -> 1276.4529 | G41: =AVERAGE(G17,G24*(1/(1+G37))) -> 1322.3852 | H41: =AVERAGE(H17,H24*(1/(1+H37))) -> 1387.1752 | I41: =AVERAGE(I17,I24*(1/(1+I37))) -> 1457.0687 | J41: =AVERAGE(J17,J24*(1/(1+J37))) -> 1534.2651
B43: Debt Return on RAV | E43: =Data!$C$9 -> £m 20/21 | F43: =F34*F39 -> 23.742025 | G43: =G34*G39 -> 25.151767 | H43: =H34*H39 -> 26.550534 | I43: =I34*I39 -> 27.975718 | J43: =J34*J39 -> 29.45789
B44: Equity Return on RAV | E44: =Data!$C$9 -> £m 20/21 | F44: =F35*F40 -> 26.976017 | G44: =G35*G40 -> 29.555552 | H44: =H35*H40 -> 30.226768 | I44: =I35*I40 -> 33.030024 | J44: =J35*J40 -> 33.920749
B45: Total return on RAV | E45: =Data!$C$9 -> £m 20/21 | F45: =SUM(F43:F44) -> 50.718042 | G45: =SUM(G43:G44) -> 54.70732 | H45: =SUM(H43:H44) -> 56.777301 | I45: =SUM(I43:I44) -> 61.005743 | J45: =SUM(J43:J44) -> 63.378639

Sheet R8 - Tax
A1: R8 - Tax
A2: =Licensee -> NGED-SWALES
A3: =Reporting_Year -> 2026
E5: =IF(E6+1<=Reporting_Year,"Actuals","Forecast") -> Actuals | F5: =IF(F6+1<=Reporting_Year,"Actuals","Forecast") -> Actuals | G5: =IF(G6+1<=Reporting_Year,"Actuals","Forecast") -> Forecast | H5: =IF(H6+1<=Reporting_Year,"Actuals","Forecast") -> Forecast | I5: =IF(I6+1<=Reporting_Year,"Actuals","Forecast") -> Forecast
E6: ='RFPR cover'!$C$6 -> 2024 | F6: =E6+1 -> 2025 | G6: =F6+1 -> 2026 | H6: =G6+1 -> 2027 | I6: =H6+1 -> 2028
E7: =RIIO_2_start_date-1&"/"&RIGHT(RIIO_2_start_date,2) -> 2023/24 | F7: =RIIO_2_start_date&"/"&RIGHT(RIIO_2_start_date+1,2) -> 2024/25 | G7: =RIIO_2_start_date+1&"/"&RIGHT(RIIO_2_start_date+2,2) -> 2025/26 | H7: =RIIO_2_start_date+2&"/"&RIGHT(RIIO_2_start_date+3,2) -> 2026/27 | I7: =RIIO_2_start_date+3&"/"&RIGHT(RIIO_2_start_date+4,2) -> 2027/28
B8: The CT600 will not have been submitted for the current reporting year.
B9: It is assumed the current tax charge per the statutory accounts will equal the tax liability in the forthcoming CT600, where this is not the case the licensee should provide an explanation in the commentary of the variance.
B11: Tax liability per latest submitted CT600 (pre-group relief) after Regulatory Adjustments | D11: £m nominal | E11: 9.3591057 | F11: 28.163198 | J11: must match with worksheet R8a row 95 minus regulatory adjustments
B15: Adjustments to remove non-regulated tax liability
B16: Tax on non-regulated activities | D16: £m nominal | E16: 0 | F16: 0
B17: Metering | D17: £m nominal | E17: 0.137925 | F17: 0.125125
B18: De-minimus and Other activities | D18: £m nominal | E18: 0.2188 | F18: 0.214875
B19: Excluded services | D19: £m nominal | E19: 0.05316905 | F19: 0.02135
B20: Non-regulated tax | D20: £m nominal | E20: =SUM(E17:E19) -> 0.40989405 | F20: =SUM(F16:F19) -> 0.36135 | G20: =SUM(G16:G19) -> 0 | H20: =SUM(H16:H19) -> 0 | I20: =SUM(I16:I19) -> 0
B22: Other adjustments
B23: Tax on Other Revenue Allowances - Innovation and Incentives only | D23: £m nominal | E23: =IF(E5="Actuals",('R4 - Incentives and Other Rev'!D71+'R4 - Incentives and Other Rev'!D45+'R4 - Incentives and Other Rev'!D52+'R4 - Incentives and Other Rev'!D59)/(1-INDEX(Corporate_Tax,MATCH(E$6,Data!$C$18:$N$18,0)))*INDEX(Corporate_Tax,MATCH(E$6,Data!$C$18:$N$18,0)),0)*E38 -> 0.013393333 | F23: =IF(F5="Actuals",('R4 - Incentives and Other Rev'!E71+'R4 - Incentives and Other Rev'!E45+'R4 - Incentives and Other Rev'!E52+'R4 - Incentives and Other Rev'!E59)/(1-INDEX(Corporate_Tax,MATCH(F$6,Data!$C$18:$N$18,0)))*INDEX(Corporate_Tax,MATCH(F$6,Data!$C$18:$N$18,0)),0)*F38 -> 0.0050413294 | G23: =IF(G5="Actuals",('R4 - Incentives and Other Rev'!F71+'R4 - Incentives and Other Rev'!F45+'R4 - Incentives and Other Rev'!F52+'R4 - Incentives and Other Rev'!F59)/(1-INDEX(Corporate_Tax,MATCH(G$6,Data!$C$18:$N$18,0)))*INDEX(Corporate_Tax,MATCH(G$6,Data!$C$18:$N$18,0)),0)*G38 -> 0 | H23: =IF(H5="Actuals",('R4 - Incentives and Other Rev'!G71+'R4 - Incentives and Other Rev'!G45+'R4 - Incentives and Other Rev'!G52+'R4 - Incentives and Other Rev'!G59)/(1-INDEX(Corporate_Tax,MATCH(H$6,Data!$C$18:$N$18,0)))*INDEX(Corporate_Tax,MATCH(H$6,Data!$C$18:$N$18,0)),0)*H38 -> 0 | I23: =IF(I5="Actuals",('R4 - Incentives and Other Rev'!H71+'R4 - Incentives and Other Rev'!H45+'R4 - Incentives and Other Rev'!H52+'R4 - Incentives and Other Rev'!H59)/(1-INDEX(Corporate_Tax,MATCH(I$6,Data!$C$18:$N$18,0)))*INDEX(Corporate_Tax,MATCH(I$6,Data!$C$18:$N$18,0)),0)*I38 -> 0
B24: Collected revenue adjustment ('k') | D24: £m nominal | E24: -4.6500337 | F24: 5.528873
B25: Pension - timing adjustment | D25: £m nominal | E25: -1.8903122 | F25: -1.447865
B26: Pension - disallowed contributions | D26: £m nominal | E26: 0 | F26: 0
B27: Tax on derivatives not disregarded | D27: £m nominal | E27: 0 | F27: 0
B28: Enduring value adjustment (for consistency with forecast) | D28: £m nominal | E28: 1.4073235 | F28: 0.35204086
B29: [Insert adjustment as necessary] | D29: £m nominal
B30: [Insert adjustment as necessary] | D30: £m nominal
B31: [Insert adjustment as necessary] | D31: £m nominal
B32: [Insert new rows here as necessary] | D32: £m nominal
B33: Total other adjustments | D33: £m nominal | E33: =SUM(E23:E32) -> -5.1196291 | F33: =SUM(F23:F32) -> 4.4380902 | G33: =SUM(G23:G32) -> 0 | H33: =SUM(H23:H32) -> 0 | I33: =SUM(I23:I32) -> 0
B35: Forecast regulated tax liability (including impact of any enduring value adjustments) | D35: £m nominal | E35: 13.45576 | F35: 12.275849 | G35: 9.484203 | H35: 5.2548939 | I35: 5.2206382
B36: Adjusted regulated tax liability | D36: £m nominal | E36: =IF(ISNUMBER(E11),E11-E20-E33,E35-E20-E33) -> 14.068841 | F36: =IF(ISNUMBER(F11),F11-F20-F33,F35-F20-F33) -> 23.363758 | G36: =IF(ISNUMBER(G11),G11-G20-G33,G35-G20-G33) -> 9.484203 | H36: =IF(ISNUMBER(H11),H11-H20-H33,H35-H20-H33) -> 5.2548939 | I36: =IF(ISNUMBER(I11),I11-I20-I33,I35-I20-I33) -> 5.2206382
B38: Combined RPI-CPIH real to nominal prices conversion | D38: Factor | E38: =INDEX(real_to_nominal_CF,MATCH(E$6,calendar_year,0)) -> 1.2806227 | F38: =INDEX(real_to_nominal_CF,MATCH(F$6,calendar_year,0)) -> 1.3217926 | G38: =INDEX(real_to_nominal_CF,MATCH(G$6,calendar_year,0)) -> 1.3718375 | H38: =INDEX(real_to_nominal_CF,MATCH(H$6,calendar_year,0)) -> 1.4112458 | I38: =INDEX(real_to_nominal_CF,MATCH(I$6,calendar_year,0)) -> 1.4390681
B40: Adjusted/forecast regulated tax liability | D40: =Data!$C$9 -> £m 20/21 | E40: =Adjusted_regulated_tax_liability/E38 -> 10.985938 | F40: =Adjusted_regulated_tax_liability/F38 -> 17.675812 | G40: =Adjusted_regulated_tax_liability/G38 -> 6.9135035 | H40: =Adjusted_regulated_tax_liability/H38 -> 3.7235852 | I40: =Adjusted_regulated_tax_liability/I38 -> 3.6277909
B42: Tax out(under)performance at notional gearing
B43: Performance against allowance is impacted by deviating from notional levels of gearing
B45: Notional Gearing | D45: % | E45: =Data!$C$8 -> 0.6 | F45: =Data!$C$8 -> 0.6 | G45: =Data!$C$8 -> 0.6 | H45: =Data!$C$8 -> 0.6 | I45: =Data!$C$8 -> 0.6
B46: Actual Gearing | D46: % | E46: ='R6 - Net Debt'!D68 -> 0.53800873 | F46: ='R6 - Net Debt'!E68 -> 0.54700294 | G46: ='R6 - Net Debt'!F68 -> 0.55198146 | H46: ='R6 - Net Debt'!G68 -> 0.59514001 | I46: ='R6 - Net Debt'!H68 -> 0.6115402
B48: Adjusted/forecast regulated tax liability | D48: £m nominal | E48: =E36 -> 14.068841 | F48: =F36 -> 23.363758 | G48: =G36 -> 9.484203 | H48: =H36 -> 5.2548939 | I48: =I36 -> 5.2206382
B49: Adjustment to regulatory tax cost relating to variance from notional gearing | D49: £m nominal | E49: =E66-E68 -> 0.85886291 | F49: =F66-F68 -> -0.14130159 | G49: =G66-G68 -> -0.1000767 | H49: =H66-H68 -> -0.019498812 | I49: =I66-I68 -> 0.13973469
B50: Revised regulated tax liability for comparison against allowance | D50: £m nominal | E50: =SUM(E48:E49) -> 14.927704 | F50: =SUM(F48:F49) -> 23.222456 | G50: =SUM(G48:G49) -> 9.3841263 | H50: =SUM(H48:H49) -> 5.2353951 | I50: =SUM(I48:I49) -> 5.3603729
B52: Revised regulated tax liability for comparison against allowance | D52: =Data!$C$9 -> £m 20/21 | E52: =E50/E38 -> 11.656598 | F52: =F50/F38 -> 17.568911 | G52: =G50/G38 -> 6.8405526 | H52: =H50/H38 -> 3.7097685 | I52: =I50/I38 -> 3.7248918
B54: Allowance
B56: Tax Allowance per latest PCFM | D56: =Data!$C$9 -> £m 20/21 | E56: 11.80946 | F56: 9.5536092 | G56: 7.3158574 | H56: 3.7302638 | I56: 2.8962406
B58: Out(under) performance
B60: Regulated tax out(under) performance at actual gearing | D60: =Data!$C$9 -> £m 20/21 | E60: =E$56-E40 -> 0.82352231 | F60: =F$56-F40 -> -8.1222031 | G60: =G$56-G40 -> 0.40235389 | H60: =H$56-H40 -> 0.0066785538 | I60: =I$56-I40 -> -0.73155036
B62: Regulated tax out(under) performance at notional gearing | D62: =Data!$C$9 -> £m 20/21 | E62: =E$56-E52 -> 0.15286191 | F62: =F$56-F52 -> -8.0153016 | G62: =G$56-G52 -> 0.47530473 | H62: =H$56-H52 -> 0.020495291 | I62: =I$56-I52 -> -0.82865118
B64: Impact on out(under) performance relating to deviating from notional levels of gearing | D64: =Data!$C$9 -> £m 20/21 | E64: =E60-E62 -> 0.6706604 | F64: =F60-F62 -> -0.10690148 | G64: =G60-G62 -> -0.072950843 | H64: =H60-H62 -> -0.013816737 | I64: =I60-I62 -> 0.097100822
B66: Tax impact of financing performance (at actual gearing) | D66: £m nominal | E66: =-('R5 - Financing'!D83*INDEX(Corporate_Tax,MATCH(E$6,Data!$C$18:$N$18,0))*'R8 - Tax'!E$38) -> -15.055028 | F66: =-('R5 - Financing'!E83*INDEX(Corporate_Tax,MATCH(F$6,Data!$C$18:$N$18,0))*'R8 - Tax'!F$38) -> -6.8529273 | G66: =-('R5 - Financing'!F83*INDEX(Corporate_Tax,MATCH(G$6,Data!$C$18:$N$18,0))*'R8 - Tax'!G$38) -> -7.9553551 | H66: =-('R5 - Financing'!G83*INDEX(Corporate_Tax,MATCH(H$6,Data!$C$18:$N$18,0))*'R8 - Tax'!H$38) -> -7.4823869 | I66: =-('R5 - Financing'!H83*INDEX(Corporate_Tax,MATCH(I$6,Data!$C$18:$N$18,0))*'R8 - Tax'!I$38) -> -3.1931306 | J66: changed to calculation
B67: Tax impact of financing performance (at actual gearing) | D67: =Data!$C$9 -> £m 20/21 | E67: =E66/E$38 -> -11.756022 | F67: =F66/F$38 -> -5.1845708 | G67: =G66/G$38 -> -5.7990508 | H67: =H66/H$38 -> -5.301973 | I67: =I66/I$38 -> -2.2188878
B68: Tax impact of financing performance (at notional gearing) | D68: £m nominal | E68: =-('R5 - Financing'!D85*INDEX(Corporate_Tax,MATCH(E$6,Data!$C$18:$N$18,0))*'R8 - Tax'!E$38) -> -15.913891 | F68: =-('R5 - Financing'!E85*INDEX(Corporate_Tax,MATCH(F$6,Data!$C$18:$N$18,0))*'R8 - Tax'!F$38) -> -6.7116257 | G68: =-('R5 - Financing'!F85*INDEX(Corporate_Tax,MATCH(G$6,Data!$C$18:$N$18,0))*'R8 - Tax'!G$38) -> -7.8552784 | H68: =-('R5 - Financing'!G85*INDEX(Corporate_Tax,MATCH(H$6,Data!$C$18:$N$18,0))*'R8 - Tax'!H$38) -> -7.4628881 | I68: =-('R5 - Financing'!H85*INDEX(Corporate_Tax,MATCH(I$6,Data!$C$18:$N$18,0))*'R8 - Tax'!I$38) -> -3.3328653 | J68: changed to calculation
B69: Tax impact of financing performance (at notional gearing) | D69: =Data!$C$9 -> £m 20/21 | E69: =E68/E$38 -> -12.426682 | F69: =F68/F$38 -> -5.0776693 | G69: =G68/G$38 -> -5.7261 | H69: =H68/H$38 -> -5.2881562 | I69: =I68/I$38 -> -2.3159886
B70: Tax impact of financing performance relating to deviating from notional levels of gearing | D70: =Data!$C$9 -> £m 20/21 | E70: =E67-E69 -> 0.6706604 | F70: =F67-F69 -> -0.10690148 | G70: =G67-G69 -> -0.072950843 | H70: =H67-H69 -> -0.013816737 | I70: =I67-I69 -> 0.097100822

Sheet R9 - Corporate Governance
A1: R9 - Corporate Governance
A2: =Licensee -> NGED-SWALES
A3: =Reporting_Year -> 2026
D5: =IF(D6<=Reporting_Year,"Actuals","Forecast") -> Actuals | E5: =IF(E6<=Reporting_Year,"Actuals","Forecast") -> Actuals | F5: =IF(F6<=Reporting_Year,"Actuals","Forecast") -> Actuals | G5: =IF(G6<=Reporting_Year,"Actuals","Forecast") -> Forecast | H5: =IF(H6<=Reporting_Year,"Actuals","Forecast") -> Forecast
D6: ='RFPR cover'!$C$6 -> 2024 | E6: =D6+1 -> 2025 | F6: =E6+1 -> 2026 | G6: =F6+1 -> 2027 | H6: =G6+1 -> 2028
D7: =RIIO_2_start_date-1&"/"&RIGHT(RIIO_2_start_date,2) -> 2023/24 | E7: =RIIO_2_start_date&"/"&RIGHT(RIIO_2_start_date+1,2) -> 2024/25 | F7: =RIIO_2_start_date+1&"/"&RIGHT(RIIO_2_start_date+2,2) -> 2025/26 | G7: =RIIO_2_start_date+2&"/"&RIGHT(RIIO_2_start_date+3,2) -> 2026/27 | H7: =RIIO_2_start_date+3&"/"&RIGHT(RIIO_2_start_date+4,2) -> 2027/28
A9: Dividends Reconciliation - Regulated Business to Accounts
B11: Dividend paid as per Statutory Accounts | C11: £m nominal | D11: 60 | E11: 55 | F11: 35
B12: Less dividend paid not related to Regulated business
B13: Dividend allocated to non regulated activities | C13: £m nominal | D13: 2.298282 | E13: 1.2487551 | F13: 0.5076677
B14: [Insert adjustment as necessary] | C14: £m nominal | D14: 0 | E14: 0 | F14: 0
B15: [Insert new rows here as necessary] | C15: £m nominal | D15: 0 | E15: 0 | F15: 0
B16: Dividend paid relating to the Regulated Business | C16: £m nominal | D16: =D11-SUM(D13:D15) -> 57.701718 | E16: =E11-SUM(E13:E15) -> 53.751245 | F16: =F11-SUM(F13:F15) -> 34.492332 | G16: =G11-SUM(G13:G15) -> 0 | H16: =H11-SUM(H13:H15) -> 0
B18: Shareholder loan interest (not included as Net Interest per Regulatory (RIIO-2) definition) | C18: £m nominal | D18: 0 | E18: 0
A22: Executive Directors* Remuneration
D23: =Reporting_Year&" "&"- Actuals" -> 2026 - Actuals
D24: Director 1 | E24: Director 2 | F24: Director 3 | G24: Director 4 | H24: Director 5 | I24: Director 6
C25: Name of Director | D25: Cordi O'Hara | E25: Jenny Dillon | F25: Tanya Sharma | G25: Roisin Quinn | H25: Graham Halladay | I25: Paul Branston
B26: Fixed Pay
B27: Salary | C27: £m nominal | D27: 0.073366834 | E27: 0.035519544 | F27: 0.036326814 | G27: 0.010962165 | H27: 0.044191698 | I27: 0.026345358
B28: Bonus | C28: £m nominal | D28: 0.09397395 | E28: 0.03969855 | F28: 0.02489325 | G28: 0.0077037 | H28: 0.02276385 | I28: 0.01479255
B29: [Insert new rows here as necessary] | C29: £m nominal | G29: 0.0013446
B30: Benefits | C30: £m nominal | D30: 0.0016362 | E30: 0.00110655 | F30: 0.00041955 | G30: 0.00016755 | H30: 0.0318078 | I30: 0.0020064
B31: [Insert new rows here as necessary] | C31: £m nominal
B32: Pension | C32: £m nominal | D32: 0.00880395 | H32: 0.01553055
B33: [Insert new rows here as necessary] | C33: £m nominal
B34: Total Fixed Pay | C34: £m nominal | D34: =SUM(D27:D33) -> 0.17778093 | E34: =SUM(E27:E33) -> 0.076324644 | F34: =SUM(F27:F33) -> 0.061639614 | G34: =SUM(G27:G33) -> 0.020178015 | H34: =SUM(H27:H33) -> 0.1142939 | I34: =SUM(I27:I33) -> 0.043144308
B35: Allocation to Regulated Business | C35: £m nominal | D35: 0.17778093 | E35: 0.076324644 | F35: 0.061639614 | G35: 0.020178015 | H35: 0.1142939 | I35: 0.043144308
B37: Variable Pay
B38: Incentives | C38: £m nominal
B39: [Insert new rows here as necessary] | C39: £m nominal
B40: Performance related Pay | C40: £m nominal | D40: 0.2042037 | E40: 0.03564495 | F40: 0.0255468 | G40: 0.01390665 | H40: 0.0222777 | I40: 0.0072741
B41: [Insert new rows here as necessary] | C41: £m nominal
B42: Total Variable Pay | C42: £m nominal | D42: =SUM(D38:D41) -> 0.2042037 | E42: =SUM(E38:E41) -> 0.03564495 | F42: =SUM(F38:F41) -> 0.0255468 | G42: =SUM(G38:G41) -> 0.01390665 | H42: =SUM(H38:H41) -> 0.0222777 | I42: =SUM(I38:I41) -> 0.0072741
B43: Allocation to Regulated Business | C43: £m nominal | D43: 0.2042037 | E43: 0.03564495 | F43: 0.0255468 | G43: 0.01390665 | H43: 0.0222777 | I43: 0.0072741
B45: Total Pay | C45: £m nominal | D45: =SUM(D34,D42) -> 0.38198463 | E45: =SUM(E34,E42) -> 0.11196959 | F45: =SUM(F34,F42) -> 0.087186414 | G45: =SUM(G34,G42) -> 0.034084665 | H45: =SUM(H34,H42) -> 0.1365716 | I45: =SUM(I34,I42) -> 0.050418408
B46: Total Pay related to Regulated Business | C46: £m nominal | D46: =D35+D43 -> 0.38198463 | E46: =E35+E43 -> 0.11196959 | F46: =F35+F43 -> 0.087186414 | G46: =G35+G43 -> 0.034084665 | H46: =H35+H43 -> 0.1365716 | I46: =I35+I43 -> 0.050418408
B48: Shares** / Options
B49: Share ownership/ awards | C49: No. of Shares | D49: 0 | E49: 0 | F49: 0 | G49: 0 | H49: 0 | I49: 0
B50: [Insert new rows here as necessary]
B51: % Discount on shares purchased | C51: % | D51: 0 | E51: 0 | F51: 0 | G51: 0 | H51: 0 | I51: 0
B52: % of shares held compared to total authorised shares | C52: % | D52: 0 | E52: 0 | F52: 0 | G52: 0 | H52: 0 | I52: 0
B53: Value of total shares | C53: £m nominal | D53: 0 | E53: 0 | F53: 0 | G53: 0 | H53: 0 | I53: 0
B54: No.of Options held | C54: No. | D54: 0 | E54: 0 | F54: 0 | G54: 0 | H54: 0 | I54: 0
B55: Exercise price | C55: £ | D55: 0 | E55: 0 | F55: 0 | G55: 0 | H55: 0 | I55: 0
B56: No. of options exercised | C56: No. | D56: 0 | E56: 0 | F56: 0 | G56: 0 | H56: 0 | I56: 0
B57: Value of Options exercised | C57: £m nominal | D57: 0 | E57: 0 | F57: 0 | G57: 0 | H57: 0 | I57: 0
B59: Dividends paid | C59: £m nominal | D59: 0 | E59: 0 | F59: 0 | G59: 0 | H59: 0 | I59: 0
B61: Total Shares, Options and Dividends | D61: 0 | E61: 0 | F61: 0 | G61: 0 | H61: 0 | I61: 0
B62: Allocation to Regulated Business | C62: £m nominal | D62: 0 | E62: 0 | F62: 0 | G62: 0 | H62: 0 | I62: 0
B64: Total Remuneration | C64: £m nominal | D64: =D45+D61 -> 0.38198463 | E64: =E45+E61 -> 0.11196959 | F64: =F45+F61 -> 0.087186414 | G64: =G45+G61 -> 0.034084665 | H64: =H45+H61 -> 0.1365716 | I64: =I45+I61 -> 0.050418408
B65: Total Remuneration related to Regulated Business | C65: £m nominal | D65: =D46+D62 -> 0.38198463 | E65: =E46+E62 -> 0.11196959 | F65: =F46+F62 -> 0.087186414 | G65: =G46+G62 -> 0.034084665 | H65: =H46+H62 -> 0.1365716 | I65: =I46+I62 -> 0.050418408
B67: Pay Ratios - CEO's total remuneration to company's UK employees remuneration
B68: 25th percentile | D68: 8.3252432
B69: 50th percentile | D69: 6.4421662
B70: 75th percentile | D70: 4.9679558
A72: *meaning executive board directors
A73: ** in addition to shares under Variable Pay
B75: Supporting Comments

Sheet R10 - Pensions & Oth Activities
A1: R10 - Pensions & Other Activities
A2: =Licensee -> NGED-SWALES
A3: =Reporting_Year -> 2026
D5: =IF(D6<=Reporting_Year,"Actuals","Forecast") -> Actuals | E5: =IF(E6<=Reporting_Year,"Actuals","Forecast") -> Actuals | F5: =IF(F6<=Reporting_Year,"Actuals","Forecast") -> Actuals | G5: =IF(G6<=Reporting_Year,"Actuals","Forecast") -> Forecast | H5: =IF(H6<=Reporting_Year,"Actuals","Forecast") -> Forecast
D6: ='RFPR cover'!$C$6 -> 2024 | E6: =D6+1 -> 2025 | F6: =E6+1 -> 2026 | G6: =F6+1 -> 2027 | H6: =G6+1 -> 2028
D7: =RIIO_2_start_date-1&"/"&RIGHT(RIIO_2_start_date,2) -> 2023/24 | E7: =RIIO_2_start_date&"/"&RIGHT(RIIO_2_start_date+1,2) -> 2024/25 | F7: =RIIO_2_start_date+1&"/"&RIGHT(RIIO_2_start_date+2,2) -> 2025/26 | G7: =RIIO_2_start_date+2&"/"&RIGHT(RIIO_2_start_date+3,2) -> 2026/27 | H7: =RIIO_2_start_date+3&"/"&RIGHT(RIIO_2_start_date+4,2) -> 2027/28
B9: Pensions
B12: Licensee share of total pension deficit repair payment made for defined benefit scheme | C12: £m nominal | D12: 6.1600251 | E12: 4.1066834 | F12: 0
B13: Of which:
B14: Established deficit element funded via specific allowances | C14: £m nominal | D14: 4.4919011 | E14: 2.9946008 | F14: 0
B15: Incremental deficit funded via totex | C15: £m nominal | D15: 0.25598213 | E15: 0.17065475 | F15: 0
B18: Established deficit element funded via specific allowances | C18: =Data!$C$9 -> £m 20/21 | D18: =D$14/INDEX(real_to_nominal_CF,MATCH(D6,calendar_year,0)) -> 3.5075915 | E18: =E$14/INDEX(real_to_nominal_CF,MATCH(E6,calendar_year,0)) -> 2.2655603 | F18: =F$14/INDEX(real_to_nominal_CF,MATCH(F6,calendar_year,0)) -> 0 | G18: =G$14/INDEX(real_to_nominal_CF,MATCH(G6,calendar_year,0)) -> 0 | H18: =H$14/INDEX(real_to_nominal_CF,MATCH(H6,calendar_year,0)) -> 0
B21: Established deficit (EDE) allowance as per latest PCFM | C21: =Data!$C$9 -> £m 20/21 | D21: 0 | E21: -0.5 | F21: -0.5 | G21: -0.5 | H21: -0.5
B22: Less Pension Payment History Allowance (PPH) | C22: =Data!$C$9 -> £m 20/21
B23: Established deficit allowance less PPH | C23: =Data!$C$9 -> £m 20/21 | D23: =D21-D22 -> 0 | E23: =E21-E22 -> -0.5 | F23: =F21-F22 -> -0.5 | G23: =G21-G22 -> -0.5 | H23: =H21-H22 -> -0.5
D25: Enter valuation date
B28: Latest pension scheme valuation | D28: 44651
B30: Price base | D30: 2020/21
B33: Total Liabilities attributable to post cut-off date notional sub fund | C33: ="£m "&$D$30 -> £m 2020/21 | D33: 588.23384
B34: Total Liabilities attributable to pre cut-off date notional sub fund | C34: ="£m "&$D$30 -> £m 2020/21 | D34: 2305.5662
B36: Total Assets attributable to post cut-off date notional sub fund | C36: ="£m "&$D$30 -> £m 2020/21 | D36: 585.3
B37: Total Assets attributable to pre cut-off date notional sub fund | C37: ="£m "&$D$30 -> £m 2020/21 | D37: 2241.6
B39: Deficit in the post Cut-Off Date Notional Sub-Fund | C39: ="£m "&$D$30 -> £m 2020/21 | D39: =D33-D36 -> 2.9338361
B40: Deficit in the pre Cut-Off Date Notional Sub-Fund | C40: ="£m "&$D$30 -> £m 2020/21 | D40: =D34-D37 -> 63.966164
B42: Licensee element of established deficit | C42: ="£m "&$D$30 -> £m 2020/21 | D42: 16.694899
B43: Licensee element of incremental deficit | C43: ="£m "&$D$30 -> £m 2020/21 | D43: 0.95140025
B47: Other Activities
D51: =IF(D52<=Reporting_Year,"Actuals","Forecast") -> Actuals | E51: =IF(E52<=Reporting_Year,"Actuals","Forecast") -> Actuals | F51: =IF(F52<=Reporting_Year,"Actuals","Forecast") -> Actuals | G51: =IF(G52<=Reporting_Year,"Actuals","Forecast") -> Forecast | H51: =IF(H52<=Reporting_Year,"Actuals","Forecast") -> Forecast
D52: ='RFPR cover'!$C$6 -> 2024 | E52: =D52+1 -> 2025 | F52: =E52+1 -> 2026 | G52: =F52+1 -> 2027 | H52: =G52+1 -> 2028
B54: Post-tax total fines and penalties (including GS payments) | C54: =Data!$C$9 -> £m 20/21 | D54: =(D$62+D$67)/INDEX(real_to_nominal_CF,MATCH('R10 - Pensions & Oth Activities'!D52,calendar_year,0)) -> 0.0017745274 | E54: =(E$62+E$67)/INDEX(real_to_nominal_CF,MATCH('R10 - Pensions & Oth Activities'!E52,calendar_year,0)) -> 3.2614147 | F54: =(F$62+F$67)/INDEX(real_to_nominal_CF,MATCH('R10 - Pensions & Oth Activities'!F52,calendar_year,0)) -> 0.048168061 | G54: =(G$62+G$67)/INDEX(real_to_nominal_CF,MATCH('R10 - Pensions & Oth Activities'!G52,calendar_year,0)) -> 0 | H54: =(H$62+H$67)/INDEX(real_to_nominal_CF,MATCH('R10 - Pensions & Oth Activities'!H52,calendar_year,0)) -> 0
B56: Ofgem related fines and penalties
B57: [Insert detail of fine or penalty] | C57: £m nominal | D57: 0 | E57: 0 | F57: 0 | G57: 0 | H57: 0
B58: [Insert detail of fine or penalty] | C58: £m nominal | D58: 0 | E58: 0 | F58: 0 | G58: 0 | H58: 0
B59: [Insert new rows here as necessary] | C59: £m nominal | D59: 0 | E59: 0 | F59: 0 | G59: 0 | H59: 0
B60: Total Ofgem related fines and penalties | C60: £m nominal | D60: =SUM(D57:D59) -> 0 | E60: =SUM(E57:E59) -> 0 | F60: =SUM(F57:F59) -> 0 | G60: =SUM(G57:G59) -> 0 | H60: =SUM(H57:H59) -> 0
B61: Any adjustment for tax | C61: £m nominal | D61: 0 | E61: 0 | F61: 0 | G61: 0 | H61: 0
B62: Post-tax total fines and penalties | C62: £m nominal | D62: =D60-D61 -> 0 | E62: =E60-E61 -> 0 | F62: =F60-F61 -> 0 | G62: =G60-G61 -> 0 | H62: =H60-H61 -> 0
B64: Guaranteed Standard (GS) payments
B65: Total GS payments | C65: £m nominal | D65: 0.00303 | E65: 5.747885 | F65: 0.088105 | G65: 0 | H65: 0
B66: Any adjustment for tax | C66: £m nominal | D66: =$D$65*25% -> 0.0007575 | E66: =$E$65*25% -> 1.4369713 | F66: =$F$65*25% -> 0.02202625 | G66: =$G$65*25% -> 0 | H66: =$H$65*25% -> 0
B67: Post-tax total GS payments | C67: £m nominal | D67: =D65-D66 -> 0.0022725 | E67: =E65-E66 -> 4.3109138 | F67: =F65-F66 -> 0.06607875 | G67: =G65-G66 -> 0 | H67: =H65-H66 -> 0

Sheet Input sheets for R5a and R6a>>>
A1: Input sheets for R5a and R6a>>>
B4: F3 - Fixed Rate Debt
B5: F4 - Floating Rate Debt
B6: F5 - Inflation Linked Debt
B7: F6 - Debt Dataset
B8: I1 - Universal Data
B9: I2 - Monthly Inflation

Sheet I1 - Universal Data
A1: =MID(CELL("filename",A1),FIND("]",CELL("filename",A1))+1,256) -> I1 - Universal Data
A2: =Licensee -> NGED-SWALES
A3: =Sector -> ED2
A5: PCFM year ending | B5: Units | C5: Constant | D5: 2015 | E5: 2016 | F5: 2017 | G5: 2018 | H5: 2019 | I5: 2020 | J5: 2021 | K5: 2022 | L5: 2023 | M5: =L5+1 -> 2024 | N5: =M5+1 -> 2025 | O5: =N5+1 -> 2026 | P5: =O5+1 -> 2027 | Q5: =P5+1 -> 2028 | R5: =Q5+1 -> 2029 | S5: =R5+1 -> 2030 | T5: =S5+1 -> 2031 | ... V5: =U5+1 -> 2033
A7: Inflation and interest rates input
A9: Price Base Year: (enter 2007 for 2006/07) | B9: FY ending | C9: =IF(Price_basis = "£M 18/19", 2019, IF(Price_basis = "£M 20/21", 2021, "NA")) -> 2021
A11: Inflation Forecasts (OBR)
A12: OBR publication date November 2024
A14: Calendar year forecast | B14: calendar year | D14: 2015 | E14: 2016 | F14: 2017 | G14: 2018 | H14: 2019 | I14: 2020 | J14: 2021 | K14: 2022 | L14: 2023 | M14: 2024 | N14: 2025 | O14: 2026 | P14: 2027 | Q14: 2028 | R14: 2029 | S14: 2030 | T14: 2031 | U14: 2032 | V14: 2033
A15: Retail Price Index (RPI) forecast | B15: % | H15: 0.025628885 | I15: 0.015033471 | J15: 0.040452569 | K15: 0.11584699 | L15: 0.096914789 | M15: 0.035849815 | N15: 0.041311095 | O15: 0.030764505 | P15: 0.029831866 | Q15: 0.027839241 | R15: 0.028771944 | S15: 0.022556535 | T15: 0.03 | U15: 0.03 | V15: 0.03
A16: Consumer Prices Index including housing costs (CPIH) forecast | B16: % | H16: 0.017910206 | I16: 0.0085065403 | J16: 0.02588222 | K16: 0.090667456 | L16: 0.073032807 | M16: 0.025301928 | N16: 0.033730369 | O16: 0.023010531 | P16: 0.019685429 | Q16: 0.019764682 | R16: 0.020201725 | S16: 0.019997327 | T16: 0.02 | U16: 0.02 | V16: 0.02
A17: Consumer Prices Index (CPI) forecast | H17: 0.017381044 | I17: 0.0098948702 | J17: 0.025183712 | K17: 0.079220487 | L17: 0.06793967 | M17: 0.032715731 | N17: 0.038830688 | O17: 0.025462143 | P17: 0.02110694 | Q17: 0.020363959 | R17: 0.020944596 | S17: 0.021241236 | T17: 0.019997327 | U17: 0.019997327 | V17: 0.019997327
A19: Price control annual inflation and price indices
A20: Financial year average RPI | B20: index value | D20: =AVERAGEIFS('I2 - Monthly Inflation'!$J:$J,'I2 - Monthly Inflation'!$A:$A,">"&DATE(D$14 - 1, 3, 31),'I2 - Monthly Inflation'!$A:$A,"<"&DATE(D$14, 4, 1)) -> 256.66667 | E20: =AVERAGEIFS('I2 - Monthly Inflation'!$J:$J,'I2 - Monthly Inflation'!$A:$A,">"&DATE(E$14 - 1, 3, 31),'I2 - Monthly Inflation'!$A:$A,"<"&DATE(E$14, 4, 1)) -> 259.43333 | F20: =AVERAGEIFS('I2 - Monthly Inflation'!$J:$J,'I2 - Monthly Inflation'!$A:$A,">"&DATE(F$14 - 1, 3, 31),'I2 - Monthly Inflation'!$A:$A,"<"&DATE(F$14, 4, 1)) -> 264.99167 | G20: =AVERAGEIFS('I2 - Monthly Inflation'!$J:$J,'I2 - Monthly Inflation'!$A:$A,">"&DATE(G$14 - 1, 3, 31),'I2 - Monthly Inflation'!$A:$A,"<"&DATE(G$14, 4, 1)) -> 274.90833 | H20: =AVERAGEIFS('I2 - Monthly Inflation'!$J:$J,'I2 - Monthly Inflation'!$A:$A,">"&DATE(H$14 - 1, 3, 31),'I2 - Monthly Inflation'!$A:$A,"<"&DATE(H$14, 4, 1)) -> 283.30833 | I20: =AVERAGEIFS('I2 - Monthly Inflation'!$J:$J,'I2 - Monthly Inflation'!$A:$A,">"&DATE(I$14 - 1, 3, 31),'I2 - Monthly Inflation'!$A:$A,"<"&DATE(I$14, 4, 1)) -> 290.64167 | J20: =AVERAGEIFS('I2 - Monthly Inflation'!$J:$J,'I2 - Monthly Inflation'!$A:$A,">"&DATE(J$14 - 1, 3, 31),'I2 - Monthly Inflation'!$A:$A,"<"&DATE(J$14, 4, 1)) -> 294.16667 | K20: =AVERAGEIFS('I2 - Monthly Inflation'!$J:$J,'I2 - Monthly Inflation'!$A:$A,">"&DATE(K$14 - 1, 3, 31),'I2 - Monthly Inflation'!$A:$A,"<"&DATE(K$14, 4, 1)) -> 311.15833 | ... V20: =AVERAGEIFS('I2 - Monthly Inflation'!$J:$J,'I2 - Monthly Inflation'!$A:$A,">"&DATE(V$14 - 1, 3, 31),'I2 - Monthly Inflation'!$A:$A,"<"&DATE(V$14, 4, 1)) -> 496.30346
A21: RPI inflation | B21: % | E21: =E20/D20-1 -> 0.010779221 | F21: =F20/E20-1 -> 0.0214249 | G21: =G20/F20-1 -> 0.03742256 | H21: =H20/G20-1 -> 0.03055564 | I21: =I20/H20-1 -> 0.025884637 | J21: =J20/I20-1 -> 0.012128337 | K21: =K20/J20-1 -> 0.05776204 | L21: =L20/K20-1 -> 0.12873939 | ... V21: =V20/U20-1 -> 0.03
A23: Financial year average CPIH | B23: index value | D23: =AVERAGEIFS('I2 - Monthly Inflation'!$I:$I,'I2 - Monthly Inflation'!$A:$A,">"&DATE(D$14 - 1, 3, 31),'I2 - Monthly Inflation'!$A:$A,"<"&DATE(D$14, 4, 1)) -> 99.725 | E23: =AVERAGEIFS('I2 - Monthly Inflation'!$I:$I,'I2 - Monthly Inflation'!$A:$A,">"&DATE(E$14 - 1, 3, 31),'I2 - Monthly Inflation'!$A:$A,"<"&DATE(E$14, 4, 1)) -> 100.16667 | F23: =AVERAGEIFS('I2 - Monthly Inflation'!$I:$I,'I2 - Monthly Inflation'!$A:$A,">"&DATE(F$14 - 1, 3, 31),'I2 - Monthly Inflation'!$A:$A,"<"&DATE(F$14, 4, 1)) -> 101.54167 | G23: =AVERAGEIFS('I2 - Monthly Inflation'!$I:$I,'I2 - Monthly Inflation'!$A:$A,">"&DATE(G$14 - 1, 3, 31),'I2 - Monthly Inflation'!$A:$A,"<"&DATE(G$14, 4, 1)) -> 104.21667 | H23: =AVERAGEIFS('I2 - Monthly Inflation'!$I:$I,'I2 - Monthly Inflation'!$A:$A,">"&DATE(H$14 - 1, 3, 31),'I2 - Monthly Inflation'!$A:$A,"<"&DATE(H$14, 4, 1)) -> 106.43333 | I23: =AVERAGEIFS('I2 - Monthly Inflation'!$I:$I,'I2 - Monthly Inflation'!$A:$A,">"&DATE(I$14 - 1, 3, 31),'I2 - Monthly Inflation'!$A:$A,"<"&DATE(I$14, 4, 1)) -> 108.24167 | J23: =AVERAGEIFS('I2 - Monthly Inflation'!$I:$I,'I2 - Monthly Inflation'!$A:$A,">"&DATE(J$14 - 1, 3, 31),'I2 - Monthly Inflation'!$A:$A,"<"&DATE(J$14, 4, 1)) -> 109.10833 | K23: =AVERAGEIFS('I2 - Monthly Inflation'!$I:$I,'I2 - Monthly Inflation'!$A:$A,">"&DATE(K$14 - 1, 3, 31),'I2 - Monthly Inflation'!$A:$A,"<"&DATE(K$14, 4, 1)) -> 113.11667 | ... V23: =AVERAGEIFS('I2 - Monthly Inflation'!$I:$I,'I2 - Monthly Inflation'!$A:$A,">"&DATE(V$14 - 1, 3, 31),'I2 - Monthly Inflation'!$A:$A,"<"&DATE(V$14, 4, 1)) -> 161.12834
A24: CPIH inflation | B24: % | E24: =E23/D23-1 -> 0.004428846 | F24: =F23/E23-1 -> 0.013727121 | G24: =G23/F23-1 -> 0.026343865 | H24: =H23/G23-1 -> 0.021269791 | I24: =I23/H23-1 -> 0.016990291 | J24: =J23/I23-1 -> 0.008006775 | K24: =K23/J23-1 -> 0.036737188 | L24: =L23/K23-1 -> 0.08774127 | ... V24: =V23/U23-1 -> 0.02
A26: Interest rates input (derived from historic data and forward curves as of 30th April 2025)
A27: LIBOR 1 Month | B27: % nominal | E27: 0.005078175 | F27: 0.0034351165 | G27: 0.0035873464 | H27: 0.0066127083 | I27: 0.0068032335 | J27: 0.00071293557 | K27: 0.0017992043 | L27: 0.016124834 | M27: 0 | N27: 0 | O27: 0 | P27: 0 | Q27: 0 | R27: 0 | S27: 0 | T27: 0 | U27: 0 | V27: 0
A28: LIBOR 3 Month | B28: % nominal | E28: 0.0058068183 | F28: 0.0043909898 | G28: 0.0041095688 | H28: 0.0080087794 | I28: 0.0075744059 | J28: 0.0013609696 | K28: 0.0027350237 | L28: 0.020728228 | M28: 0 | N28: 0 | O28: 0 | P28: 0 | Q28: 0 | R28: 0 | S28: 0 | T28: 0 | U28: 0 | V28: 0
A29: LIBOR 6 Month | B29: % nominal | E29: 0.0073433786 | F29: 0.0058573949 | G29: 0.0052583908 | H29: 0.0091325312 | I29: 0.008273687 | J29: 0.0019395012 | K29: 0.0043624874 | L29: 0.026949648 | M29: 0 | N29: 0 | O29: 0 | P29: 0 | Q29: 0 | R29: 0 | S29: 0 | T29: 0 | U29: 0 | V29: 0
A30: LIBOR 12 Month | B30: % nominal | E30: 0.010276015 | F30: 0.0082560413 | G30: 0.0073098552 | H30: 0.010661026 | I30: 0.0091932189 | J30: 0.0029339933 | K30: 0.0064837597 | L30: 0.030349648 | M30: 0 | N30: 0 | O30: 0 | P30: 0 | Q30: 0 | R30: 0 | S30: 0 | T30: 0 | U30: 0 | V30: 0
A31: SONIA | B31: % nominal | E31: 0.0046020119 | F31: 0.0029717686 | G31: 0.003149008 | H31: 0.0061974704 | I31: 0.0067601102 | J31: 0.00055921739 | K31: 0.0014230988 | L31: 0.022631044 | M31: 0.04971156 | N31: 0.048984854 | O31: 0.040094862 | P31: 0.038717343 | Q31: 0.043496419 | R31: 0.04367598 | S31: 0.043702329 | T31: 0.044538281 | U31: 0.045778736 | V31: 0.047223339

Sheet I2 - Monthly Inflation
A1: =MID(CELL("filename",A1),FIND("]",CELL("filename",A1))+1,256) -> I2 - Monthly Inflation
A2: =Licensee -> NGED-SWALES
A3: =Sector -> ED2
A4: Monthly inflation rates and indices
A5: Month ending | B5: FYE | C5: CPIH Outturn | D5: RPI Outturn | E5: CPI Outturn | F5: CPIH % forecast | G5: RPI % forecast | H5: CPI % forecast | I5: CPIH | J5: RPI | K5: CPI
A6: =EOMONTH(DATE(1999, 4, 1), 0) -> 36280 | B6: =IF(MONTH(A6)>=4,YEAR(A6)+1,YEAR(A6)) -> 2000 | C6: 72.6 | D6: 165.2 | E6: 72.2 | F6: =IF($A6<DATE(2018,7,1),"-",INDEX('I1 - Universal Data'!$E$16:$V$16, MATCH(YEAR(EOMONTH($A6,6)), 'I1 - Universal Data'!$E$14:$V$14, 0))) -> - | G6: =IF($A6<DATE(2018,7,1),"-",INDEX('I1 - Universal Data'!$E$15:$V$15, MATCH(YEAR(EOMONTH($A6,6)), 'I1 - Universal Data'!$E$14:$V$14, 0))) -> - | H6: =IF($A6<DATE(2018,7,1),"-",INDEX('I1 - Universal Data'!$E$17:$V$17, MATCH(YEAR(EOMONTH($A6,6)), 'I1 - Universal Data'!$E$14:$V$14, 0))) -> - | I6: =IF(ISBLANK(C6),I5*((1+F6)^(1/12)),C6) -> 72.6 | J6: =IF(ISBLANK(D6),J5*((1+G6)^(1/12)),D6) -> 165.2 | K6: =IF(ISBLANK(E6),K5*((1+H6)^(1/12)),E6) -> 72.2
A7: =IF(MONTH(A6) = 12, EOMONTH(DATE(YEAR(A6) + 1, 1, 1), 0), EOMONTH(DATE(YEAR(A6), MONTH(A6) + 1, 1), 0)) -> 36311 | B7: =IF(MONTH(A7)>=4,YEAR(A7)+1,YEAR(A7)) -> 2000 | C7: 72.8 | D7: 165.6 | E7: 72.4 | F7: =IF($A7<DATE(2018,7,1),"-",INDEX('I1 - Universal Data'!$E$16:$V$16, MATCH(YEAR(EOMONTH($A7,6)), 'I1 - Universal Data'!$E$14:$V$14, 0))) -> - | G7: =IF($A7<DATE(2018,7,1),"-",INDEX('I1 - Universal Data'!$E$15:$V$15, MATCH(YEAR(EOMONTH($A7,6)), 'I1 - Universal Data'!$E$14:$V$14, 0))) -> - | H7: =IF($A7<DATE(2018,7,1),"-",INDEX('I1 - Universal Data'!$E$17:$V$17, MATCH(YEAR(EOMONTH($A7,6)), 'I1 - Universal Data'!$E$14:$V$14, 0))) -> - | I7: =IF(ISBLANK(C7),I6*((1+F7)^(1/12)),C7) -> 72.8 | J7: =IF(ISBLANK(D7),J6*((1+G7)^(1/12)),D7) -> 165.6 | K7: =IF(ISBLANK(E7),K6*((1+H7)^(1/12)),E7) -> 72.4
A8: =IF(MONTH(A7) = 12, EOMONTH(DATE(YEAR(A7) + 1, 1, 1), 0), EOMONTH(DATE(YEAR(A7), MONTH(A7) + 1, 1), 0)) -> 36341 | B8: =IF(MONTH(A8)>=4,YEAR(A8)+1,YEAR(A8)) -> 2000 | C8: 72.7 | D8: 165.6 | E8: 72.3 | F8: =IF($A8<DATE(2018,7,1),"-",INDEX('I1 - Universal Data'!$E$16:$V$16, MATCH(YEAR(EOMONTH($A8,6)), 'I1 - Universal Data'!$E$14:$V$14, 0))) -> - | G8: =IF($A8<DATE(2018,7,1),"-",INDEX('I1 - Universal Data'!$E$15:$V$15, MATCH(YEAR(EOMONTH($A8,6)), 'I1 - Universal Data'!$E$14:$V$14, 0))) -> - | H8: =IF($A8<DATE(2018,7,1),"-",INDEX('I1 - Universal Data'!$E$17:$V$17, MATCH(YEAR(EOMONTH($A8,6)), 'I1 - Universal Data'!$E$14:$V$14, 0))) -> - | I8: =IF(ISBLANK(C8),I7*((1+F8)^(1/12)),C8) -> 72.7 | J8: =IF(ISBLANK(D8),J7*((1+G8)^(1/12)),D8) -> 165.6 | K8: =IF(ISBLANK(E8),K7*((1+H8)^(1/12)),E8) -> 72.3
A9: =IF(MONTH(A8) = 12, EOMONTH(DATE(YEAR(A8) + 1, 1, 1), 0), EOMONTH(DATE(YEAR(A8), MONTH(A8) + 1, 1), 0)) -> 36372 | B9: =IF(MONTH(A9)>=4,YEAR(A9)+1,YEAR(A9)) -> 2000 | C9: 72.4 | D9: 165.1 | E9: 71.9 | F9: =IF($A9<DATE(2018,7,1),"-",INDEX('I1 - Universal Data'!$E$16:$V$16, MATCH(YEAR(EOMONTH($A9,6)), 'I1 - Universal Data'!$E$14:$V$14, 0))) -> - | G9: =IF($A9<DATE(2018,7,1),"-",INDEX('I1 - Universal Data'!$E$15:$V$15, MATCH(YEAR(EOMONTH($A9,6)), 'I1 - Universal Data'!$E$14:$V$14, 0))) -> - | H9: =IF($A9<DATE(2018,7,1),"-",INDEX('I1 - Universal Data'!$E$17:$V$17, MATCH(YEAR(EOMONTH($A9,6)), 'I1 - Universal Data'!$E$14:$V$14, 0))) -> - | I9: =IF(ISBLANK(C9),I8*((1+F9)^(1/12)),C9) -> 72.4 | J9: =IF(ISBLANK(D9),J8*((1+G9)^(1/12)),D9) -> 165.1 | K9: =IF(ISBLANK(E9),K8*((1+H9)^(1/12)),E9) -> 71.9
A10: =IF(MONTH(A9) = 12, EOMONTH(DATE(YEAR(A9) + 1, 1, 1), 0), EOMONTH(DATE(YEAR(A9), MONTH(A9) + 1, 1), 0)) -> 36403 | B10: =IF(MONTH(A10)>=4,YEAR(A10)+1,YEAR(A10)) -> 2000 | C10: 72.6 | D10: 165.5 | E10: 72.1 | F10: =IF($A10<DATE(2018,7,1),"-",INDEX('I1 - Universal Data'!$E$16:$V$16, MATCH(YEAR(EOMONTH($A10,6)), 'I1 - Universal Data'!$E$14:$V$14, 0))) -> - | G10: =IF($A10<DATE(2018,7,1),"-",INDEX('I1 - Universal Data'!$E$15:$V$15, MATCH(YEAR(EOMONTH($A10,6)), 'I1 - Universal Data'!$E$14:$V$14, 0))) -> - | H10: =IF($A10<DATE(2018,7,1),"-",INDEX('I1 - Universal Data'!$E$17:$V$17, MATCH(YEAR(EOMONTH($A10,6)), 'I1 - Universal Data'!$E$14:$V$14, 0))) -> - | I10: =IF(ISBLANK(C10),I9*((1+F10)^(1/12)),C10) -> 72.6 | J10: =IF(ISBLANK(D10),J9*((1+G10)^(1/12)),D10) -> 165.5 | K10: =IF(ISBLANK(E10),K9*((1+H10)^(1/12)),E10) -> 72.1
A11: =IF(MONTH(A10) = 12, EOMONTH(DATE(YEAR(A10) + 1, 1, 1), 0), EOMONTH(DATE(YEAR(A10), MONTH(A10) + 1, 1), 0)) -> 36433 | B11: =IF(MONTH(A11)>=4,YEAR(A11)+1,YEAR(A11)) -> 2000 | C11: 72.8 | D11: 166.2 | E11: 72.4 | F11: =IF($A11<DATE(2018,7,1),"-",INDEX('I1 - Universal Data'!$E$16:$V$16, MATCH(YEAR(EOMONTH($A11,6)), 'I1 - Universal Data'!$E$14:$V$14, 0))) -> - | G11: =IF($A11<DATE(2018,7,1),"-",INDEX('I1 - Universal Data'!$E$15:$V$15, MATCH(YEAR(EOMONTH($A11,6)), 'I1 - Universal Data'!$E$14:$V$14, 0))) -> - | H11: =IF($A11<DATE(2018,7,1),"-",INDEX('I1 - Universal Data'!$E$17:$V$17, MATCH(YEAR(EOMONTH($A11,6)), 'I1 - Universal Data'!$E$14:$V$14, 0))) -> - | I11: =IF(ISBLANK(C11),I10*((1+F11)^(1/12)),C11) -> 72.8 | J11: =IF(ISBLANK(D11),J10*((1+G11)^(1/12)),D11) -> 166.2 | K11: =IF(ISBLANK(E11),K10*((1+H11)^(1/12)),E11) -> 72.4
A12: =IF(MONTH(A11) = 12, EOMONTH(DATE(YEAR(A11) + 1, 1, 1), 0), EOMONTH(DATE(YEAR(A11), MONTH(A11) + 1, 1), 0)) -> 36464 | B12: =IF(MONTH(A12)>=4,YEAR(A12)+1,YEAR(A12)) -> 2000 | C12: 72.8 | D12: 166.5 | E12: 72.3 | F12: =IF($A12<DATE(2018,7,1),"-",INDEX('I1 - Universal Data'!$E$16:$V$16, MATCH(YEAR(EOMONTH($A12,6)), 'I1 - Universal Data'!$E$14:$V$14, 0))) -> - | G12: =IF($A12<DATE(2018,7,1),"-",INDEX('I1 - Universal Data'!$E$15:$V$15, MATCH(YEAR(EOMONTH($A12,6)), 'I1 - Universal Data'!$E$14:$V$14, 0))) -> - | H12: =IF($A12<DATE(2018,7,1),"-",INDEX('I1 - Universal Data'!$E$17:$V$17, MATCH(YEAR(EOMONTH($A12,6)), 'I1 - Universal Data'!$E$14:$V$14, 0))) -> - | I12: =IF(ISBLANK(C12),I11*((1+F12)^(1/12)),C12) -> 72.8 | J12: =IF(ISBLANK(D12),J11*((1+G12)^(1/12)),D12) -> 166.5 | K12: =IF(ISBLANK(E12),K11*((1+H12)^(1/12)),E12) -> 72.3
A13: =IF(MONTH(A12) = 12, EOMONTH(DATE(YEAR(A12) + 1, 1, 1), 0), EOMONTH(DATE(YEAR(A12), MONTH(A12) + 1, 1), 0)) -> 36494 | B13: =IF(MONTH(A13)>=4,YEAR(A13)+1,YEAR(A13)) -> 2000 | C13: 72.9 | D13: 166.7 | E13: 72.4 | F13: =IF($A13<DATE(2018,7,1),"-",INDEX('I1 - Universal Data'!$E$16:$V$16, MATCH(YEAR(EOMONTH($A13,6)), 'I1 - Universal Data'!$E$14:$V$14, 0))) -> - | G13: =IF($A13<DATE(2018,7,1),"-",INDEX('I1 - Universal Data'!$E$15:$V$15, MATCH(YEAR(EOMONTH($A13,6)), 'I1 - Universal Data'!$E$14:$V$14, 0))) -> - | H13: =IF($A13<DATE(2018,7,1),"-",INDEX('I1 - Universal Data'!$E$17:$V$17, MATCH(YEAR(EOMONTH($A13,6)), 'I1 - Universal Data'!$E$14:$V$14, 0))) -> - | I13: =IF(ISBLANK(C13),I12*((1+F13)^(1/12)),C13) -> 72.9 | J13: =IF(ISBLANK(D13),J12*((1+G13)^(1/12)),D13) -> 166.7 | K13: =IF(ISBLANK(E13),K12*((1+H13)^(1/12)),E13) -> 72.4
A14: =IF(MONTH(A13) = 12, EOMONTH(DATE(YEAR(A13) + 1, 1, 1), 0), EOMONTH(DATE(YEAR(A13), MONTH(A13) + 1, 1), 0)) -> 36525 | B14: =IF(MONTH(A14)>=4,YEAR(A14)+1,YEAR(A14)) -> 2000 | C14: 73.1 | D14: 167.3 | E14: 72.6 | F14: =IF($A14<DATE(2018,7,1),"-",INDEX('I1 - Universal Data'!$E$16:$V$16, MATCH(YEAR(EOMONTH($A14,6)), 'I1 - Universal Data'!$E$14:$V$14, 0))) -> - | G14: =IF($A14<DATE(2018,7,1),"-",INDEX('I1 - Universal Data'!$E$15:$V$15, MATCH(YEAR(EOMONTH($A14,6)), 'I1 - Universal Data'!$E$14:$V$14, 0))) -> - | H14: =IF($A14<DATE(2018,7,1),"-",INDEX('I1 - Universal Data'!$E$17:$V$17, MATCH(YEAR(EOMONTH($A14,6)), 'I1 - Universal Data'!$E$14:$V$14, 0))) -> - | I14: =IF(ISBLANK(C14),I13*((1+F14)^(1/12)),C14) -> 73.1 | J14: =IF(ISBLANK(D14),J13*((1+G14)^(1/12)),D14) -> 167.3 | K14: =IF(ISBLANK(E14),K13*((1+H14)^(1/12)),E14) -> 72.6
